Workbook
Name Бюджет: 'Исполнение бюджета'!$A$2:$AA$86
Name Бюджет: Бюджет!$A$3:$O$70

Sheet Бюджет
A1: приложение 1-1
A2: Финансовый план (бюджет) НП "Зеленый мыс" на 2025 год
A3: № / КОД | B3: Наименование статьи | C3: 2025 | D3: Помесячно в руб.:
D4: Январь | E4: Февраль | F4: Март | G4: Апрель | H4: Май | I4: Июнь | J4: Июль | K4: Август | L4: Сентябрь | M4: Октябрь | N4: Ноябрь | O4: Декабрь
A6: 1 | B6: СТАТЬИ ПОСТУПЛЕНИЙ
A7: 1-000 | B7: Остаток денежных средств на 01.01.2025 г. (входящее сальдо) | C7: ='1-000'!C12 -> 4000000
A8: 1-001 | B8: Депозит | C8: 12000000
A9: 1-002 | B9: Ежемесячные членские взносы исходя из 100% плана | C9: =SUM(D9:O9) -> 66600000 | D9: ='1-002'!L7 -> 5550000 | E9: ='1-002'!L7 -> 5550000 | F9: ='1-002'!L7 -> 5550000 | G9: ='1-002'!L7 -> 5550000 | H9: ='1-002'!L7 -> 5550000 | I9: ='1-002'!L7 -> 5550000 | J9: ='1-002'!L7 -> 5550000 | K9: ='1-002'!L7 -> 5550000 | L9: ='1-002'!L7 -> 5550000 | M9: ='1-002'!L7 -> 5550000 | N9: ='1-002'!L7 -> 5550000 | O9: ='1-002'!L7 -> 5550000
A10: 1-0021 | B10: Доходы от реализации холодной воды | C10: =SUM(D10:O10) -> 3350000 | D10: ='1-0021'!A8 -> 210000 | E10: ='1-0021'!B8 -> 240000 | F10: ='1-0021'!C8 -> 200000 | G10: ='1-0021'!D8 -> 230000 | H10: ='1-0021'!E8 -> 350000 | I10: ='1-0021'!F8 -> 360000 | J10: ='1-0021'!G8 -> 400000 | K10: ='1-0021'!H8 -> 320000 | ... O10: ='1-0021'!L8 -> 220000
A11: 1-003 | B11: Собираемость, % | C11: ='1-003'!G9 -> 0.96 | D11: ='1-003'!G9 -> 0.96 | E11: ='1-003'!G9 -> 0.96 | F11: ='1-003'!G9 -> 0.96 | G11: ='1-003'!G9 -> 0.96 | H11: ='1-003'!G9 -> 0.96 | I11: ='1-003'!G9 -> 0.96 | J11: ='1-003'!G9 -> 0.96 | K11: ='1-003'!G9 -> 0.96 | L11: ='1-003'!G9 -> 0.96 | M11: ='1-003'!G9 -> 0.96 | N11: ='1-003'!G9 -> 0.96 | O11: ='1-003'!G9 -> 0.96
A12: 1-004 | B12: Фактическое поступление ежемесячных членских взносов и коммунальных платежей за ХВС | C12: =SUM(D12:O12) -> 67152000 | D12: ='1-004'!B10 -> 5529600 | E12: ='1-004'!C10 -> 5558400 | F12: ='1-004'!D10 -> 5520000 | G12: ='1-004'!E10 -> 5548800 | H12: ='1-004'!F10 -> 5664000 | I12: ='1-004'!G10 -> 5673600 | J12: ='1-004'!H10 -> 5712000 | K12: ='1-004'!I10 -> 5635200 | ... O12: ='1-004'!M10 -> 5539200
A13: 1-005 | B13: Проценты по займам и вкладам (депозитам) | C13: =SUM(D13:O13) -> 1040000 | D13: ='1-005'!G13 -> 160000 | E13: ='1-005'!H13 -> 146666.67 | F13: ='1-005'!I13 -> 133333.33 | G13: ='1-005'!J13 -> 120000 | H13: ='1-005'!K13 -> 106666.67 | I13: ='1-005'!L13 -> 93333.333 | J13: ='1-005'!M13 -> 80000 | K13: ='1-005'!N13 -> 66666.667 | ... O13: ='1-005'!R13 -> 13333.333
A14: 1-006 | B14: Поступления от коммерческой деятельности | C14: =SUM(D14:O14) -> 17042000 | D14: ='1-006'!B17 -> 1403500 | E14: ='1-006'!B17 -> 1403500 | F14: ='1-006'!B17 -> 1403500 | G14: ='1-006'!B17+'1-006'!C17/4 -> 1453500 | H14: ='1-006'!B17+'1-006'!C17/4 -> 1453500 | I14: ='1-006'!B17 -> 1403500 | J14: ='1-006'!B17 -> 1403500 | K14: ='1-006'!B17 -> 1403500 | L14: ='1-006'!B17 -> 1403500 | M14: ='1-006'!B17+'1-006'!C17/4 -> 1453500 | N14: ='1-006'!B17+'1-006'!C17/4 -> 1453500 | O14: ='1-006'!B17 -> 1403500
B15: Итого поступлений: | C15: =SUM(C12:C14) -> 85234000 | D15: =SUM(D12:D14) -> 7093100 | E15: =SUM(E12:E14) -> 7108566.7 | F15: =SUM(F12:F14) -> 7056833.3 | G15: =SUM(G12:G14) -> 7122300 | H15: =SUM(H12:H14) -> 7224166.7 | I15: =SUM(I12:I14) -> 7170433.3 | J15: =SUM(J12:J14) -> 7195500 | ... O15: =SUM(O12:O14) -> 6956033.3
B16: ВСЕГО с учетом входящего сальдо на 01.01.2025 года и депозита | C16: =SUM(C15+C7+C8) -> 101234000
A17: 2 | B17: СТАТЬИ РАСХОДОВ
A18: 2-001 | B18: Расходы НП "Зеленый Мыс" | C18: =SUM(D18:O18) -> 1.012251e+08 | D18: =SUM(D19,D33,D37,D40,D48,D53,D58,D61,D62,D63,D68) -> 11080952 | E18: =SUM(E19,E33,E37,E40,E48,E53,E58,E61,E62,E63,E68) -> 8056011.8 | F18: =SUM(F19,F33,F37,F40,F48,F53,F58,F61,F62,F63,F68) -> 8707211.8 | G18: =SUM(G19,G33,G37,G40,G48,G53,G58,G61,G62,G63,G68) -> 8187151.8 | H18: =SUM(H19,H33,H37,H40,H48,H53,H58,H61,H62,H63,H68) -> 8165381.1 | I18: =SUM(I19,I33,I37,I40,I48,I53,I58,I61,I62,I63,I68) -> 8278341.1 | J18: =SUM(J19,J33,J37,J40,J48,J53,J58,J61,J62,J63,J68) -> 8224981.1 | K18: =SUM(K19,K33,K37,K40,K48,K53,K58,K61,K62,K63,K68) -> 7684281.1 | ... O18: =SUM(O19,O33,O37,O40,O48,O53,O58,O61,O62,O63,O68) -> 7912581.1
B19: ='2-001'!A3 -> Расходы на содержание УК | C19: =SUM(D19:O19) -> 58033096 | D19: =SUM(D20:D32) -> 5214951.8 | E19: =SUM(E20:E32) -> 5031511.8 | F19: =SUM(F20:F32) -> 4910211.8 | G19: =SUM(G20:G32) -> 4842151.8 | H19: =SUM(H20:H32) -> 4726381.1 | I19: =SUM(I20:I32) -> 4669341.1 | J19: =SUM(J20:J32) -> 4814981.1 | K19: =SUM(K20:K32) -> 4660281.1 | ... O19: =SUM(O20:O32) -> 4922581.1
A20: 2-0011 | B20: Фонд оплаты труда | C20: =SUM(D20:O20) -> 38426140 | D20: ='2-0011'!B7 -> 3515345 | E20: ='2-0011'!C7 -> 3295345 | F20: ='2-0011'!D7 -> 3145345 | G20: ='2-0011'!E7 -> 3115345 | H20: ='2-0011'!F7 -> 3205345 | I20: ='2-0011'!G7 -> 3189345 | J20: ='2-0011'!H7 -> 3159345 | K20: ='2-0011'!I7 -> 3159345 | ... O20: ='2-0011'!M7 -> 3265345
A21: 2-0011'!A1 | B21: Страховые взносы с ФОТ | C21: =SUM(D21:O21) -> 11536152 | D21: ='2-0011'!B60 -> 1060251 | E21: ='2-0011'!C60 -> 993811.03 | F21: ='2-0011'!D60 -> 948511.03 | G21: ='2-0011'!E60 -> 939451.03 | H21: ='2-0011'!F60 -> 954551.03 | I21: ='2-0011'!G60 -> 948511.03 | J21: ='2-0011'!H60 -> 939451.03 | K21: ='2-0011'!I60 -> 939451.03 | ... O21: ='2-0011'!M60 -> 984751.03
A22: 2-0013 | B22: ='2-0013'!A8 -> Консультационные и информационные услуги | C22: =SUM(D22:O22) -> 242500 | D22: ='2-0013'!C8 -> 0 | E22: ='2-0013'!D8 -> 145000 | F22: ='2-0013'!E8 -> 0 | G22: ='2-0013'!F8 -> 0 | H22: ='2-0013'!G8 -> 0 | I22: ='2-0013'!H8 -> 0 | J22: ='2-0013'!I8 -> 13700 | K22: ='2-0013'!J8 -> 55000 | ... O22: ='2-0013'!N8 -> 21000
A23: 2-0014 | B23: ='2-0014'!A5 -> Обслуживание компьютерного оборудования | C23: =SUM(D23:O23) -> 672000 | D23: ='2-0014'!C5 -> 62000 | E23: ='2-0014'!D5 -> 50000 | F23: ='2-0014'!E5 -> 62000 | G23: ='2-0014'!F5 -> 50000 | H23: ='2-0014'!G5 -> 62000 | I23: ='2-0014'!H5 -> 50000 | J23: ='2-0014'!I5 -> 62000 | K23: ='2-0014'!J5 -> 50000 | ... O23: ='2-0014'!N5 -> 50000
A24: 2-0015 | B24: ='2-0015'!A5 -> Хозяйственные расходы (канцтовары, хозтовары, ремонт помещений) | C24: =SUM(D24:O24) -> 180000 | D24: ='2-0015'!C5 -> 15000 | E24: ='2-0015'!D5 -> 15000 | F24: ='2-0015'!E5 -> 15000 | G24: ='2-0015'!F5 -> 15000 | H24: ='2-0015'!G5 -> 15000 | I24: ='2-0015'!H5 -> 15000 | J24: ='2-0015'!I5 -> 15000 | K24: ='2-0015'!J5 -> 15000 | ... O24: ='2-0015'!N5 -> 15000
A25: 2-0016 | B25: ='2-0016'!A9 -> Аренда помещений | C25: =SUM(D25:O25) -> 2676247.1 | D25: ='2-0016'!C9 -> 216924.38 | E25: ='2-0016'!D9 -> 216924.38 | F25: ='2-0016'!E9 -> 216924.38 | G25: ='2-0016'!F9 -> 216924.38 | H25: ='2-0016'!G9 -> 226068.7 | I25: ='2-0016'!H9 -> 226068.7 | J25: ='2-0016'!I9 -> 226068.7 | K25: ='2-0016'!J9 -> 226068.7 | ... O25: ='2-0016'!N9 -> 226068.7
A26: 2-0017 | B26: ='2-0017'!A7 -> Коммунальные расходы | C26: =SUM(D26:O26) -> 1258772 | D26: ='2-0017'!C7 -> 155731 | E26: ='2-0017'!D7 -> 135731 | F26: ='2-0017'!E7 -> 135731 | G26: ='2-0017'!F7 -> 125731 | H26: ='2-0017'!G7 -> 95731 | I26: ='2-0017'!H7 -> 32731 | J26: ='2-0017'!I7 -> 31731 | K26: ='2-0017'!J7 -> 32731 | ... O26: ='2-0017'!N7 -> 155731
A27: 2-0018 | B27: ='2-0018'!A6 -> Услуги связи, интернет и почтовые услуги | C27: =SUM(D27:O27) -> 180000 | D27: ='2-0018'!C6 -> 15000 | E27: ='2-0018'!D6 -> 15000 | F27: ='2-0018'!E6 -> 15000 | G27: ='2-0018'!F6 -> 15000 | H27: ='2-0018'!G6 -> 15000 | I27: ='2-0018'!H6 -> 15000 | J27: ='2-0018'!I6 -> 15000 | K27: ='2-0018'!J6 -> 15000 | ... O27: ='2-0018'!N6 -> 15000
A28: 2-0019 | B28: ='2-0019'!A7 -> Услуги банков | C28: =SUM(D28:O28) -> 840000 | D28: ='2-0019'!C7 -> 70000 | E28: ='2-0019'!D7 -> 70000 | F28: ='2-0019'!E7 -> 70000 | G28: ='2-0019'!F7 -> 70000 | H28: ='2-0019'!G7 -> 70000 | I28: ='2-0019'!H7 -> 70000 | J28: ='2-0019'!I7 -> 70000 | K28: ='2-0019'!J7 -> 70000 | ... O28: ='2-0019'!N7 -> 70000
A29: 2-0021 | B29: ='2-0021'!A8 -> Расходы на программное обеспечение | C29: =SUM(D29:O29) -> 331000 | D29: ='2-0021'!C8 -> 40000 | E29: ='2-0021'!D8 -> 15000 | F29: ='2-0021'!E8 -> 37000 | G29: ='2-0021'!F8 -> 15000 | H29: ='2-0021'!G8 -> 15000 | I29: ='2-0021'!H8 -> 40000 | J29: ='2-0021'!I8 -> 15000 | K29: ='2-0021'!J8 -> 15000 | ... O29: ='2-0021'!N8 -> 37000
A30: 2-0022 | B30: ='2-0022'!A7 -> Юридические услуги | C30: =SUM(D30:O30) -> 150000 | D30: ='2-0022'!C7 -> 5000 | E30: ='2-0022'!D7 -> 20000 | F30: ='2-0022'!E7 -> 5000 | G30: ='2-0022'!F7 -> 20000 | H30: ='2-0022'!G7 -> 5000 | I30: ='2-0022'!H7 -> 20000 | J30: ='2-0022'!I7 -> 5000 | K30: ='2-0022'!J7 -> 20000 | ... O30: ='2-0022'!N7 -> 20000
A31: 2-0024 | B31: ='2-0024'!A6 -> Налог УСН | C31: =SUM(D31:O31) -> 800000 | D31: ='2-0024'!C6 -> 0 | E31: ='2-0024'!D6 -> 0 | F31: ='2-0024'!E6 -> 200000 | G31: ='2-0024'!F6 -> 200000 | H31: ='2-0024'!G6 -> 0 | I31: ='2-0024'!H6 -> 0 | J31: ='2-0024'!I6 -> 200000 | K31: ='2-0024'!J6 -> 0 | ... O31: ='2-0024'!N6 -> 0
A32: 2-0025 | B32: ='2-0025'!A6 -> Аренда земельного участка | C32: =SUM(D32:O32) -> 740284.72 | D32: ='2-0025'!C6 -> 59700.38 | E32: ='2-0025'!D6 -> 59700.38 | F32: ='2-0025'!E6 -> 59700.38 | G32: ='2-0025'!F6 -> 59700.38 | H32: ='2-0025'!G6 -> 62685.4 | I32: ='2-0025'!H6 -> 62685.4 | J32: ='2-0025'!I6 -> 62685.4 | K32: ='2-0025'!J6 -> 62685.4 | ... O32: ='2-0025'!N6 -> 62685.4
B33: ='2-001'!A20 -> Транспорт | C33: =SUM(D33:O33) -> 2676500 | D33: =SUM(D34:D36) -> 296000 | E33: =SUM(E34:E36) -> 287500 | F33: =SUM(F34:F36) -> 285000 | G33: =SUM(G34:G36) -> 316000 | H33: =SUM(H34:H36) -> 180000 | I33: =SUM(I34:I36) -> 100000 | J33: =SUM(J34:J36) -> 226000 | K33: =SUM(K34:K36) -> 100000 | ... O33: =SUM(O34:O36) -> 280000
A34: 2-0027 | B34: ='2-0027'!A4 -> ГСМ для ТС | C34: =SUM(D34:O34) -> 1770000 | D34: ='2-0027'!C4 -> 240000 | E34: ='2-0027'!D4 -> 240000 | F34: ='2-0027'!E4 -> 240000 | G34: ='2-0027'!F4 -> 170000 | H34: ='2-0027'!G4 -> 60000 | I34: ='2-0027'!H4 -> 60000 | J34: ='2-0027'!I4 -> 170000 | K34: ='2-0027'!J4 -> 60000 | ... O34: ='2-0027'!N4 -> 240000
A35: 2-0030 | B35: ='2-0030'!A3 -> Страхование ТС, транспортный налог | C35: =SUM(D35:O35) -> 106500 | D35: ='2-0030'!C3 -> 16000 | E35: ='2-0030'!D3 -> 7500 | F35: ='2-0030'!E3 -> 5000 | G35: ='2-0030'!F3 -> 26000 | H35: ='2-0030'!G3 -> 0 | I35: ='2-0030'!H3 -> 0 | J35: ='2-0030'!I3 -> 16000 | K35: ='2-0030'!J3 -> 0 | ... O35: ='2-0030'!N3 -> 0
A36: 2-0031 | B36: ='2-0031'!A3 -> Техническое обслуживание ТС и мототехники ( ремонты, запчасти ) | C36: =SUM(D36:O36) -> 800000 | D36: ='2-0031'!C3 -> 40000 | E36: ='2-0031'!D3 -> 40000 | F36: ='2-0031'!E3 -> 40000 | G36: ='2-0031'!F3 -> 120000 | H36: ='2-0031'!G3 -> 120000 | I36: ='2-0031'!H3 -> 40000 | J36: ='2-0031'!I3 -> 40000 | K36: ='2-0031'!J3 -> 40000 | ... O36: ='2-0031'!N3 -> 40000
B37: ='2-001'!A27 -> Обслуживание дорог | C37: =SUM(D37:O37) -> 130000 | D37: =SUM(D38:D39) -> 40000 | E37: =SUM(E38:E39) -> 0 | F37: =SUM(F38:F39) -> 0 | G37: =SUM(G38:G39) -> 0 | H37: =SUM(H38:H39) -> 50000 | I37: =SUM(I38:I39) -> 0 | J37: =SUM(J38:J39) -> 0 | K37: =SUM(K38:K39) -> 0 | ... O37: =SUM(O38:O39) -> 0
A38: 2-0033 | B38: ='2-0033'!A3 -> Ремонт дорожных покрытий | C38: =SUM(D38:O38) -> 50000 | D38: ='2-0033'!C3 -> 0 | E38: ='2-0033'!D3 -> 0 | F38: ='2-0033'!E3 -> 0 | G38: ='2-0033'!F3 -> 0 | H38: ='2-0033'!G3 -> 50000 | I38: ='2-0033'!H3 -> 0 | J38: ='2-0033'!I3 -> 0 | K38: ='2-0033'!J3 -> 0 | ... O38: ='2-0033'!N3 -> 0
A39: 2-0035 | B39: ='2-0035'!A3 -> Песок, гранитная крошка, реагенты | C39: =SUM(D39:O39) -> 80000 | D39: 40000 | E39: ='2-0035'!D3 -> 0 | F39: ='2-0035'!E3 -> 0 | G39: ='2-0035'!F3 -> 0 | H39: ='2-0035'!G3 -> 0 | I39: ='2-0035'!H3 -> 0 | J39: ='2-0035'!I3 -> 0 | K39: ='2-0035'!J3 -> 0 | L39: ='2-0035'!K3 -> 0 | M39: ='2-0035'!L3 -> 0 | N39: 40000
B40: ='2-001'!A31 -> Благоустройство/озеленение | C40: =SUM(D40:O40) -> 10984000 | D40: =SUM(D41:D47) -> 2590000 | E40: =SUM(E41:E47) -> 555000 | F40: =SUM(F41:F47) -> 505000 | G40: =SUM(G41:G47) -> 849000 | H40: =SUM(H41:H47) -> 884000 | I40: =SUM(I41:I47) -> 849000 | J40: =SUM(J41:J47) -> 884000 | K40: =SUM(K41:K47) -> 849000 | ... O40: =SUM(O41:O47) -> 555000
A41: 2-0036 | B41: ='2-0036'!A3 -> Устройство, ремонт детских, спортивных площадок. | C41: =SUM(D41:O41) -> 0 | D41: ='2-0036'!C3 -> 0 | E41: ='2-0036'!D3 -> 0 | F41: ='2-0036'!E3 -> 0 | G41: ='2-0036'!F3 -> 0 | H41: ='2-0036'!G3 -> 0 | I41: ='2-0036'!H3 -> 0 | J41: ='2-0036'!I3 -> 0 | K41: ='2-0036'!J3 -> 0 | ... O41: ='2-0036'!N3 -> 0
A42: 2-0037 | B42: ='2-0037'!A3 -> Восстановление цветников, газонов (в т.ч. обслуживание) озеленение. | C42: =SUM(D42:O42) -> 560000 | D42: ='2-0037'!C3 -> 0 | E42: ='2-0037'!D3 -> 0 | F42: ='2-0037'!E3 -> 0 | G42: ='2-0037'!F3 -> 70000 | H42: ='2-0037'!G3 -> 70000 | I42: ='2-0037'!H3 -> 70000 | J42: ='2-0037'!I3 -> 70000 | K42: ='2-0037'!J3 -> 70000 | ... O42: ='2-0037'!N3 -> 0
A43: 2-0039 | B43: ='2-0039'!A3 -> Прочие расходы по благоустройству | C43: =SUM(D43:O43) -> 210000 | D43: ='2-0039'!C3 -> 35000 | E43: ='2-0039'!D3 -> 0 | F43: ='2-0039'!E3 -> 35000 | G43: ='2-0039'!F3 -> 0 | H43: ='2-0039'!G3 -> 35000 | I43: ='2-0039'!H3 -> 0 | J43: ='2-0039'!I3 -> 35000 | K43: ='2-0039'!J3 -> 0 | ... O43: ='2-0039'!N3 -> 0
A44: 2-0042 | B44: ='2-0042'!A3 -> Вывоз мусора (фиксированная часть) | C44: =SUM(D44:O44) -> 3840000 | D44: ='2-0042'!C3 -> 320000 | E44: ='2-0042'!D3 -> 320000 | F44: ='2-0042'!E3 -> 320000 | G44: ='2-0042'!F3 -> 320000 | H44: ='2-0042'!G3 -> 320000 | I44: ='2-0042'!H3 -> 320000 | J44: ='2-0042'!I3 -> 320000 | K44: ='2-0042'!J3 -> 320000 | ... O44: ='2-0042'!N3 -> 320000
A45: 2-0043 | B45: ='2-0043'!A3 -> Вывоз мусора (переменная часть) | C45: =SUM(D45:O45) -> 2964000 | D45: ='2-0043'!C3 -> 100000 | E45: ='2-0043'!D3 -> 100000 | F45: ='2-0043'!E3 -> 120000 | G45: ='2-0043'!F3 -> 324000 | H45: ='2-0043'!G3 -> 324000 | I45: ='2-0043'!H3 -> 324000 | J45: ='2-0043'!I3 -> 324000 | K45: ='2-0043'!J3 -> 324000 | ... O45: ='2-0043'!N3 -> 100000
A46: 2-0044 | B46: ='2-0044'!A3 -> Покупка мусорных мешков | C46: =SUM(D46:O46) -> 1050000 | D46: ='2-0044'!C3 -> 105000 | E46: ='2-0044'!D3 -> 105000 | F46: ='2-0044'!E3 -> 0 | G46: ='2-0044'!F3 -> 105000 | H46: ='2-0044'!G3 -> 105000 | I46: ='2-0044'!H3 -> 105000 | J46: ='2-0044'!I3 -> 105000 | K46: ='2-0044'!J3 -> 105000 | ... O46: ='2-0044'!N3 -> 105000
A47: 2-0046 | B47: ='2-0046'!A3 -> Содержание прибрежной полосы( аренда, лицензия, проект) | C47: =SUM(D47:O47) -> 2360000 | D47: ='2-0046'!C3 -> 2030000 | E47: ='2-0046'!D3 -> 30000 | F47: ='2-0046'!E3 -> 30000 | G47: ='2-0046'!F3 -> 30000 | H47: ='2-0046'!G3 -> 30000 | I47: ='2-0046'!H3 -> 30000 | J47: ='2-0046'!I3 -> 30000 | K47: ='2-0046'!J3 -> 30000 | ... O47: ='2-0046'!N3 -> 30000
B48: ='2-001'!A44 -> Охрана ЧОП | C48: =SUM(D48:O48) -> 23220000 | D48: =SUM(D49:D52) -> 1935000 | E48: =SUM(E49:E52) -> 1935000 | F48: =SUM(F49:F52) -> 1935000 | G48: =SUM(G49:G52) -> 1935000 | H48: =SUM(H49:H52) -> 1935000 | I48: =SUM(I49:I52) -> 1935000 | J48: =SUM(J49:J52) -> 1935000 | K48: =SUM(K49:K52) -> 1935000 | ... O48: =SUM(O49:O52) -> 1935000
A49: 2-0048 | B49: ='2-0048'!A3 -> Договор на охрану поселка | C49: =SUM(D49:O49) -> 22800000 | D49: ='2-0048'!C3 -> 1900000 | E49: ='2-0048'!D3 -> 1900000 | F49: ='2-0048'!E3 -> 1900000 | G49: ='2-0048'!F3 -> 1900000 | H49: ='2-0048'!G3 -> 1900000 | I49: ='2-0048'!H3 -> 1900000 | J49: ='2-0048'!I3 -> 1900000 | K49: ='2-0048'!J3 -> 1900000 | ... O49: ='2-0048'!N3 -> 1900000
A50: 2-0049 | B50: ='2-0049'!A3 -> Обслуживание и ремонт КПП | C50: =SUM(D50:O50) -> 90000 | D50: ='2-0049'!C3 -> 15000 | E50: ='2-0049'!D3 -> 0 | F50: ='2-0049'!E3 -> 15000 | G50: ='2-0049'!F3 -> 0 | H50: ='2-0049'!G3 -> 15000 | I50: ='2-0049'!H3 -> 0 | J50: ='2-0049'!I3 -> 15000 | K50: ='2-0049'!J3 -> 0 | ... O50: ='2-0049'!N3 -> 0
A51: 2-0051 | B51: ='2-0051'!A3 -> Обслуживание камер системы видеонаблюдения (покупка и ремонт камер, ПО и сервер, работы) | C51: =SUM(D51:O51) -> 90000 | D51: ='2-0051'!C3 -> 0 | E51: ='2-0051'!D3 -> 15000 | F51: ='2-0051'!E3 -> 0 | G51: ='2-0051'!F3 -> 15000 | H51: ='2-0051'!G3 -> 0 | I51: ='2-0051'!H3 -> 15000 | J51: ='2-0051'!I3 -> 0 | K51: ='2-0051'!J3 -> 15000 | ... O51: ='2-0051'!N3 -> 15000
A52: 2-0053 | B52: ='2-0053'!A3 -> Обслуживание ОПС (Ремонты, ТО ) | C52: =SUM(D52:O52) -> 240000 | D52: ='2-0053'!C3 -> 20000 | E52: ='2-0053'!D3 -> 20000 | F52: ='2-0053'!E3 -> 20000 | G52: ='2-0053'!F3 -> 20000 | H52: ='2-0053'!G3 -> 20000 | I52: ='2-0053'!H3 -> 20000 | J52: ='2-0053'!I3 -> 20000 | K52: ='2-0053'!J3 -> 20000 | ... O52: ='2-0053'!N3 -> 20000
B53: ='2-001'!A51 -> Затраты на обслуживание сетей (работы, услуги, материалы (кроме ВЗУ)) | C53: =SUM(D53:O53) -> 615000 | D53: =SUM(D54:D57) -> 70000 | E53: =SUM(E54:E57) -> 35000 | F53: =SUM(F54:F57) -> 20000 | G53: =SUM(G54:G57) -> 60000 | H53: =SUM(H54:H57) -> 85000 | I53: =SUM(I54:I57) -> 0 | J53: =SUM(J54:J57) -> 55000 | K53: =SUM(K54:K57) -> 35000 | ... O53: =SUM(O54:O57) -> 15000
A54: 2-0054 | B54: ='2-0054'!A3 -> Обслуживание сетей Хозяйтсвенно-бытовой канализации (Модернизация, ремонты, ТО) | C54: =SUM(D54:O54) -> 380000 | D54: ='2-0054'!C3 -> 40000 | E54: ='2-0054'!D3 -> 20000 | F54: ='2-0054'!E3 -> 20000 | G54: ='2-0054'!F3 -> 20000 | H54: ='2-0054'!G3 -> 40000 | I54: ='2-0054'!H3 -> 0 | J54: ='2-0054'!I3 -> 40000 | K54: ='2-0054'!J3 -> 20000 | ... O54: ='2-0054'!N3 -> 0
A55: 2-0055 | B55: ='2-0055'!A3 -> Обслуживание сетей пож.водопровода (Модернизация, Ремонты, ТО, документация) | C55: =SUM(D55:O55) -> 60000 | D55: ='2-0055'!C3 -> 0 | E55: ='2-0055'!D3 -> 0 | F55: ='2-0055'!E3 -> 0 | G55: ='2-0055'!F3 -> 0 | H55: ='2-0055'!G3 -> 30000 | I55: ='2-0055'!H3 -> 0 | J55: ='2-0055'!I3 -> 0 | K55: ='2-0055'!J3 -> 0 | ... O55: ='2-0055'!N3 -> 0
A56: 2-0056 | B56: ='2-0056'!A3 -> Расходные материалы (инструменты, расходные материалы) | C56: =SUM(D56:O56) -> 135000 | D56: ='2-0056'!C3 -> 30000 | E56: ='2-0056'!D3 -> 15000 | F56: ='2-0056'!E3 -> 0 | G56: ='2-0056'!F3 -> 0 | H56: ='2-0056'!G3 -> 15000 | I56: ='2-0056'!H3 -> 0 | J56: ='2-0056'!I3 -> 15000 | K56: ='2-0056'!J3 -> 15000 | ... O56: ='2-0056'!N3 -> 15000
A57: 2-0057 | B57: ='2-001'!A55 -> Обслуживание ЛОСов (Ремонты, ТО) | C57: =SUM(D57:O57) -> 40000 | D57: ='2-0057'!C3 -> 0 | E57: ='2-0057'!D3 -> 0 | F57: ='2-0057'!E3 -> 0 | G57: ='2-0057'!F3 -> 40000 | H57: ='2-0057'!G3 -> 0 | I57: ='2-0057'!H3 -> 0 | J57: ='2-0057'!I3 -> 0 | K57: ='2-0057'!J3 -> 0 | ... O57: ='2-0057'!N3 -> 0
B58: ='2-001'!A56 -> Электрохозяйство | C58: =SUM(D58:O58) -> 400000 | D58: =SUM(D59:D60) -> 45000 | E58: =SUM(E59:E60) -> 15000 | F58: =SUM(F59:F60) -> 115000 | G58: =SUM(G59:G60) -> 55000 | H58: =SUM(H59:H60) -> 50000 | I58: =SUM(I59:I60) -> 0 | J58: =SUM(J59:J60) -> 30000 | K58: =SUM(K59:K60) -> 15000 | ... O58: =SUM(O59:O60) -> 15000
A59: 2-0058 | B59: ='2-0058'!A3 -> Электрохозяйство (Аварийный ремонт, модернизация инженерных сооружений) | C59: =SUM(D59:O59) -> 300000 | D59: ='2-0058'!C3 -> 45000 | E59: ='2-0058'!D3 -> 15000 | F59: ='2-0058'!E3 -> 15000 | G59: ='2-0058'!F3 -> 55000 | H59: ='2-0058'!G3 -> 50000 | I59: ='2-0058'!H3 -> 0 | J59: ='2-0058'!I3 -> 30000 | K59: ='2-0058'!J3 -> 15000 | ... O59: ='2-0058'!N3 -> 15000
A60: 2-0061 | B60: ='2-0061'!A3 -> Мероприятия по переаттестации ( электробезопасность, работа на высоте, работник люльки) | C60: =SUM(D60:O60) -> 100000 | D60: ='2-0061'!C3 -> 0 | E60: ='2-0061'!D3 -> 0 | F60: ='2-0061'!E3 -> 100000 | G60: ='2-0061'!F3 -> 0 | H60: ='2-0061'!G3 -> 0 | I60: ='2-0061'!H3 -> 0 | J60: ='2-0061'!I3 -> 0 | K60: ='2-0061'!J3 -> 0 | ... O60: ='2-0061'!N3 -> 0
A61: 2-0062 | B61: ='2-0062'!A3 -> Имущественные налоги (земельный налог, окружающая среда) | C61: =SUM(D61:O61) -> 3186500 | D61: ='2-0062'!C3 -> 650000 | E61: ='2-0062'!D3 -> 107000 | F61: ='2-0062'!E3 -> 697000 | G61: ='2-0062'!F3 -> 0 | H61: ='2-0062'!G3 -> 0 | I61: ='2-0062'!H3 -> 650000 | J61: ='2-0062'!I3 -> 0 | K61: ='2-0062'!J3 -> 0 | ... O61: ='2-0062'!N3 -> 0
A62: 2-0063 | B62: ='2-0063'!A3 -> Общепоселковые Мероприятия | C62: =SUM(D62:O62) -> 360000 | D62: ='2-0063'!C3 -> 80000 | E62: ='2-0063'!D3 -> 0 | F62: ='2-0063'!E3 -> 100000 | G62: ='2-0063'!F3 -> 0 | H62: ='2-0063'!G3 -> 100000 | I62: ='2-0063'!H3 -> 0 | J62: ='2-0063'!I3 -> 0 | K62: ='2-0063'!J3 -> 0 | ... O62: ='2-0063'!N3 -> 80000
B63: ='2-001'!A67 -> ВЗУ | C63: =SUM(D63:O63) -> 1020000 | D63: =SUM(D64:D67) -> 110000 | E63: =SUM(E64:E67) -> 40000 | F63: =SUM(F64:F67) -> 90000 | G63: =SUM(G64:G67) -> 80000 | H63: =SUM(H64:H67) -> 105000 | I63: =SUM(I64:I67) -> 25000 | J63: =SUM(J64:J67) -> 230000 | K63: =SUM(K64:K67) -> 40000 | ... O63: =SUM(O64:O67) -> 60000
A64: 2-0067 | B64: ='2-0067'!A3 -> Проектирование и модернизация ВЗУ в т.ч. ТО | C64: =SUM(D64:O64) -> 410000 | D64: ='2-0067'!C3 -> 30000 | E64: ='2-0067'!D3 -> 0 | F64: ='2-0067'!E3 -> 50000 | G64: ='2-0067'!F3 -> 30000 | H64: ='2-0067'!G3 -> 50000 | I64: ='2-0067'!H3 -> 0 | J64: ='2-0067'!I3 -> 150000 | K64: ='2-0067'!J3 -> 0 | ... O64: ='2-0067'!N3 -> 20000
A65: 2-0068 | B65: ='2-0068'!A3 -> Водный налог | C65: =SUM(D65:O65) -> 100000 | D65: ='2-0068'!C3 -> 25000 | E65: ='2-0068'!D3 -> 0 | F65: ='2-0068'!E3 -> 0 | G65: ='2-0068'!F3 -> 25000 | H65: ='2-0068'!G3 -> 0 | I65: ='2-0068'!H3 -> 0 | J65: ='2-0068'!I3 -> 25000 | K65: ='2-0068'!J3 -> 0 | ... O65: ='2-0068'!N3 -> 0
A66: 2-0069 | B66: Анализ воды | C66: =SUM(D66:O66) -> 300000 | D66: ='2-0069'!C3 -> 25000 | E66: ='2-0069'!D3 -> 25000 | F66: ='2-0069'!E3 -> 25000 | G66: ='2-0069'!F3 -> 25000 | H66: ='2-0069'!G3 -> 25000 | I66: ='2-0069'!H3 -> 25000 | J66: ='2-0069'!I3 -> 25000 | K66: ='2-0069'!J3 -> 25000 | ... O66: ='2-0069'!N3 -> 25000
A67: 2-0070 | B67: ='2-0070'!A3 -> Обслуживание сетей водоснабжения (материалы, инструмент, ремонт) | C67: =SUM(D67:O67) -> 210000 | D67: ='2-0070'!C3 -> 30000 | E67: ='2-0070'!D3 -> 15000 | F67: ='2-0070'!E3 -> 15000 | G67: ='2-0070'!F3 -> 0 | H67: ='2-0070'!G3 -> 30000 | I67: ='2-0070'!H3 -> 0 | J67: ='2-0070'!I3 -> 30000 | K67: ='2-0070'!J3 -> 15000 | ... O67: ='2-0070'!N3 -> 15000
A68: 2-0071 | B68: Непредвиденные расходы | C68: =SUM(D68:O68) -> 600000 | D68: ='2-0071'!C3 -> 50000 | E68: ='2-0071'!D3 -> 50000 | F68: ='2-0071'!E3 -> 50000 | G68: ='2-0071'!F3 -> 50000 | H68: ='2-0071'!G3 -> 50000 | I68: ='2-0071'!H3 -> 50000 | J68: ='2-0071'!I3 -> 50000 | K68: ='2-0071'!J3 -> 50000 | ... O68: ='2-0071'!N3 -> 50000
A70: 4 | B70: Профицит (- Дефицит) общий ( месячный) | C70: =SUM(D70:O70) -> -15991096 | D70: =SUM(D15-D18) -> -3987851.8 | E70: =SUM(E15-E18) -> -947445.12 | F70: =SUM(F15-F18) -> -1650378.5 | G70: =SUM(G15-G18) -> -1064851.8 | H70: =SUM(H15-H18) -> -941214.46 | I70: =SUM(I15-I18) -> -1107907.8 | J70: =SUM(J15-J18) -> -1029481.1 | K70: =SUM(K15-K18) -> -578914.46 | ... O70: =SUM(O15-O18) -> -956547.8
A71: 5 | B71: Профицит (- Дефицит) с учетом входящего остатка и депозита | C71: =SUM(C7:C8)+C70 -> 8903.8
B73: Исполнительный директор | C73: Столбовских О.В.
B74: НП "Зеленый мыс"

Sheet Исполнение бюджета
A1: Финансовый план (бюджет) НП "Зеленый мыс" на 2021 год
A2: № / КОД | B2: Наименование статьи | C2: 2021 | E2: Помесячно в руб.:
E3: Январь | G3: Февраль | I3: Март | K3: Апрель | M3: Май | O3: Июнь | Q3: Июль | S3: Август | U3: Сентябрь | W3: Октябрь | Y3: Ноябрь | AA3: Декабрь
C4: План | D4: Факт | E4: План | F4: Факт | G4: План | H4: Факт | I4: План | J4: Факт | K4: План | L4: Факт | M4: План | N4: Факт | O4: План | P4: Факт | Q4: План | R4: Факт | S4: План | T4: Факт | U4: План | V4: Факт | W4: План | X4: Факт | Y4: План | Z4: Факт | AA4: План | AB4: Факт
A5: 1 | B5: СТАТЬИ ПОСТУПЛЕНИЙ
A6: 1-000 | B6: Дефицит (-), профицит (+) средств на 01.01.2019 год (входящее сальдо) | C6: ='1-000'!C12 -> 4000000
A7: 1-001 | B7: Депозит | C7: =SUM(E7:AA7) -> 0
A8: 1-002 | B8: Ежемесячные членские взносы исходя из 100% плана | C8: =SUM(E8:AA8) -> 70966236 | E8: ='1-002'!L7 -> 5550000 | F8: 4366236 | G8: ='1-002'!L7 -> 5550000 | I8: ='1-002'!L7 -> 5550000 | K8: ='1-002'!L7 -> 5550000 | M8: ='1-002'!L7 -> 5550000 | O8: ='1-002'!L7 -> 5550000 | Q8: ='1-002'!L7 -> 5550000 | S8: ='1-002'!L7 -> 5550000 | U8: ='1-002'!L7 -> 5550000 | W8: ='1-002'!L7 -> 5550000 | Y8: ='1-002'!L7 -> 5550000 | AA8: ='1-002'!L7 -> 5550000
A9: 1-0021 | B9: Холодная вода | C9: =SUM(E9:AA9) -> 3350000 | E9: ='1-0021'!A8 -> 210000 | G9: ='1-0021'!B8 -> 240000 | I9: ='1-0021'!C8 -> 200000 | K9: ='1-0021'!D8 -> 230000 | M9: ='1-0021'!E8 -> 350000 | O9: ='1-0021'!F8 -> 360000 | Q9: ='1-0021'!G8 -> 400000 | S9: ='1-0021'!H8 -> 320000 | U9: ='1-0021'!I8 -> 300000 | W9: ='1-0021'!J8 -> 270000 | Y9: ='1-0021'!K8 -> 250000 | AA9: ='1-0021'!L8 -> 220000
A10: 1-003 | B10: Собираемость, % | C10: ='1-003'!G9 -> 0.96 | E10: ='1-003'!G9 -> 0.96 | G10: ='1-003'!G9 -> 0.96 | I10: ='1-003'!G9 -> 0.96 | K10: ='1-003'!G9 -> 0.96 | M10: ='1-003'!G9 -> 0.96 | O10: ='1-003'!G9 -> 0.96 | Q10: ='1-003'!G9 -> 0.96 | S10: ='1-003'!G9 -> 0.96 | U10: ='1-003'!G9 -> 0.96 | W10: ='1-003'!G9 -> 0.96 | Y10: ='1-003'!G9 -> 0.96 | AA10: ='1-003'!G9 -> 0.96
A11: 1-004 | B11: Фактическое поступление ежемесячных членских взносов и коммунальных платежей | C11: =SUM(E11:AA11) -> 67152011 | E11: =SUM(E8:E10)*E10 -> 5529600.9 | G11: =SUM(G8:G10)*G10 -> 5558400.9 | I11: =SUM(I8:I10)*I10 -> 5520000.9 | K11: =SUM(K8:K10)*K10 -> 5548800.9 | M11: =SUM(M8:M10)*M10 -> 5664000.9 | O11: =SUM(O8:O10)*O10 -> 5673600.9 | Q11: =SUM(Q8:Q10)*Q10 -> 5712000.9 | S11: =SUM(S8:S10)*S10 -> 5635200.9 | U11: =SUM(U8:U10)*U10 -> 5616000.9 | W11: =SUM(W8:W10)*W10 -> 5587200.9 | Y11: =SUM(Y8:Y10)*Y10 -> 5568000.9 | AA11: =SUM(AA8:AA10)*AA10 -> 5539200.9
A12: 1-005 | B12: Проценты по займам и вкладам (депозитам) | C12: =SUM(E12:AA12) -> 480000 | M12: ='1-005'!K13 -> 106666.67 | O12: ='1-005'!L13 -> 93333.333 | Q12: ='1-005'!M13 -> 80000 | S12: ='1-005'!N13 -> 66666.667 | U12: ='1-005'!O13 -> 53333.333 | W12: ='1-005'!P13 -> 40000 | Y12: ='1-005'!Q13 -> 26666.667 | AA12: ='1-005'!R13 -> 13333.333
A13: 1-006 | B13: Поступления от коммерческой деятельности | C13: =SUM(E13:AA13) -> #REF! | E13: ='1-006'!B17 -> 1403500 | F13: 1500800.5 | G13: ='1-006'!B17 -> 1403500 | I13: ='1-006'!B17+'1-006'!#REF! -> #REF! | K13: ='1-006'!B17+'1-006'!C17/4 -> 1453500 | M13: ='1-006'!B17+'1-006'!C17/4 -> 1453500 | O13: ='1-006'!B17+'1-006'!#REF! -> #REF! | Q13: ='1-006'!B17 -> 1403500 | S13: ='1-006'!B17 -> 1403500 | U13: ='1-006'!B17+'1-006'!#REF! -> #REF! | W13: ='1-006'!B17+'1-006'!C17/4 -> 1453500 | Y13: ='1-006'!B17+'1-006'!C17/4 -> 1453500 | AA13: ='1-006'!B17+'1-006'!#REF! -> #REF!
A14: 1-007 | B14: Добровольные пожертвования | C14: =SUM(E14:AA14) -> 300000 | E14: ='1-007'!$G$12*1/12 -> 25000 | G14: ='1-007'!$G$12*1/12 -> 25000 | I14: ='1-007'!$G$12*1/12 -> 25000 | K14: ='1-007'!$G$12*1/12 -> 25000 | M14: ='1-007'!$G$12*1/12 -> 25000 | O14: ='1-007'!$G$12*1/12 -> 25000 | Q14: ='1-007'!$G$12*1/12 -> 25000 | S14: ='1-007'!$G$12*1/12 -> 25000 | U14: ='1-007'!$G$12*1/12 -> 25000 | W14: ='1-007'!$G$12*1/12 -> 25000 | Y14: ='1-007'!$G$12*1/12 -> 25000 | AA14: ='1-007'!$G$12*1/12 -> 25000
A15: 1-008 | B15: Иные поступления | C15: =SUM(E15:AA15) -> 800000 | S15: ='1-008'!I17 -> 0 | U15: ='1-008'!J17 -> 800000 | W15: ='1-008'!K17 -> 0
B16: Итого поступлений: | C16: =SUM(C11:C15) -> #REF! | E16: =SUM(E11:E15) -> 6958100.9 | F16: =SUM(F8:F15) -> 5867036.5 | G16: =SUM(G11:G15) -> 6986900.9 | I16: =SUM(I11:I15) -> #REF! | K16: =SUM(K11:K15) -> 7027300.9 | M16: =SUM(M11:M15) -> 7249167.6 | O16: =SUM(O11:O15) -> #REF! | Q16: =SUM(Q11:Q15) -> 7220500.9 | S16: =SUM(S11:S15) -> 7130367.6 | U16: =SUM(U11:U15) -> #REF! | W16: =SUM(W11:W15) -> 7105700.9 | Y16: =SUM(Y11:Y15) -> 7073167.6 | AA16: =SUM(AA11:AA15) -> #REF!
B17: ВСЕГО с учетом входящего сальдо на 01.01.2019 года | C17: =SUM(C16+C6) -> #REF! | E17: =SUM(E16+E6) -> 6958100.9
A18: 2 | B18: СТАТЬИ РАСХОДОВ
A19: 2-001 | B19: Расходы НП "Зеленый Мыс" | C19: =SUM(E19,G19,I19,K19,M19,O19,Q19,S19,U19,W19,Y19,AA19) -> #REF! | D19: =SUM(F19,H19,J19,L19,N19,P19,R19,T19,V19,X19,Z19,AB19) -> 30000 | E19: =SUM(E20,E34,E40,E44,E54,E55,E56,E62,E67,E71,E72,E73,E77,E82) -> #REF! | F19: =SUM(F20,F34,F40,F44,F54,F55,F56,F62,F67,F71,F72,F73,F77,F82) -> 0 | G19: =SUM(G20,G34,G40,G44,G54,G55,G56,G62,G67,G71,G72,G73,G77,G82) -> #REF! | H19: =SUM(H20,H34,H40,H44,H54,H55,H56,H62,H67,H71,H72,H73,H77,H82) -> 0 | I19: =SUM(I20,I34,I40,I44,I54,I55,I56,I62,I67,I71,I72,I73,I77,I82) -> #REF! | J19: =SUM(J20,J34,J40,J44,J54,J55,J56,J62,J67,J71,J72,J73,J77,J82) -> 0 | K19: =SUM(K20,K34,K40,K44,K54,K55,K56,K62,K67,K71,K72,K73,K77,K82) -> #REF! | L19: =SUM(L20,L34,L40,L44,L54,L55,L56,L62,L67,L71,L72,L73,L77,L82) -> 0 | ... Z19: =SUM(Z20,Z34,Z40,Z44,Z54,Z55,Z56,Z62,Z67,Z71,Z72,Z73,Z77,Z82) -> 0 | AA19: =SUM(AA20,AA34,AA40,AA44,AA54,AA55,AA56,AA62,AA67,AA71,AA72,AA73,AA77,AA82,AA83) -> #REF! | AB19: =SUM(AB20,AB34,AB40,AB44,AB54,AB55,AB56,AB62,AB67,AB71,AB72,AB73,AB77,AB82,AB83) -> 0
B20: ='2-001'!A3 -> Расходы на содержание УК | C20: =SUM(E20,G20,I20,K20,M20,O20,Q20,S20,U20,W20,Y20,AA20) -> 58033096 | D20: =SUM(F20,H20,J20,L20,N20,P20,R20,T20,V20,X20,Z20,AB20) -> 0 | E20: =SUM(E21:E33) -> 5214951.8 | F20: =SUM(F21:F33) -> 0 | G20: =SUM(G21:G33) -> 5031511.8 | H20: =SUM(H21:H33) -> 0 | I20: =SUM(I21:I33) -> 4910211.8 | J20: =SUM(J21:J33) -> 0 | K20: =SUM(K21:K33) -> 4842151.8 | L20: =SUM(L21:L33) -> 0 | ... AB20: =SUM(AB21:AB33) -> 0
A21: 2-0011 | B21: ='2-001'!A4 -> Выплата заработной платы ( в т. ч. НДФЛ ) | C21: =SUM(E21,G21,I21,K21,M21,O21,Q21,S21,U21,W21,Y21,AA21) -> 38426140 | D21: =SUM(F21,H21,J21,L21,N21,P21,R21,T21,V21,X21,Z21,AB21) -> 0 | E21: ='2-0011'!B7 -> 3515345 | G21: ='2-0011'!C7 -> 3295345 | I21: ='2-0011'!D7 -> 3145345 | K21: ='2-0011'!E7 -> 3115345 | M21: ='2-0011'!F7 -> 3205345 | O21: ='2-0011'!G7 -> 3189345 | Q21: ='2-0011'!H7 -> 3159345 | S21: ='2-0011'!I7 -> 3159345 | U21: ='2-0011'!J7 -> 3115345 | W21: ='2-0011'!K7 -> 3115345 | Y21: ='2-0011'!L7 -> 3145345 | AA21: ='2-0011'!M7 -> 3265345
A22: 2-0012 | B22: ='2-001'!A5 -> Страховые взносы с ФОТ | C22: =SUM(E22,G22,I22,K22,M22,O22,Q22,S22,U22,W22,Y22,AA22) -> 11536152 | D22: =SUM(F22,H22,J22,L22,N22,P22,R22,T22,V22,X22,Z22,AB22) -> 0 | E22: ='2-0012'!C6 -> 1060251 | G22: ='2-0012'!D6 -> 993811.03 | I22: ='2-0012'!E6 -> 948511.03 | K22: ='2-0012'!F6 -> 939451.03 | M22: ='2-0012'!G6 -> 954551.03 | O22: ='2-0012'!H6 -> 948511.03 | Q22: ='2-0012'!I6 -> 939451.03 | S22: ='2-0012'!J6 -> 939451.03 | U22: ='2-0012'!K6 -> 939451.03 | W22: ='2-0012'!L6 -> 939451.03 | Y22: ='2-0012'!M6 -> 948511.03 | AA22: ='2-0012'!N6 -> 984751.03
A23: 2-0013 | B23: ='2-0013'!A8 -> Консультационные и информационные услуги | C23: =SUM(E23,G23,I23,K23,M23,O23,Q23,S23,U23,W23,Y23,AA23) -> 242500 | D23: =SUM(F23,H23,J23,L23,N23,P23,R23,T23,V23,X23,Z23,AB23) -> 0 | E23: ='2-0013'!C8 -> 0 | G23: ='2-0013'!D8 -> 145000 | I23: ='2-0013'!E8 -> 0 | K23: ='2-0013'!F8 -> 0 | M23: ='2-0013'!G8 -> 0 | O23: ='2-0013'!H8 -> 0 | Q23: ='2-0013'!I8 -> 13700 | S23: ='2-0013'!J8 -> 55000 | U23: ='2-0013'!K8 -> 0 | W23: ='2-0013'!L8 -> 7800 | Y23: ='2-0013'!M8 -> 0 | AA23: ='2-0013'!N8 -> 21000
A24: 2-0014 | B24: ='2-0014'!A5 -> Обслуживание компьютерного оборудования | C24: =SUM(E24,G24,I24,K24,M24,O24,Q24,S24,U24,W24,Y24,AA24) -> 672000 | D24: =SUM(F24,H24,J24,L24,N24,P24,R24,T24,V24,X24,Z24,AB24) -> 0 | E24: ='2-0014'!C5 -> 62000 | G24: ='2-0014'!D5 -> 50000 | I24: ='2-0014'!E5 -> 62000 | K24: ='2-0014'!F5 -> 50000 | M24: ='2-0014'!G5 -> 62000 | O24: ='2-0014'!H5 -> 50000 | Q24: ='2-0014'!I5 -> 62000 | S24: ='2-0014'!J5 -> 50000 | U24: ='2-0014'!K5 -> 62000 | W24: ='2-0014'!L5 -> 50000 | Y24: ='2-0014'!M5 -> 62000 | AA24: ='2-0014'!N5 -> 50000
A25: 2-0015 | B25: ='2-0015'!A5 -> Хозяйственные расходы (канцтовары, хозтовары, ремонт помещений) | C25: =SUM(E25,G25,I25,K25,M25,O25,Q25,S25,U25,W25,Y25,AA25) -> 180000 | D25: =SUM(F25,H25,J25,L25,N25,P25,R25,T25,V25,X25,Z25,AB25) -> 0 | E25: ='2-0015'!C5 -> 15000 | G25: ='2-0015'!D5 -> 15000 | I25: ='2-0015'!E5 -> 15000 | K25: ='2-0015'!F5 -> 15000 | M25: ='2-0015'!G5 -> 15000 | O25: ='2-0015'!H5 -> 15000 | Q25: ='2-0015'!I5 -> 15000 | S25: ='2-0015'!J5 -> 15000 | U25: ='2-0015'!K5 -> 15000 | W25: ='2-0015'!L5 -> 15000 | Y25: ='2-0015'!M5 -> 15000 | AA25: ='2-0015'!N5 -> 15000
A26: 2-0016 | B26: ='2-0016'!A9 -> Аренда помещений | C26: =SUM(E26,G26,I26,K26,M26,O26,Q26,S26,U26,W26,Y26,AA26) -> 2676247.1 | D26: =SUM(F26,H26,J26,L26,N26,P26,R26,T26,V26,X26,Z26,AB26) -> 0 | E26: ='2-0016'!C9 -> 216924.38 | G26: ='2-0016'!D9 -> 216924.38 | I26: ='2-0016'!E9 -> 216924.38 | K26: ='2-0016'!F9 -> 216924.38 | M26: ='2-0016'!G9 -> 226068.7 | O26: ='2-0016'!H9 -> 226068.7 | Q26: ='2-0016'!I9 -> 226068.7 | S26: ='2-0016'!J9 -> 226068.7 | U26: ='2-0016'!K9 -> 226068.7 | W26: ='2-0016'!L9 -> 226068.7 | Y26: ='2-0016'!M9 -> 226068.7 | AA26: ='2-0016'!N9 -> 226068.7
A27: 2-0017 | B27: ='2-0017'!A7 -> Коммунальные расходы | C27: =SUM(E27,G27,I27,K27,M27,O27,Q27,S27,U27,W27,Y27,AA27) -> 1258772 | D27: =SUM(F27,H27,J27,L27,N27,P27,R27,T27,V27,X27,Z27,AB27) -> 0 | E27: ='2-0017'!C7 -> 155731 | G27: ='2-0017'!D7 -> 135731 | I27: ='2-0017'!E7 -> 135731 | K27: ='2-0017'!F7 -> 125731 | M27: ='2-0017'!G7 -> 95731 | O27: ='2-0017'!H7 -> 32731 | Q27: ='2-0017'!I7 -> 31731 | S27: ='2-0017'!J7 -> 32731 | U27: ='2-0017'!K7 -> 95731 | W27: ='2-0017'!L7 -> 125731 | Y27: ='2-0017'!M7 -> 135731 | AA27: ='2-0017'!N7 -> 155731
A28: 2-0018 | B28: ='2-0018'!A6 -> Услуги связи, интернет и почтовые услуги | C28: =SUM(E28,G28,I28,K28,M28,O28,Q28,S28,U28,W28,Y28,AA28) -> 180000 | D28: =SUM(F28,H28,J28,L28,N28,P28,R28,T28,V28,X28,Z28,AB28) -> 0 | E28: ='2-0018'!C6 -> 15000 | G28: ='2-0018'!D6 -> 15000 | I28: ='2-0018'!E6 -> 15000 | K28: ='2-0018'!F6 -> 15000 | M28: ='2-0018'!G6 -> 15000 | O28: ='2-0018'!H6 -> 15000 | Q28: ='2-0018'!I6 -> 15000 | S28: ='2-0018'!J6 -> 15000 | U28: ='2-0018'!K6 -> 15000 | W28: ='2-0018'!L6 -> 15000 | Y28: ='2-0018'!M6 -> 15000 | AA28: ='2-0018'!N6 -> 15000
A29: 2-0019 | B29: ='2-0019'!A7 -> Услуги банков | C29: =SUM(E29,G29,I29,K29,M29,O29,Q29,S29,U29,W29,Y29,AA29) -> 840000 | D29: =SUM(F29,H29,J29,L29,N29,P29,R29,T29,V29,X29,Z29,AB29) -> 0 | E29: ='2-0019'!C7 -> 70000 | G29: ='2-0019'!D7 -> 70000 | I29: ='2-0019'!E7 -> 70000 | K29: ='2-0019'!F7 -> 70000 | M29: ='2-0019'!G7 -> 70000 | O29: ='2-0019'!H7 -> 70000 | Q29: ='2-0019'!I7 -> 70000 | S29: ='2-0019'!J7 -> 70000 | U29: ='2-0019'!K7 -> 70000 | W29: ='2-0019'!L7 -> 70000 | Y29: ='2-0019'!M7 -> 70000 | AA29: ='2-0019'!N7 -> 70000
A30: 2-0021 | B30: ='2-0021'!A8 -> Расходы на программное обеспечение | C30: =SUM(E30,G30,I30,K30,M30,O30,Q30,S30,U30,W30,Y30,AA30) -> 331000 | D30: =SUM(F30,H30,J30,L30,N30,P30,R30,T30,V30,X30,Z30,AB30) -> 0 | E30: ='2-0021'!C8 -> 40000 | G30: ='2-0021'!D8 -> 15000 | I30: ='2-0021'!E8 -> 37000 | K30: ='2-0021'!F8 -> 15000 | M30: ='2-0021'!G8 -> 15000 | O30: ='2-0021'!H8 -> 40000 | Q30: ='2-0021'!I8 -> 15000 | S30: ='2-0021'!J8 -> 15000 | U30: ='2-0021'!K8 -> 72000 | W30: ='2-0021'!L8 -> 15000 | Y30: ='2-0021'!M8 -> 15000 | AA30: ='2-0021'!N8 -> 37000
A31: 2-0022 | B31: ='2-0022'!A7 -> Юридические услуги | C31: =SUM(E31,G31,I31,K31,M31,O31,Q31,S31,U31,W31,Y31,AA31) -> 150000 | D31: =SUM(F31,H31,J31,L31,N31,P31,R31,T31,V31,X31,Z31,AB31) -> 0 | E31: ='2-0022'!C7 -> 5000 | G31: ='2-0022'!D7 -> 20000 | I31: ='2-0022'!E7 -> 5000 | K31: ='2-0022'!F7 -> 20000 | M31: ='2-0022'!G7 -> 5000 | O31: ='2-0022'!H7 -> 20000 | Q31: ='2-0022'!I7 -> 5000 | S31: ='2-0022'!J7 -> 20000 | U31: ='2-0022'!K7 -> 5000 | W31: ='2-0022'!L7 -> 20000 | Y31: ='2-0022'!M7 -> 5000 | AA31: ='2-0022'!N7 -> 20000
A32: 2-0024 | B32: ='2-0024'!A6 -> Налог УСН | C32: =SUM(E32,G32,I32,K32,M32,O32,Q32,S32,U32,W32,Y32,AA32) -> 800000 | D32: =SUM(F32,H32,J32,L32,N32,P32,R32,T32,V32,X32,Z32,AB32) -> 0 | E32: ='2-0024'!C6 -> 0 | G32: ='2-0024'!D6 -> 0 | I32: ='2-0024'!E6 -> 200000 | K32: ='2-0024'!F6 -> 200000 | M32: ='2-0024'!G6 -> 0 | O32: ='2-0024'!H6 -> 0 | Q32: ='2-0024'!I6 -> 200000 | S32: ='2-0024'!J6 -> 0 | U32: ='2-0024'!K6 -> 0 | W32: ='2-0024'!L6 -> 200000 | Y32: ='2-0024'!M6 -> 0 | AA32: ='2-0024'!N6 -> 0
A33: 2-0025 | B33: ='2-0025'!A6 -> Аренда земельного участка | C33: =SUM(E33,G33,I33,K33,M33,O33,Q33,S33,U33,W33,Y33,AA33) -> 740284.72 | D33: =SUM(F33,H33,J33,L33,N33,P33,R33,T33,V33,X33,Z33,AB33) -> 0 | E33: ='2-0025'!C6 -> 59700.38 | G33: ='2-0025'!D6 -> 59700.38 | I33: ='2-0025'!E6 -> 59700.38 | K33: ='2-0025'!F6 -> 59700.38 | M33: ='2-0025'!G6 -> 62685.4 | O33: ='2-0025'!H6 -> 62685.4 | Q33: ='2-0025'!I6 -> 62685.4 | S33: ='2-0025'!J6 -> 62685.4 | U33: ='2-0025'!K6 -> 62685.4 | W33: ='2-0025'!L6 -> 62685.4 | Y33: ='2-0025'!M6 -> 62685.4 | AA33: ='2-0025'!N6 -> 62685.4
B34: ='2-001'!A20 -> Транспорт | C34: =SUM(E34,G34,I34,K34,M34,O34,Q34,S34,U34,W34,Y34,AA34) -> #REF! | D34: =SUM(F34,H34,J34,L34,N34,P34,R34,T34,V34,X34,Z34,AB34) -> 0 | E34: =SUM(E35:E39) -> #REF! | F34: =SUM(F35:F39) -> 0 | G34: =SUM(G35:G39) -> #REF! | H34: =SUM(H35:H39) -> 0 | I34: =SUM(I35:I39) -> #REF! | J34: =SUM(J35:J39) -> 0 | K34: =SUM(K35:K39) -> #REF! | L34: =SUM(L35:L39) -> 0 | ... AB34: =SUM(AB35:AB39) -> 0
A35: 2-0027 | B35: ='2-0027'!A4 -> ГСМ для ТС | C35: =SUM(E35,G35,I35,K35,M35,O35,Q35,S35,U35,W35,Y35,AA35) -> 1770000 | D35: =SUM(F35,H35,J35,L35,N35,P35,R35,T35,V35,X35,Z35,AB35) -> 0 | E35: ='2-0027'!C4 -> 240000 | G35: ='2-0027'!D4 -> 240000 | I35: ='2-0027'!E4 -> 240000 | K35: ='2-0027'!F4 -> 170000 | M35: ='2-0027'!G4 -> 60000 | O35: ='2-0027'!H4 -> 60000 | Q35: ='2-0027'!I4 -> 170000 | S35: ='2-0027'!J4 -> 60000 | U35: ='2-0027'!K4 -> 60000 | W35: ='2-0027'!L4 -> 170000 | Y35: ='2-0027'!M4 -> 60000 | AA35: ='2-0027'!N4 -> 240000
A36: 2-0028 | B36: ='2-0028'!A6 -> Шиномонтаж жителям | C36: =SUM(E36,G36,I36,K36,M36,O36,Q36,S36,U36,W36,Y36,AA36) -> #REF! | D36: =SUM(F36,H36,J36,L36,N36,P36,R36,T36,V36,X36,Z36,AB36) -> 0 | E36: ='2-0028'!C6 -> #REF! | G36: ='2-0028'!D6 -> #REF! | I36: ='2-0028'!E6 -> #REF! | K36: ='2-0028'!F6 -> #REF! | M36: ='2-0028'!G6 -> #REF! | O36: ='2-0028'!H6 -> #REF! | Q36: ='2-0028'!I6 -> #REF! | S36: ='2-0028'!J6 -> #REF! | U36: ='2-0028'!K6 -> #REF! | W36: ='2-0028'!L6 -> #REF! | Y36: ='2-0028'!M6 -> #REF! | AA36: ='2-0028'!N6 -> #REF!
A37: 2-0030 | B37: ='2-0030'!A3 -> Страхование ТС, транспортный налог | C37: =SUM(E37,G37,I37,K37,M37,O37,Q37,S37,U37,W37,Y37,AA37) -> 106500 | D37: =SUM(F37,H37,J37,L37,N37,P37,R37,T37,V37,X37,Z37,AB37) -> 0 | E37: ='2-0030'!C3 -> 16000 | G37: ='2-0030'!D3 -> 7500 | I37: ='2-0030'!E3 -> 5000 | K37: ='2-0030'!F3 -> 26000 | M37: ='2-0030'!G3 -> 0 | O37: ='2-0030'!H3 -> 0 | Q37: ='2-0030'!I3 -> 16000 | S37: ='2-0030'!J3 -> 0 | U37: ='2-0030'!K3 -> 0 | W37: ='2-0030'!L3 -> 36000 | Y37: ='2-0030'!M3 -> 0 | AA37: ='2-0030'!N3 -> 0
A38: 2-0031 | B38: ='2-0031'!A3 -> Техническое обслуживание ТС и мототехники ( ремонты, запчасти ) | C38: =SUM(E38,G38,I38,K38,M38,O38,Q38,S38,U38,W38,Y38,AA38) -> 800000 | D38: =SUM(F38,H38,J38,L38,N38,P38,R38,T38,V38,X38,Z38,AB38) -> 0 | E38: ='2-0031'!C3 -> 40000 | G38: ='2-0031'!D3 -> 40000 | I38: ='2-0031'!E3 -> 40000 | K38: ='2-0031'!F3 -> 120000 | M38: ='2-0031'!G3 -> 120000 | O38: ='2-0031'!H3 -> 40000 | Q38: ='2-0031'!I3 -> 40000 | S38: ='2-0031'!J3 -> 40000 | U38: ='2-0031'!K3 -> 120000 | W38: ='2-0031'!L3 -> 120000 | Y38: ='2-0031'!M3 -> 40000 | AA38: ='2-0031'!N3 -> 40000
A39: 2-0032 | B39: ='2-0032'!A3 -> Покупка автомобиля | C39: =SUM(E39,G39,I39,K39,M39,O39,Q39,S39,U39,W39,Y39,AA39) -> 0 | D39: =SUM(F39,H39,J39,L39,N39,P39,R39,T39,V39,X39,Z39,AB39) -> 0 | E39: ='2-0032'!C3 -> 0 | G39: ='2-0032'!D3 -> 0 | I39: ='2-0032'!E3 -> 0 | K39: ='2-0032'!F3 -> 0 | M39: ='2-0032'!G3 -> 0 | O39: ='2-0032'!H3 -> 0 | Q39: ='2-0032'!I3 -> 0 | S39: ='2-0032'!J3 -> 0 | U39: ='2-0032'!K3 -> 0 | W39: ='2-0032'!L3 -> 0 | Y39: ='2-0032'!M3 -> 0 | AA39: ='2-0032'!N3 -> 0
B40: ='2-001'!A27 -> Обслуживание дорог | C40: =SUM(E40,G40,I40,K40,M40,O40,Q40,S40,U40,W40,Y40,AA40) -> 230000 | D40: =SUM(F40,H40,J40,L40,N40,P40,R40,T40,V40,X40,Z40,AB40) -> 0 | E40: =SUM(E41:E43) -> 30000 | F40: =SUM(F41:F43) -> 0 | G40: =SUM(G41:G43) -> 50000 | H40: =SUM(H41:H43) -> 0 | I40: =SUM(I41:I43) -> 0 | J40: =SUM(J41:J43) -> 0 | K40: =SUM(K41:K43) -> 0 | L40: =SUM(L41:L43) -> 0 | ... O40: =SUM(O41:O43) -> 0 | Q40: =SUM(Q41:Q43) -> 0 | S40: =SUM(S41:S43) -> 0 | T40: =SUM(T41:T43) -> 0 | U40: =SUM(U41:U43) -> 0 | V40: =SUM(V41:V43) -> 0 | W40: =SUM(W41:W43) -> 0 | X40: =SUM(X41:X43) -> 0 | Y40: =SUM(Y41:Y43) -> 50000 | Z40: =SUM(Z41:Z43) -> 0 | ... AB40: =SUM(AB41:AB43) -> 0
A41: 2-0033 | B41: ='2-0033'!A3 -> Ремонт дорожных покрытий | C41: =SUM(E41,G41,I41,K41,M41,O41,Q41,S41,U41,W41,Y41,AA41) -> 50000 | D41: =SUM(F41,H41,J41,L41,N41,P41,R41,T41,V41,X41,Z41,AB41) -> 0 | E41: ='2-0033'!C3 -> 0 | G41: ='2-0033'!D3 -> 0 | I41: ='2-0033'!E3 -> 0 | K41: ='2-0033'!F3 -> 0 | M41: ='2-0033'!G3 -> 50000 | O41: ='2-0033'!H3 -> 0 | Q41: ='2-0033'!I3 -> 0 | S41: ='2-0033'!J3 -> 0 | U41: ='2-0033'!K3 -> 0 | W41: ='2-0033'!L3 -> 0 | Y41: ='2-0033'!M3 -> 0 | AA41: ='2-0033'!N3 -> 0
A42: 2-0034 | B42: ='2-0034'!A3 -> Привлечение дополнительной техники по уборке , чистке снега | C42: =SUM(E42,G42,I42,K42,M42,O42,Q42,S42,U42,W42,Y42,AA42) -> 100000 | D42: =SUM(F42,H42,J42,L42,N42,P42,R42,T42,V42,X42,Z42,AB42) -> 0 | E42: ='2-0034'!C3 -> 0 | G42: ='2-0034'!D3 -> 50000 | I42: ='2-0034'!E3 -> 0 | K42: ='2-0034'!F3 -> 0 | M42: ='2-0034'!G3 -> 0 | O42: ='2-0034'!H3 -> 0 | Q42: ='2-0034'!I3 -> 0 | S42: ='2-0034'!J3 -> 0 | U42: ='2-0034'!K3 -> 0 | W42: ='2-0034'!L3 -> 0 | Y42: ='2-0034'!M3 -> 0 | AA42: ='2-0034'!N3 -> 50000
A43: 2-0035 | B43: ='2-0035'!A3 -> Песок, гранитная крошка, реагенты | C43: =SUM(E43,G43,I43,K43,M43,O43,Q43,S43,U43,W43,Y43,AA43) -> 80000 | D43: =SUM(F43,H43,J43,L43,N43,P43,R43,T43,V43,X43,Z43,AB43) -> 0 | E43: ='2-0035'!C3 -> 30000 | G43: ='2-0035'!D3 -> 0 | I43: ='2-0035'!E3 -> 0 | K43: ='2-0035'!F3 -> 0 | M43: ='2-0035'!G3 -> 0 | O43: ='2-0035'!H3 -> 0 | Q43: ='2-0035'!I3 -> 0 | S43: ='2-0035'!J3 -> 0 | U43: ='2-0035'!K3 -> 0 | W43: ='2-0035'!L3 -> 0 | Y43: ='2-0035'!M3 -> 50000 | AA43: ='2-0035'!N3 -> 0
B44: ='2-001'!A31 -> Благоустройство/озеленение | C44: =SUM(E44,G44,I44,K44,M44,O44,Q44,S44,U44,W44,Y44,AA44) -> 10424000 | D44: =SUM(F44,H44,J44,L44,N44,P44,R44,T44,V44,X44,Z44,AB44) -> 0 | E44: =SUM(E45:E53) -> 560000 | F44: =SUM(F45:F53) -> 0 | G44: =SUM(G45:G53) -> 2325000 | H44: =SUM(H45:H53) -> 0 | I44: =SUM(I45:I53) -> 475000 | J44: =SUM(J45:J53) -> 0 | K44: =SUM(K45:K53) -> 819000 | L44: =SUM(L45:L53) -> 0 | ... AB44: =SUM(AB45:AB53) -> 0
A45: 2-0036 | B45: ='2-0036'!A3 -> Устройство, ремонт детских, спортивных площадок. | C45: =SUM(E45,G45,I45,K45,M45,O45,Q45,S45,U45,W45,Y45,AA45) -> 0 | D45: =SUM(F45,H45,J45,L45,N45,P45,R45,T45,V45,X45,Z45,AB45) -> 0 | E45: ='2-0036'!C3 -> 0 | G45: ='2-0036'!D3 -> 0 | I45: ='2-0036'!E3 -> 0 | K45: ='2-0036'!F3 -> 0 | M45: ='2-0036'!G3 -> 0 | O45: ='2-0036'!H3 -> 0 | Q45: ='2-0036'!I3 -> 0 | S45: ='2-0036'!J3 -> 0 | U45: ='2-0036'!K3 -> 0 | W45: ='2-0036'!L3 -> 0 | Y45: ='2-0036'!M3 -> 0 | AA45: ='2-0036'!N3 -> 0
A46: 2-0037 | B46: ='2-0037'!A3 -> Восстановление цветников, газонов (в т.ч. обслуживание) озеленение. | C46: =SUM(E46,G46,I46,K46,M46,O46,Q46,S46,U46,W46,Y46,AA46) -> 560000 | D46: =SUM(F46,H46,J46,L46,N46,P46,R46,T46,V46,X46,Z46,AB46) -> 0 | E46: ='2-0037'!C3 -> 0 | G46: ='2-0037'!D3 -> 0 | I46: ='2-0037'!E3 -> 0 | K46: ='2-0037'!F3 -> 70000 | M46: ='2-0037'!G3 -> 70000 | O46: ='2-0037'!H3 -> 70000 | Q46: ='2-0037'!I3 -> 70000 | S46: ='2-0037'!J3 -> 70000 | U46: ='2-0037'!K3 -> 70000 | W46: ='2-0037'!L3 -> 70000 | Y46: ='2-0037'!M3 -> 70000 | AA46: ='2-0037'!N3 -> 0
A47: 2-0038 | B47: ='2-0038'!A3 -> Санитарная обработка территорий | C47: =SUM(E47,G47,I47,K47,M47,O47,Q47,S47,U47,W47,Y47,AA47) -> 0 | D47: =SUM(F47,H47,J47,L47,N47,P47,R47,T47,V47,X47,Z47,AB47) -> 0 | E47: ='2-0038'!C3 -> 0 | G47: ='2-0038'!D3 -> 0 | I47: ='2-0038'!E3 -> 0 | K47: ='2-0038'!F3 -> 0 | M47: ='2-0038'!G3 -> 0 | O47: ='2-0038'!H3 -> 0 | Q47: ='2-0038'!I3 -> 0 | S47: ='2-0038'!J3 -> 0 | U47: ='2-0038'!K3 -> 0 | W47: ='2-0038'!L3 -> 0 | Y47: ='2-0038'!M3 -> 0 | AA47: ='2-0038'!N3 -> 0
A48: 2-0039 | B48: ='2-0039'!A3 -> Прочие расходы по благоустройству | C48: =SUM(E48,G48,I48,K48,M48,O48,Q48,S48,U48,W48,Y48,AA48) -> 210000 | D48: =SUM(F48,H48,J48,L48,N48,P48,R48,T48,V48,X48,Z48,AB48) -> 0 | E48: ='2-0039'!C3 -> 35000 | G48: ='2-0039'!D3 -> 0 | I48: ='2-0039'!E3 -> 35000 | K48: ='2-0039'!F3 -> 0 | M48: ='2-0039'!G3 -> 35000 | O48: ='2-0039'!H3 -> 0 | Q48: ='2-0039'!I3 -> 35000 | S48: ='2-0039'!J3 -> 0 | U48: ='2-0039'!K3 -> 35000 | W48: ='2-0039'!L3 -> 0 | Y48: ='2-0039'!M3 -> 35000 | AA48: ='2-0039'!N3 -> 0
A49: 2-0041 | B49: ='2-0041'!A3 -> Покупка легкового автомобился для слубы главного инженера типа Ларгус | C49: =SUM(E49,G49,I49,K49,M49,O49,Q49,S49,U49,W49,Y49,AA49) -> 1800000 | D49: =SUM(F49,H49,J49,L49,N49,P49,R49,T49,V49,X49,Z49,AB49) -> 0 | E49: ='2-0041'!C3 -> 0 | G49: ='2-0041'!D3 -> 1800000 | I49: ='2-0041'!E3 -> 0 | K49: ='2-0041'!F3 -> 0 | M49: ='2-0041'!G3 -> 0 | O49: ='2-0041'!H3 -> 0 | Q49: ='2-0041'!I3 -> 0 | S49: ='2-0041'!J3 -> 0 | U49: ='2-0041'!K3 -> 0 | W49: ='2-0041'!L3 -> 0 | Y49: ='2-0041'!M3 -> 0 | AA49: ='2-0041'!N3 -> 0
A50: 2-0042 | B50: ='2-0042'!A3 -> Вывоз мусора (фиксированная часть) | C50: =SUM(E50,G50,I50,K50,M50,O50,Q50,S50,U50,W50,Y50,AA50) -> 3840000 | D50: =SUM(F50,H50,J50,L50,N50,P50,R50,T50,V50,X50,Z50,AB50) -> 0 | E50: ='2-0042'!C3 -> 320000 | G50: ='2-0042'!D3 -> 320000 | I50: ='2-0042'!E3 -> 320000 | K50: ='2-0042'!F3 -> 320000 | M50: ='2-0042'!G3 -> 320000 | O50: ='2-0042'!H3 -> 320000 | Q50: ='2-0042'!I3 -> 320000 | S50: ='2-0042'!J3 -> 320000 | U50: ='2-0042'!K3 -> 320000 | W50: ='2-0042'!L3 -> 320000 | Y50: ='2-0042'!M3 -> 320000 | AA50: ='2-0042'!N3 -> 320000
A51: 2-0043 | B51: ='2-0043'!A3 -> Вывоз мусора (переменная часть) | C51: =SUM(E51,G51,I51,K51,M51,O51,Q51,S51,U51,W51,Y51,AA51) -> 2964000 | D51: =SUM(F51,H51,J51,L51,N51,P51,R51,T51,V51,X51,Z51,AB51) -> 0 | E51: ='2-0043'!C3 -> 100000 | G51: ='2-0043'!D3 -> 100000 | I51: ='2-0043'!E3 -> 120000 | K51: ='2-0043'!F3 -> 324000 | M51: ='2-0043'!G3 -> 324000 | O51: ='2-0043'!H3 -> 324000 | Q51: ='2-0043'!I3 -> 324000 | S51: ='2-0043'!J3 -> 324000 | U51: ='2-0043'!K3 -> 324000 | W51: ='2-0043'!L3 -> 300000 | Y51: ='2-0043'!M3 -> 300000 | AA51: ='2-0043'!N3 -> 100000
A52: 2-0044 | B52: ='2-0044'!A3 -> Покупка мусорных мешков | C52: =SUM(E52,G52,I52,K52,M52,O52,Q52,S52,U52,W52,Y52,AA52) -> 1050000 | D52: =SUM(F52,H52,J52,L52,N52,P52,R52,T52,V52,X52,Z52,AB52) -> 0 | E52: ='2-0044'!C3 -> 105000 | G52: ='2-0044'!D3 -> 105000 | I52: ='2-0044'!E3 -> 0 | K52: ='2-0044'!F3 -> 105000 | M52: ='2-0044'!G3 -> 105000 | O52: ='2-0044'!H3 -> 105000 | Q52: ='2-0044'!I3 -> 105000 | S52: ='2-0044'!J3 -> 105000 | U52: ='2-0044'!K3 -> 0 | W52: ='2-0044'!L3 -> 105000 | Y52: ='2-0044'!M3 -> 105000 | AA52: ='2-0044'!N3 -> 105000
A53: 2-0023 | B53: ='2-0023'!A6 -> Услуги сторонних контрагентов ( аутсафтинг) | C53: =SUM(E53,G53,I53,K53,M53,O53,Q53,S53,U53,W53,Y53,AA53) -> 0 | D53: =SUM(F53,H53,J53,L53,N53,P53,R53,T53,V53,X53,Z53,AB53) -> 0 | E53: ='2-0023'!C6 -> 0 | G53: ='2-0023'!D6 -> 0 | I53: ='2-0023'!E6 -> 0 | K53: ='2-0023'!F6 -> 0 | M53: ='2-0023'!G6 -> 0 | O53: ='2-0023'!H6 -> 0 | Q53: ='2-0023'!I6 -> 0 | S53: ='2-0023'!J6 -> 0 | U53: ='2-0023'!K6 -> 0 | W53: ='2-0023'!L6 -> 0 | Y53: ='2-0023'!M6 -> 0 | AA53: ='2-0023'!N6 -> 0
A54: 2-0046 | B54: ='2-0046'!A3 -> Содержание прибрежной полосы( аренда, лицензия, проект) | C54: =SUM(E54,G54,I54,K54,M54,O54,Q54,S54,U54,W54,Y54,AA54) -> 2360000 | D54: =SUM(F54,H54,J54,L54,N54,P54,R54,T54,V54,X54,Z54,AB54) -> 30000 | E54: ='2-0046'!C3 -> 2030000 | G54: ='2-0046'!D3 -> 30000 | I54: ='2-0046'!E3 -> 30000 | K54: ='2-0046'!F3 -> 30000 | M54: ='2-0046'!G3 -> 30000 | O54: ='2-0046'!H3 -> 30000 | Q54: ='2-0046'!I3 -> 30000 | R54: ='2-0046'!J3 -> 30000 | S54: ='2-0046'!J3 -> 30000 | U54: ='2-0046'!K3 -> 30000 | W54: ='2-0046'!L3 -> 30000 | Y54: ='2-0046'!M3 -> 30000 | AA54: ='2-0046'!N3 -> 30000
A55: 2-0047 | B55: ='2-0047'!A3 -> Строительство и реконструкция объектов инфраструктуры | C55: =SUM(E55,G55,I55,K55,M55,O55,Q55,S55,U55,W55,Y55,AA55) -> 0 | D55: =SUM(F55,H55,J55,L55,N55,P55,R55,T55,V55,X55,Z55,AB55) -> 0 | E55: ='2-0047'!C3 -> 0 | G55: ='2-0047'!D3 -> 0 | I55: ='2-0047'!E3 -> 0 | K55: ='2-0047'!F3 -> 0 | M55: ='2-0047'!G3 -> 0 | O55: ='2-0047'!H3 -> 0 | Q55: ='2-0047'!I3 -> 0 | S55: ='2-0047'!J3 -> 0 | U55: ='2-0047'!K3 -> 0 | W55: ='2-0047'!L3 -> 0 | Y55: ='2-0047'!M3 -> 0 | AA55: ='2-0047'!N3 -> 0
B56: ='2-001'!A44 -> Охрана ЧОП | C56: =SUM(E56,G56,I56,K56,M56,O56,Q56,S56,U56,W56,Y56,AA56) -> 23250000 | D56: =SUM(F56,H56,J56,L56,N56,P56,R56,T56,V56,X56,Z56,AB56) -> 0 | E56: =SUM(E57:E61) -> 1935000 | F56: =SUM(F57:F61) -> 0 | G56: =SUM(G57:G61) -> 1935000 | H56: =SUM(H57:H61) -> 0 | I56: =SUM(I57:I61) -> 1945000 | J56: =SUM(J57:J61) -> 0 | K56: =SUM(K57:K61) -> 1935000 | L56: =SUM(L57:L61) -> 0 | ... AB56: =SUM(AB57:AB61) -> 0
A57: 2-0048 | B57: ='2-0048'!A3 -> Договор на охрану поселка | C57: =SUM(E57,G57,I57,K57,M57,O57,Q57,S57,U57,W57,Y57,AA57) -> 22800000 | D57: =SUM(F57,H57,J57,L57,N57,P57,R57,T57,V57,X57,Z57,AB57) -> 0 | E57: ='2-0048'!C3 -> 1900000 | G57: ='2-0048'!D3 -> 1900000 | I57: ='2-0048'!E3 -> 1900000 | K57: ='2-0048'!F3 -> 1900000 | M57: ='2-0048'!G3 -> 1900000 | O57: ='2-0048'!H3 -> 1900000 | Q57: ='2-0048'!I3 -> 1900000 | S57: ='2-0048'!J3 -> 1900000 | U57: ='2-0048'!K3 -> 1900000 | W57: ='2-0048'!L3 -> 1900000 | Y57: ='2-0048'!M3 -> 1900000 | AA57: ='2-0048'!N3 -> 1900000
A58: 2-0049 | B58: ='2-0049'!A3 -> Обслуживание и ремонт КПП | C58: =SUM(E58,G58,I58,K58,M58,O58,Q58,S58,U58,W58,Y58,AA58) -> 90000 | D58: =SUM(F58,H58,J58,L58,N58,P58,R58,T58,V58,X58,Z58,AB58) -> 0 | E58: ='2-0049'!C3 -> 15000 | G58: ='2-0049'!D3 -> 0 | I58: ='2-0049'!E3 -> 15000 | K58: ='2-0049'!F3 -> 0 | M58: ='2-0049'!G3 -> 15000 | O58: ='2-0049'!H3 -> 0 | Q58: ='2-0049'!I3 -> 15000 | S58: ='2-0049'!J3 -> 0 | U58: ='2-0049'!K3 -> 15000 | W58: ='2-0049'!L3 -> 0 | Y58: ='2-0049'!M3 -> 15000 | AA58: ='2-0049'!N3 -> 0
A59: 2-0050 | B59: ='2-0050'!A3 -> Расходные материалы для изготовления пропусков | C59: =SUM(E59,G59,I59,K59,M59,O59,Q59,S59,U59,W59,Y59,AA59) -> 30000 | D59: =SUM(F59,H59,J59,L59,N59,P59,R59,T59,V59,X59,Z59,AB59) -> 0 | E59: ='2-0050'!C3 -> 0 | G59: ='2-0050'!D3 -> 0 | I59: ='2-0050'!E3 -> 10000 | K59: ='2-0050'!F3 -> 0 | M59: ='2-0050'!G3 -> 0 | O59: ='2-0050'!H3 -> 0 | Q59: ='2-0050'!I3 -> 0 | S59: ='2-0050'!J3 -> 10000 | U59: ='2-0050'!K3 -> 0 | W59: ='2-0050'!L3 -> 0 | Y59: ='2-0050'!M3 -> 0 | AA59: ='2-0050'!N3 -> 10000
A60: 2-0051 | B60: ='2-0051'!A3 -> Обслуживание камер системы видеонаблюдения (покупка и ремонт камер, ПО и сервер, работы) | C60: =SUM(E60,G60,I60,K60,M60,O60,Q60,S60,U60,W60,Y60,AA60) -> 90000 | D60: =SUM(F60,H60,J60,L60,N60,P60,R60,T60,V60,X60,Z60,AB60) -> 0 | E60: ='2-0051'!C3 -> 0 | G60: ='2-0051'!D3 -> 15000 | I60: ='2-0051'!E3 -> 0 | K60: ='2-0051'!F3 -> 15000 | M60: ='2-0051'!G3 -> 0 | O60: ='2-0051'!H3 -> 15000 | Q60: ='2-0051'!I3 -> 0 | S60: ='2-0051'!J3 -> 15000 | U60: ='2-0051'!K3 -> 0 | W60: ='2-0051'!L3 -> 15000 | Y60: ='2-0051'!M3 -> 0 | AA60: ='2-0051'!N3 -> 15000
A61: 2-0053 | B61: ='2-0053'!A3 -> Обслуживание ОПС (Ремонты, ТО ) | C61: =SUM(E61,G61,I61,K61,M61,O61,Q61,S61,U61,W61,Y61,AA61) -> 240000 | D61: =SUM(F61,H61,J61,L61,N61,P61,R61,T61,V61,X61,Z61,AB61) -> 0 | E61: ='2-0053'!C3 -> 20000 | G61: ='2-0053'!D3 -> 20000 | I61: ='2-0053'!E3 -> 20000 | K61: ='2-0053'!F3 -> 20000 | M61: ='2-0053'!G3 -> 20000 | O61: ='2-0053'!H3 -> 20000 | Q61: ='2-0053'!I3 -> 20000 | S61: ='2-0053'!J3 -> 20000 | U61: ='2-0053'!K3 -> 20000 | W61: ='2-0053'!L3 -> 20000 | Y61: ='2-0053'!M3 -> 20000 | AA61: ='2-0053'!N3 -> 20000
B62: ='2-001'!A51 -> Затраты на обслуживание сетей (работы, услуги, материалы (кроме ВЗУ)) | C62: =SUM(E62,G62,I62,K62,M62,O62,Q62,S62,U62,W62,Y62,AA62) -> 630000 | D62: =SUM(F62,H62,J62,L62,N62,P62,R62,T62,V62,X62,Z62,AB62) -> 0 | E62: =SUM(E63:E66) -> 70000 | F62: =SUM(F63:F66) -> 0 | G62: =SUM(G63:G66) -> 35000 | H62: =SUM(H63:H66) -> 0 | I62: =SUM(I63:I66) -> 35000 | J62: =SUM(J63:J66) -> 0 | K62: =SUM(K63:K66) -> 75000 | L62: =SUM(L63:L66) -> 0 | ... AB62: =SUM(AB63:AB66) -> 0
A63: 2-0054 | B63: ='2-0054'!A3 -> Обслуживание сетей Хозяйтсвенно-бытовой канализации (Модернизация, ремонты, ТО) | C63: =SUM(E63,G63,I63,K63,M63,O63,Q63,S63,U63,W63,Y63,AA63) -> 380000 | D63: =SUM(F63,H63,J63,L63,N63,P63,R63,T63,V63,X63,Z63,AB63) -> 0 | E63: ='2-0054'!C3 -> 40000 | G63: ='2-0054'!D3 -> 20000 | I63: ='2-0054'!E3 -> 20000 | K63: ='2-0054'!F3 -> 20000 | M63: ='2-0054'!G3 -> 40000 | O63: ='2-0054'!H3 -> 0 | Q63: ='2-0054'!I3 -> 40000 | S63: ='2-0054'!J3 -> 20000 | U63: ='2-0054'!K3 -> 20000 | W63: ='2-0054'!L3 -> 120000 | Y63: ='2-0054'!M3 -> 40000 | AA63: ='2-0054'!N3 -> 0
A64: 2-0055 | B64: ='2-0055'!A3 -> Обслуживание сетей пож.водопровода (Модернизация, Ремонты, ТО, документация) | C64: =SUM(E64,G64,I64,K64,M64,O64,Q64,S64,U64,W64,Y64,AA64) -> 60000 | D64: =SUM(F64,H64,J64,L64,N64,P64,R64,T64,V64,X64,Z64,AB64) -> 0 | E64: ='2-0055'!C3 -> 0 | G64: ='2-0055'!D3 -> 0 | I64: ='2-0055'!E3 -> 0 | K64: ='2-0055'!F3 -> 0 | M64: ='2-0055'!G3 -> 30000 | O64: ='2-0055'!H3 -> 0 | Q64: ='2-0055'!I3 -> 0 | S64: ='2-0055'!J3 -> 0 | U64: ='2-0055'!K3 -> 30000 | W64: ='2-0055'!L3 -> 0 | Y64: ='2-0055'!M3 -> 0 | AA64: ='2-0055'!N3 -> 0
A65: 2-0056 | B65: ='2-0056'!A3 -> Расходные материалы (инструменты, расходные материалы) | C65: =SUM(E65,G65,I65,K65,M65,O65,Q65,S65,U65,W65,Y65,AA65) -> 150000 | D65: =SUM(F65,H65,J65,L65,N65,P65,R65,T65,V65,X65,Z65,AB65) -> 0 | E65: ='2-0056'!C3 -> 30000 | G65: ='2-0056'!D3 -> 15000 | I65: ='2-0056'!G3 -> 15000 | K65: ='2-0056'!I3 -> 15000 | M65: ='2-0056'!K3 -> 0 | O65: ='2-0056'!H3 -> 0 | Q65: ='2-0056'!I3 -> 15000 | S65: ='2-0056'!J3 -> 15000 | U65: ='2-0056'!K3 -> 0 | W65: ='2-0056'!L3 -> 15000 | Y65: ='2-0056'!M3 -> 15000 | AA65: ='2-0056'!N3 -> 15000
A66: 2-0057 | B66: ='2-001'!A55 -> Обслуживание ЛОСов (Ремонты, ТО) | C66: =SUM(E66,G66,I66,K66,M66,O66,Q66,S66,U66,W66,Y66,AA66) -> 40000 | D66: =SUM(F66,H66,J66,L66,N66,P66,R66,T66,V66,X66,Z66,AB66) -> 0 | E66: ='2-0057'!C3 -> 0 | G66: ='2-0057'!D3 -> 0 | I66: ='2-0057'!E3 -> 0 | K66: ='2-0057'!F3 -> 40000 | M66: ='2-0057'!G3 -> 0 | O66: ='2-0057'!H3 -> 0 | Q66: ='2-0057'!I3 -> 0 | S66: ='2-0057'!J3 -> 0 | U66: ='2-0057'!K3 -> 0 | W66: ='2-0057'!L3 -> 0 | Y66: ='2-0057'!M3 -> 0 | AA66: ='2-0057'!N3 -> 0
B67: ='2-001'!A56 -> Электрохозяйство | C67: =SUM(E67,G67,I67,K67,M67,O67,Q67,S67,U67,W67,Y67,AA67) -> 600000 | D67: =SUM(F67,H67,J67,L67,N67,P67,R67,T67,V67,X67,Z67,AB67) -> 0 | E67: =SUM(E68:E70) -> 45000 | F67: =SUM(F68:F70) -> 0 | G67: =SUM(G68:G70) -> 15000 | H67: =SUM(H68:H70) -> 0 | I67: =SUM(I68:I70) -> 115000 | K67: =SUM(K68:K70) -> 55000 | L67: =SUM(L68:L70) -> 0 | M67: =SUM(M68:M70) -> 50000 | N67: =SUM(N68:N70) -> 0 | O67: =SUM(O68:O70) -> 0 | P67: =SUM(P68:P70) -> 0 | Q67: =SUM(Q68:Q70) -> 30000 | R67: =SUM(R68:R70) -> 0 | ... AB67: =SUM(AB68:AB70) -> 0
A68: 2-0058 | B68: ='2-0058'!A3 -> Электрохозяйство (Аварийный ремонт, модернизация инженерных сооружений) | C68: =SUM(E68,G68,I68,K68,M68,O68,Q68,S68,U68,W68,Y68,AA68) -> 300000 | D68: =SUM(F68,H68,J68,L68,N68,P68,R68,T68,V68,X68,Z68,AB68) -> 0 | E68: ='2-0058'!C3 -> 45000 | G68: ='2-0058'!D3 -> 15000 | I68: ='2-0058'!E3 -> 15000 | K68: ='2-0058'!F3 -> 55000 | M68: ='2-0058'!G3 -> 50000 | O68: ='2-0058'!H3 -> 0 | Q68: ='2-0058'!I3 -> 30000 | S68: ='2-0058'!J3 -> 15000 | U68: ='2-0058'!K3 -> 15000 | W68: ='2-0058'!L3 -> 15000 | Y68: ='2-0058'!M3 -> 30000 | AA68: ='2-0058'!N3 -> 15000
A69: 2-0060 | B69: ='2-0060'!A3 -> Обслуживание сетей нар.освещения (Ремонты, ТО, документация) | C69: =SUM(E69,G69,I69,K69,M69,O69,Q69,S69,U69,W69,Y69,AA69) -> 200000 | D69: =SUM(F69,H69,J69,L69,N69,P69,R69,T69,V69,X69,Z69,AB69) -> 0 | E69: ='2-0060'!C3 -> 0 | G69: ='2-0060'!D3 -> 0 | I69: ='2-0060'!E3 -> 0 | K69: ='2-0060'!F3 -> 0 | M69: ='2-0060'!G3 -> 0 | O69: ='2-0060'!H3 -> 0 | Q69: ='2-0060'!I3 -> 0 | S69: ='2-0060'!J3 -> 0 | U69: ='2-0060'!K3 -> 0 | W69: ='2-0060'!L3 -> 0 | Y69: ='2-0060'!M3 -> 0 | AA69: ='2-0060'!N3 -> 200000
A70: 2-0061 | B70: ='2-0061'!A3 -> Мероприятия по переаттестации ( электробезопасность, работа на высоте, работник люльки) | C70: =SUM(E70,G70,I70,K70,M70,O70,Q70,S70,U70,W70,Y70,AA70) -> 100000 | D70: =SUM(F70,H70,J70,L70,N70,P70,R70,T70,V70,X70,Z70,AB70) -> 0 | E70: ='2-0061'!C3 -> 0 | G70: ='2-0061'!D3 -> 0 | I70: ='2-0061'!E3 -> 100000 | K70: ='2-0061'!F3 -> 0 | M70: ='2-0061'!G3 -> 0 | O70: ='2-0061'!H3 -> 0 | Q70: ='2-0061'!I3 -> 0 | S70: ='2-0061'!J3 -> 0 | U70: ='2-0061'!K3 -> 0 | W70: ='2-0061'!L3 -> 0 | Y70: ='2-0061'!M3 -> 0 | AA70: ='2-0061'!N3 -> 0
A71: 2-0062 | B71: ='2-0062'!A3 -> Имущественные налоги (земельный налог, окружающая среда) | C71: =SUM(E71,G71,I71,K71,M71,O71,Q71,S71,U71,W71,Y71,AA71) -> 3186500 | D71: =SUM(F71,H71,J71,L71,N71,P71,R71,T71,V71,X71,Z71,AB71) -> 0 | E71: ='2-0062'!C3 -> 650000 | G71: ='2-0062'!D3 -> 107000 | I71: ='2-0062'!E3 -> 697000 | K71: ='2-0062'!F3 -> 0 | M71: ='2-0062'!G3 -> 0 | O71: ='2-0062'!H3 -> 650000 | Q71: ='2-0062'!I3 -> 0 | S71: ='2-0062'!J3 -> 0 | U71: ='2-0062'!K3 -> 650000 | W71: ='2-0062'!L3 -> 337500 | Y71: ='2-0062'!M3 -> 95000 | AA71: ='2-0062'!N3 -> 0
A72: 2-0063 | B72: ='2-0063'!A3 -> Общепоселковые Мероприятия | C72: =SUM(E72,G72,I72,K72,M72,O72,Q72,S72,U72,W72,Y72,AA72) -> 360000 | D72: =SUM(F72,H72,J72,L72,N72,P72,R72,T72,V72,X72,Z72,AB72) -> 0 | E72: ='2-0063'!C3 -> 80000 | G72: ='2-0063'!D3 -> 0 | I72: ='2-0063'!E3 -> 100000 | K72: ='2-0063'!F3 -> 0 | M72: ='2-0063'!G3 -> 100000 | O72: ='2-0063'!H3 -> 0 | Q72: ='2-0063'!I3 -> 0 | S72: ='2-0063'!J3 -> 0 | U72: ='2-0063'!K3 -> 0 | W72: ='2-0063'!L3 -> 0 | Y72: ='2-0063'!M3 -> 0 | AA72: ='2-0063'!N3 -> 80000
B73: ='2-001'!A63 -> Интернет | C73: =SUM(E73,G73,I73,K73,M73,O73,Q73,S73,U73,W73,Y73,AA73) -> 0 | D73: =SUM(F73,H73,J73,L73,N73,P73,R73,T73,V73,X73,Z73,AB73) -> 0 | E73: =SUM(E74:E76) -> 0 | F73: =SUM(F74:F76) -> 0 | G73: =SUM(G74:G76) -> 0 | H73: =SUM(H74:H76) -> 0 | I73: =SUM(I74:I76) -> 0 | J73: =SUM(J74:J76) -> 0 | K73: =SUM(K74:K76) -> 0 | L73: =SUM(L74:L76) -> 0 | ... AB73: =SUM(AB74:AB76) -> 0
A74: 2-0064 | B74: ='2-0064'!A3 -> Обслуживание интернета | C74: =SUM(E74,G74,I74,K74,M74,O74,Q74,S74,U74,W74,Y74,AA74) -> 0 | D74: =SUM(F74,H74,J74,L74,N74,P74,R74,T74,V74,X74,Z74,AB74) -> 0 | E74: ='2-0064'!C3 -> 0 | G74: ='2-0064'!D3 -> 0 | I74: ='2-0064'!E3 -> 0 | K74: ='2-0064'!F3 -> 0 | M74: ='2-0064'!G3 -> 0 | O74: ='2-0064'!H3 -> 0 | Q74: ='2-0064'!I3 -> 0 | S74: ='2-0064'!J3 -> 0 | U74: ='2-0064'!K3 -> 0 | W74: ='2-0064'!L3 -> 0 | Y74: ='2-0064'!M3 -> 0 | AA74: ='2-0064'!N3 -> 0
A75: 2-0065 | B75: ='2-0065'!A3 -> Модернизация, условия лицензирования | C75: =SUM(E75,G75,I75,K75,M75,O75,Q75,S75,U75,W75,Y75,AA75) -> 0 | D75: =SUM(F75,H75,J75,L75,N75,P75,R75,T75,V75,X75,Z75,AB75) -> 0 | E75: ='2-0065'!C3 -> 0 | G75: ='2-0065'!D3 -> 0 | I75: ='2-0065'!E3 -> 0 | K75: ='2-0065'!F3 -> 0 | M75: ='2-0065'!G3 -> 0 | O75: ='2-0065'!H3 -> 0 | Q75: ='2-0065'!I3 -> 0 | S75: ='2-0065'!J3 -> 0 | U75: ='2-0065'!K3 -> 0 | W75: ='2-0065'!L3 -> 0 | Y75: ='2-0065'!M3 -> 0 | AA75: ='2-0065'!N3 -> 0
A76: 2-0066 | B76: ='2-0066'!A3 -> Кондиционирование серверной | C76: =SUM(E76,G76,I76,K76,M76,O76,Q76,S76,U76,W76,Y76,AA76) -> 0 | D76: =SUM(F76,H76,J76,L76,N76,P76,R76,T76,V76,X76,Z76,AB76) -> 0 | E76: ='2-0066'!C3 -> 0 | G76: ='2-0066'!D3 -> 0 | I76: ='2-0066'!E3 -> 0 | K76: ='2-0066'!F3 -> 0 | M76: ='2-0066'!G3 -> 0 | O76: ='2-0066'!H3 -> 0 | Q76: ='2-0066'!I3 -> 0 | S76: ='2-0066'!J3 -> 0 | U76: ='2-0066'!K3 -> 0 | W76: ='2-0066'!L3 -> 0 | Y76: ='2-0066'!M3 -> 0 | AA76: ='2-0066'!N3 -> 0
B77: ='2-001'!A67 -> ВЗУ | C77: =SUM(E77,G77,I77,K77,M77,O77,Q77,S77,U77,W77,Y77,AA77) -> 1020000 | D77: =SUM(F77,H77,J77,L77,N77,P77,R77,T77,V77,X77,Z77,AB77) -> 0 | E77: =SUM(E78:E81) -> 110000 | F77: =SUM(F78:F81) -> 0 | G77: =SUM(G78:G81) -> 40000 | H77: =SUM(H78:H81) -> 0 | I77: =SUM(I78:I81) -> 90000 | J77: =SUM(J78:J81) -> 0 | K77: =SUM(K78:K81) -> 80000 | L77: =SUM(L78:L81) -> 0 | ... Y77: =SUM(Y78:Y81) -> 55000 | AA77: =SUM(AA78:AA81) -> 60000 | AB77: =SUM(AB78:AB81) -> 0
A78: 2-0067 | B78: ='2-0067'!A3 -> Проектирование и модернизация ВЗУ в т.ч. ТО | C78: =SUM(E78,G78,I78,K78,M78,O78,Q78,S78,U78,W78,Y78,AA78) -> 410000 | D78: =SUM(F78,H78,J78,L78,N78,P78,R78,T78,V78,X78,Z78,AB78) -> 0 | E78: ='2-0067'!C3 -> 30000 | G78: ='2-0067'!D3 -> 0 | I78: ='2-0067'!E3 -> 50000 | K78: ='2-0067'!F3 -> 30000 | M78: ='2-0067'!G3 -> 50000 | O78: ='2-0067'!H3 -> 0 | Q78: ='2-0067'!I3 -> 150000 | S78: ='2-0067'!J3 -> 0 | U78: ='2-0067'!K3 -> 50000 | W78: ='2-0067'!L3 -> 30000 | Y78: ='2-0067'!M3 -> 0 | AA78: ='2-0067'!N3 -> 20000
A79: 2-0068 | B79: ='2-0068'!A3 -> Водный налог | C79: =SUM(E79,G79,I79,K79,M79,O79,Q79,S79,U79,W79,Y79,AA79) -> 100000 | D79: =SUM(F79,H79,J79,L79,N79,P79,R79,T79,V79,X79,Z79,AB79) -> 0 | E79: ='2-0068'!C3 -> 25000 | G79: ='2-0068'!D3 -> 0 | I79: ='2-0068'!E3 -> 0 | K79: ='2-0068'!F3 -> 25000 | M79: ='2-0068'!G3 -> 0 | O79: ='2-0068'!H3 -> 0 | Q79: ='2-0068'!I3 -> 25000 | S79: ='2-0068'!J3 -> 0 | U79: ='2-0068'!K3 -> 0 | W79: ='2-0068'!L3 -> 25000 | Y79: ='2-0068'!M3 -> 0 | AA79: ='2-0068'!N3 -> 0
A80: 2-0069 | B80: ='2-0069'!A3 -> Анализ воды | C80: =SUM(E80,G80,I80,K80,M80,O80,Q80,S80,U80,W80,Y80,AA80) -> 300000 | D80: =SUM(F80,H80,J80,L80,N80,P80,R80,T80,V80,X80,Z80,AB80) -> 0 | E80: ='2-0069'!C3 -> 25000 | G80: ='2-0069'!D3 -> 25000 | I80: ='2-0069'!E3 -> 25000 | K80: ='2-0069'!F3 -> 25000 | M80: ='2-0069'!G3 -> 25000 | O80: ='2-0069'!H3 -> 25000 | Q80: ='2-0069'!I3 -> 25000 | S80: ='2-0069'!J3 -> 25000 | U80: ='2-0069'!K3 -> 25000 | W80: ='2-0069'!L3 -> 25000 | Y80: ='2-0069'!M3 -> 25000 | AA80: ='2-0069'!N3 -> 25000
A81: 2-0070 | B81: ='2-0070'!A3 -> Обслуживание сетей водоснабжения (материалы, инструмент, ремонт) | C81: =SUM(E81,G81,I81,K81,M81,O81,Q81,S81,U81,W81,Y81,AA81) -> 210000 | D81: =SUM(F81,H81,J81,L81,N81,P81,R81,T81,V81,X81,Z81,AB81) -> 0 | E81: ='2-0070'!C3 -> 30000 | G81: ='2-0070'!D3 -> 15000 | I81: ='2-0070'!E3 -> 15000 | K81: ='2-0070'!F3 -> 0 | M81: ='2-0070'!G3 -> 30000 | O81: ='2-0070'!H3 -> 0 | Q81: ='2-0070'!I3 -> 30000 | S81: ='2-0070'!J3 -> 15000 | U81: ='2-0070'!K3 -> 15000 | W81: ='2-0070'!L3 -> 15000 | Y81: ='2-0070'!M3 -> 30000 | AA81: ='2-0070'!N3 -> 15000
A82: 2-0071 | B82: Непредвиденные расходы | C82: =SUM(E82,G82,I82,K82,M82,O82,Q82,S82,U82,W82,Y82,AA82) -> 600000 | D82: =SUM(F82,H82,J82,L82,N82,P82,R82,T82,V82,X82,Z82,AB82) -> 0 | E82: ='2-0071'!C3 -> 50000 | G82: ='2-0071'!D3 -> 50000 | I82: ='2-0071'!E3 -> 50000 | K82: ='2-0071'!F3 -> 50000 | M82: ='2-0071'!G3 -> 50000 | O82: ='2-0071'!H3 -> 50000 | Q82: ='2-0071'!I3 -> 50000 | S82: ='2-0071'!J3 -> 50000 | U82: ='2-0071'!K3 -> 50000 | W82: ='2-0071'!L3 -> 50000 | Y82: ='2-0071'!M3 -> 50000 | AA82: ='2-0071'!N3 -> 50000
B83: Долг Кривошапко | C83: =SUM(E83,G83,I83,K83,M83,O83,Q83,S83,U83,W83,Y83,AA83) -> 0 | D83: =SUM(F83,H83,J83,L83,N83,P83,R83,T83,V83,X83,Z83,AB83) -> 0 | E83: ='2-0071'!C4 -> 0 | G83: ='2-0071'!D4 -> 0 | I83: ='2-0071'!E4 -> 0 | K83: ='2-0071'!F4 -> 0 | M83: ='2-0071'!G4 -> 0 | O83: ='2-0071'!H4 -> 0 | Q83: ='2-0071'!I4 -> 0 | S83: ='2-0071'!J4 -> 0 | U83: ='2-0071'!K4 -> 0 | W83: ='2-0071'!L4 -> 0 | Y83: ='2-0071'!M4 -> 0
A84: 3 | B84: Временно выведенные средства (депозит) | M84: 5000000 | N84: 5000000 | O84: 5000000 | P84: 5000000 | Q84: 10000000 | R84: 10000000 | S84: 10000000 | T84: 10000000 | U84: 10000000 | V84: 10000000 | W84: 10000000 | Y84: 10000000 | AA84: 10000000
A86: 4 | B86: Профицит (- Дефицит) общий ( месячный) | C86: =SUM(E86:AA86) -> #REF! | E86: =SUM(E16-E19) -> #REF! | G86: =SUM(G16-G19) -> #REF! | I86: =SUM(I16-I19) -> #REF! | K86: =SUM(K16-K19) -> #REF! | M86: =SUM(M16-M19) -> #REF! | O86: =SUM(O16-O19) -> #REF! | Q86: =SUM(Q16-Q19) -> #REF! | S86: =SUM(S16-S19) -> #REF! | U86: =SUM(U16-U19) -> #REF! | W86: =SUM(W16-W19) -> #REF! | Y86: =SUM(Y16-Y19) -> #REF! | AA86: =SUM(AA16-AA19) -> #REF!

Sheet 1-000
A2: 1-000 | B2: =VLOOKUP(A2,Бюджет,2,FALSE) -> Остаток денежных средств на 01.01.2025 г. (входящее сальдо)
B6: Остатки денежных средств на 01.01.2025г.:
B8: р/с 1 Сбербанк | C8: 2000000
B9: р/с Россельхозбанк | C9: 2000000
B10: деп./с Россельхозбанк
B11: касса
B12: ИТОГО: | C12: =SUM(C8:C11) -> 4000000

Sheet 1-001
A1: Бюджет
A2: 1-001 | B2: =VLOOKUP(A2,Бюджет,2,FALSE) -> Депозит
B4: НП "Зеленый Мыс" планирует разместить в Россельхозбанке депозит . Срок его размещения -ежемесячно до конца года с уменьшением с июня месяца до 5 млн

Sheet 1-002
A1: Бюджет
A2: 1-002 | B2: =VLOOKUP(A2,Бюджет,2,FALSE) -> Ежемесячные членские взносы исходя из 100% плана
B5: Итого поступления ЧВ в год (руб.): | L5: =('1-0020'!D111+'1-0020'!I197)*12 -> 0
B7: 1/12 расходной части годового Бюджета (руб.) | L7: 5550000

Sheet 1-0020
A1: Бюджет | B1: № | C1: Лицевой счет, таунхаусы | D1: Членский взнос, руб | G1: № | H1: Лицевой счет, участки | I1: Членский взнос, руб
B2: 1 | C2: вл. №Т-1 | D2: 10200 | G2: 1 | H2: вл. № 102/Вр-ЭЗМ | I2: 12688.8
B3: 2 | C3: вл. №Т-10 | D3: 10200 | G3: 2 | H3: вл. № 103/Вр-ЭЗМ | I3: 12454.2
B4: 3 | C4: вл. №Т-100 | D4: 10200 | G4: 3 | H4: вл. № 104/Вр-ЭЗМ/1 | I4: 12678.6
B5: 4 | C5: вл. №Т-101 | D5: 10200 | G5: 4 | H5: вл. № 106 /Вр-ЭЗМ | I5: 15187.8
B6: 5 | C6: вл. №Т-102 | D6: 10200 | G6: 5 | H6: вл. № 107/Вр-ЭЗМ | I6: 24286.2
B7: 6 | C7: вл. №Т-103 | D7: 10200 | G7: 6 | H7: вл. № 108/Вр-ЭЗМ /1 | I7: 30630.6
B8: 7 | C8: вл. №Т-104 | D8: 10200 | G8: 7 | H8: вл. № 109/Вр-ЭЗМ | I8: 20420.4
B9: 8 | C9: вл. №Т-105/2 | D9: 10200 | G9: 8 | H9: вл. № 11/Вр-ЭЗМ | I9: 13137.6
B10: 9 | C10: вл. №Т-106 | D10: 10200 | G10: 9 | H10: вл. № 110/Вр-ЭЗМ | I10: 18390.6
B11: 10 | C11: вл. №Т-107 | D11: 10200 | G11: 10 | H11: вл. № 111/Вр-ЭЗМ | I11: 14290.2
B12: 11 | C12: вл. №Т-108 | D12: 10200 | G12: 11 | H12: вл. № 112/Вр-ЭЗМ /1 | I12: 18360
B13: 12 | C13: вл. №Т-109 | D13: 10200 | G13: 12 | H13: вл. № 113/Вр-ЭЗМ | I13: 20410.2
... B110: 109 | C110: вл. №Т-99 | D110: 10200 | G110: 109 | H110: вл. № 22/ВР-ЭЗМ | I110: 24510.6
G111: 110 | H111: вл. № 221/Вр-ЭЗМ | I111: 16350.6
G112: 111 | H112: вл. № 223/Вр-ЭЗМ | I112: 15881.4
G113: 112 | H113: вл. № 224/Вр-ЭЗМ/1 | I113: 16350.6
G114: 113 | H114: вл. № 225/Вр-ЭЗМ | I114: 13566
G115: 114 | H115: вл. № 226/Вр-ЭЗМ | I115: 13280.4
G116: 115 | H116: вл. № 227/Вр-ЭЗМ | I116: 15351
G117: 116 | H117: вл. № 228/Вр-ЭЗМ | I117: 14300.4
G118: 117 | H118: вл. № 23/Вр-ЭЗМ | I118: 20420.4
G119: 118 | H119: вл. № 24/Вр-ЭЗМ | I119: 15422.4
G120: 119 | H120: вл. № 24-а/ВР-ЭЗМ | I120: 15391.8
G121: 120 | H121: вл. № 25/Вр-ЭЗМ | I121: 20420.4
G122: 121 | H122: вл. № 26/Вр-ЭЗМ/2 | I122: 20512.2
... G196: 195 | H196: вл. № 99/Вр-ЭЗМ | I196: 14759.4

Sheet 1-0021
A1: Бюджет | C1: 1-0021
A3: Данная статья включает доходы от продажи холодной воды из водозаборного узла поселка
A7: янв | B7: фев | C7: мар | D7: апр | E7: май | F7: июн | G7: июл | H7: авг | I7: сен | J7: окт | K7: ноя | L7: дек
A8: 210000 | B8: 240000 | C8: 200000 | D8: 230000 | E8: 350000 | F8: 360000 | G8: 400000 | H8: 320000 | I8: 300000 | J8: 270000 | K8: 250000 | L8: 220000

Sheet 1-003
A1: Бюджет
A2: 1-003 | B2: =VLOOKUP(A2,Бюджет,2,FALSE) -> Собираемость, %
B4: Данная статья включает текущую собираемость членских взносов, а также собираемость задолженности прошлых периодов
B7: собираемость ЕЧВ составила | G7: 0.96
B9: Итого собираемость: | G9: =SUM(G7:G8) -> 0.96

Sheet 1-005
A1: Бюджет
A2: 1-005 | B2: =VLOOKUP(A2,Бюджет!A3:B70,2) -> Проценты по займам и вкладам (депозитам)
B5: НП "Зеленый Мыс" в целях сохранения и приумножения временно свободных денежных средств, осуществляет их краткосрочное размещение под проценты (депозиты):
G10: январь | H10: февраль | I10: март | J10: апрель | K10: май | L10: июнь | M10: июль | N10: август | O10: сентябрь | P10: октябрь | Q10: ноябрь | R10: декабрь
B11: Временно выведенные средства (депозит) | G11: 12000000 | H11: =G11-1000000 -> 11000000 | I11: =H11-1000000 -> 10000000 | J11: =I11-1000000 -> 9000000 | K11: =J11-1000000 -> 8000000 | L11: =K11-1000000 -> 7000000 | M11: =L11-1000000 -> 6000000 | N11: =M11-1000000 -> 5000000 | O11: =N11-1000000 -> 4000000 | ... R11: =Q11-1000000 -> 1000000
B12: Процентная ставка | G12: 0.16 | H12: 0.16 | I12: 0.16 | J12: 0.16 | K12: 0.16 | L12: 0.16 | M12: 0.16 | N12: 0.16 | O12: 0.16 | P12: 0.16 | Q12: 0.16 | R12: 0.16
B13: Проценты по займам и вкладам (депозитам) | G13: =G11*G12/12 -> 160000 | H13: =H11*H12/12 -> 146666.67 | I13: =I11*I12/12 -> 133333.33 | J13: =J11*J12/12 -> 120000 | K13: =K11*K12/12 -> 106666.67 | L13: =L11*L12/12 -> 93333.333 | M13: =M11*M12/12 -> 80000 | N13: =N11*N12/12 -> 66666.667 | ... R13: =R11*R12/12 -> 13333.333
B18: Итого: | N18: =SUM(G13:R13) -> 1040000

Sheet 1-004
A1: Бюджет
A2: 1-004 | B2: =VLOOKUP(A2,Бюджет,2,FALSE) -> Фактическое поступление ежемесячных членских взносов и коммунальных платежей за ХВС
B4: Данная статья включает фактическую собираемость ежемесячных членских взносов и коммунальных платежей
B6: янв | C6: фев | D6: мар | E6: апр | F6: май | G6: июн | H6: июл | I6: авг | J6: сен | K6: окт | L6: ноя | M6: дек
A7: Ежемесячные членские взносы исходя из 100% плана | B7: ='1-002'!L7 -> 5550000 | C7: ='1-002'!L7 -> 5550000 | D7: ='1-002'!L7 -> 5550000 | E7: ='1-002'!L7 -> 5550000 | F7: ='1-002'!L7 -> 5550000 | G7: ='1-002'!L7 -> 5550000 | H7: ='1-002'!L7 -> 5550000 | I7: ='1-002'!L7 -> 5550000 | J7: ='1-002'!L7 -> 5550000 | K7: ='1-002'!L7 -> 5550000 | L7: ='1-002'!L7 -> 5550000 | M7: ='1-002'!L7 -> 5550000
A8: Доходы от реализации холодной воды | B8: ='1-0021'!A8 -> 210000 | C8: ='1-0021'!B8 -> 240000 | D8: ='1-0021'!C8 -> 200000 | E8: ='1-0021'!D8 -> 230000 | F8: ='1-0021'!E8 -> 350000 | G8: ='1-0021'!F8 -> 360000 | H8: ='1-0021'!G8 -> 400000 | I8: ='1-0021'!H8 -> 320000 | ... M8: ='1-0021'!L8 -> 220000
A9: Собираемость, % | B9: ='1-003'!G9 -> 0.96 | C9: ='1-003'!G9 -> 0.96 | D9: ='1-003'!G9 -> 0.96 | E9: ='1-003'!G9 -> 0.96 | F9: ='1-003'!G9 -> 0.96 | G9: ='1-003'!G9 -> 0.96 | H9: ='1-003'!G9 -> 0.96 | I9: ='1-003'!G9 -> 0.96 | J9: ='1-003'!G9 -> 0.96 | K9: ='1-003'!G9 -> 0.96 | L9: ='1-003'!G9 -> 0.96 | M9: ='1-003'!G9 -> 0.96
A10: Фактическое поступление ежемесячных членских взносов и коммунальных платежей за ХВС | B10: =(B7+B8)*B9 -> 5529600 | C10: =(C7+C8)*C9 -> 5558400 | D10: =(D7+D8)*D9 -> 5520000 | E10: =(E7+E8)*E9 -> 5548800 | F10: =(F7+F8)*F9 -> 5664000 | G10: =(G7+G8)*G9 -> 5673600 | H10: =(H7+H8)*H9 -> 5712000 | I10: =(I7+I8)*I9 -> 5635200 | ... M10: =(M7+M8)*M9 -> 5539200

Sheet 1-006
A1: Бюджет
A2: 1-006
A3: Доходы от коммерческой деятельности НП "Зеленый мыс" включают в себя :
A4: 1. Доходы от аренды земельных участков мобильными операторами Теле-2, Мегафон
A5: 2.Прочие доходы от продажи услуг по оформлению пропусков, услуг сантехников, электриков, аренды техники и т.д.
A6: 3. Доходы от шиномонтажа
A7: 4. Дходы от оказания эксплутационных услуг юридическим лицам на территории поселка, жителям КРК
A8: 5. Вознаграждение от провайдеров интернета МТС и ЛОИС-нет, аренда оборудования МТС ( 15000-00)
A10: =Бюджет!B14 -> Поступления от коммерческой деятельности | B10: Ежемесячные | C10: Сезонные
A11: Аренда зем.участка | B11: 136000
A12: Сервитут | B12: =C33 -> 0
A13: Прочие | B13: 30000
A14: Шиномонтаж | C14: 200000
A15: Эксплуатационные услуги | B15: =B33 -> 1174400
A16: Вознаграждение от провайдеров, аренда от МТС | B16: =48100+15000 -> 63100
A17: Итого | B17: =SUM(B11:B16) -> 1403500 | C17: =SUM(C11:C15) -> 200000
A21: На территории поселка находятся юр. лица, с которыми НП заключил договора на эксплутационные услуги
A24: Название | B24: Экспл. Услуги
A25: АНОО "Ломоносовская школа-Зеленый мыс" | B25: 450000
A26: Берег | B26: 140000
A27: Зеленый мыс СПОРТ ООО | B27: 310000
A28: ООО "Релакс-Сервис" | B28: 50000 | C28: сервитут
A29: ООО "ЭЛЛИНГ" | B29: 10000 | C29: сервитут
A30: ООО "Торговый дом "Зеленый остров" | B30: 8400
A31: Лазурный берег ( ИП Гусева ) | B31: 36000
A32: Жители КРК | B32: 170000
A33: Итого | B33: =SUM(B25:B32) -> 1174400

Sheet 1-007
A1: Бюджет
A2: 1-007 | B2: =VLOOKUP(A2,Бюджет,2,FALSE) -> #N/A
B4: В данную статью входят следующие поступления:
B7: от возмещения ущерба общему имуществу, добровольные пожертвования жителей
B12: Сумма: | G12: 300000

Sheet 1-008
A1: Бюджет
A2: 1-008 | B2: =VLOOKUP(A2,Бюджет,2,FALSE) -> #N/A
B4: В данную статью входят следующие поступления:
B6: возмещение судебных издержек
B15: январь | C15: февраль | D15: март | E15: апрель | F15: май | G15: июнь | H15: июль | I15: август | J15: сентябрь | K15: октябрь | L15: ноябрь | M15: декабрь
A16: =SUM(B16:M16) -> 5725000 | B16: =SUM(B17:B18) -> 0 | C16: =SUM(C17:C18) -> 0 | D16: =SUM(D17:D18) -> 2025000 | E16: =SUM(E17:E18) -> 0 | F16: =SUM(F17:F18) -> 1025000 | G16: =SUM(G17:G18) -> 0 | H16: =SUM(H17:H18) -> 1025000 | I16: =SUM(I17:I18) -> 0 | ... M16: =SUM(M17:M18) -> 0
A17: Поступления от должников | D17: 2000000 | F17: 1000000 | H17: 1000000 | J17: 800000 | L17: 800000
A18: Возмещение судебных издержек | D18: 25000 | F18: 25000 | H18: 25000 | J18: 25000 | L18: 25000

Sheet 2-001
A1: Бюджет
A2: Расходы НП "Зеленый Мыс" | B2: 2020г. | C2: янв | D2: фев | E2: мар | F2: апр | G2: май | H2: июн | I2: июл | J2: авг | K2: сен | L2: окт | M2: ноя | N2: дек
A3: Расходы на содержание УК | B3: =SUM(B4:B19) -> 36535426 | C3: =SUM(C4:C19) -> 3312618.8 | D3: =SUM(D4:D19) -> 2948618.8 | E3: =SUM(E4:E19) -> 3089618.8 | F3: =SUM(F4:F19) -> 3308618.8 | G3: =SUM(G4:G19) -> 2899618.8 | H3: =SUM(H4:H19) -> 2872618.8 | I3: =SUM(I4:I19) -> 3176618.8 | ... N3: =SUM(N4:N19) -> 2922618.8
A4: Выплата заработной платы ( в т. ч. НДФЛ ) | B4: =SUM(C4:N4) -> 16200000 | C4: 1350000 | D4: 1350000 | E4: 1350000 | F4: 1350000 | G4: 1350000 | H4: 1350000 | I4: 1350000 | J4: 1350000 | K4: 1350000 | L4: 1350000 | M4: 1350000 | N4: 1350000
A5: Страховые взносы с ФОТ | B5: =SUM(C5:N5) -> 8044137.9 | C5: =C4/0.87-C4+C4/0.87*0.302 -> 670344.83 | D5: =D4/0.87-D4+D4/0.87*0.302 -> 670344.83 | E5: =E4/0.87-E4+E4/0.87*0.302 -> 670344.83 | F5: =F4/0.87-F4+F4/0.87*0.302 -> 670344.83 | G5: =G4/0.87-G4+G4/0.87*0.302 -> 670344.83 | H5: =H4/0.87-H4+H4/0.87*0.302 -> 670344.83 | I5: =I4/0.87-I4+I4/0.87*0.302 -> 670344.83 | J5: =J4/0.87-J4+J4/0.87*0.302 -> 670344.83 | ... N5: =N4/0.87-N4+N4/0.87*0.302 -> 670344.83
A6: Правовое обслуживание, консультационные услуги (Главбух, Контур) | B6: =SUM(C6:N6) -> 136000 | C6: 54000 | E6: 22000 | F6: 60000
A7: Расходы на компьютеоы и оргтехнику | B7: =SUM(C7:N7) -> 300000 | C7: 25000 | D7: 25000 | E7: 25000 | F7: 25000 | G7: 25000 | H7: 25000 | I7: 25000 | J7: 25000 | K7: 25000 | L7: 25000 | M7: 25000 | N7: 25000
A8: Содержание офиса -канцтовары, хозтовары | B8: =SUM(C8:N8) -> 120000 | C8: 10000 | D8: 10000 | E8: 10000 | F8: 10000 | G8: 10000 | H8: 10000 | I8: 10000 | J8: 10000 | K8: 10000 | L8: 10000 | M8: 10000 | N8: 10000
A9: Аренда помещений | B9: =SUM(C9:N9) -> 1547292 | C9: =108818+20123 -> 128941 | D9: =108818+20123 -> 128941 | E9: =108818+20123 -> 128941 | F9: =108818+20123 -> 128941 | G9: =108818+20123 -> 128941 | H9: =108818+20123 -> 128941 | I9: =108818+20123 -> 128941 | J9: =108818+20123 -> 128941 | ... N9: =108818+20123 -> 128941
A10: коммуналка офиса и произв площадок (теплоснабжение и горячая вода) | B10: =SUM(C10:N10) -> 840000 | C10: 90000 | D10: 90000 | E10: 80000 | F10: 80000 | G10: 60000 | H10: 40000 | I10: 40000 | J10: 40000 | K10: 60000 | L10: 80000 | M10: 90000 | N10: 90000
A11: Услуги связи и почтовые услуги | B11: =SUM(C11:N11) -> 240000 | C11: 20000 | D11: 20000 | E11: 20000 | F11: 20000 | G11: 20000 | H11: 20000 | I11: 20000 | J11: 20000 | K11: 20000 | L11: 20000 | M11: 20000 | N11: 20000
A12: Услуги банков (комиссия за РКО, эквайринг) | B12: =SUM(C12:N12) -> 840000 | C12: 70000 | D12: 70000 | E12: 70000 | F12: 70000 | G12: 70000 | H12: 70000 | I12: 70000 | J12: 70000 | K12: 70000 | L12: 70000 | M12: 70000 | N12: 70000
A13: Кадастрирование, изыскания, ЕГРН (Контур-Фокус) | B13: =SUM(C13:N13) -> 55000 | K13: 55000
A14: Накладные расходы бухгалтерии (программное обеспечение 1С, сайта и приложения ЖКХ, ТО касс. техники ) | B14: =SUM(C14:N14) -> 211000 | E14: =15000+40000+60000+4000 -> 119000 | G14: =8000+3000 -> 11000 | H14: 4000 | I14: =8000 -> 8000 | K14: =15000+40000+6000+4000 -> 65000 | N14: 4000
A15: Услуги сторонних контрагентов ( самозанятые) | B15: =SUM(C15:N15) -> 2400000 | C15: 200000 | D15: 200000 | E15: 200000 | F15: 200000 | G15: 200000 | H15: 200000 | I15: 200000 | J15: 200000 | K15: 200000 | L15: 200000 | M15: 200000 | N15: 200000
A16: Услуги сторонних контрагентов ( аутсафтинг) | B16: =SUM(C16:N16) -> 2790000 | C16: 260000 | D16: 250000 | E16: 260000 | F16: 260000 | G16: 220000 | H16: 220000 | I16: 220000 | J16: 220000 | K16: 220000 | L16: 220000 | M16: 220000 | N16: 220000
A17: Налог УСН | B17: =SUM(C17:N17) -> 1200000 | C17: 300000 | F17: 300000 | I17: 300000 | L17: 300000
A18: Аренда производственных площадок (ЗУ под технику И АТС АХК) | B18: =SUM(C18:N18) -> 411996 | C18: =33333+1000 -> 34333 | D18: =33333+1000 -> 34333 | E18: =33333+1000 -> 34333 | F18: =33333+1000 -> 34333 | G18: =33333+1000 -> 34333 | H18: =33333+1000 -> 34333 | I18: =33333+1000 -> 34333 | J18: =33333+1000 -> 34333 | ... N18: =33333+1000 -> 34333
A19: Потери по электроэнергии | B19: =SUM(C19:N19) -> 1200000 | C19: 100000 | D19: 100000 | E19: 100000 | F19: 100000 | G19: 100000 | H19: 100000 | I19: 100000 | J19: 100000 | K19: 100000 | L19: 100000 | M19: 100000 | N19: 100000
A20: Транспорт | B20: =SUM(B21:B26) -> 2779000 | C20: =SUM(C21:C26) -> 305000 | D20: =SUM(D21:D26) -> 270000 | E20: =SUM(E21:E26) -> 190000 | F20: =SUM(F21:F26) -> 185000 | G20: =SUM(G21:G26) -> 676000 | H20: =SUM(H21:H26) -> 136000 | I20: =SUM(I21:I26) -> 145000 | ... N20: =SUM(N21:N26) -> 270000
A21: ГСМ для ТС | B21: =SUM(C21:N21) -> 1120000 | C21: 200000 | D21: 200000 | E21: 120000 | F21: 40000 | G21: 40000 | H21: 40000 | I21: 40000 | J21: 40000 | K21: 40000 | L21: 40000 | M21: 120000 | N21: 200000
A22: Транспорт (приобретение) | B22: =SUM(C22:N22) -> 550000 | G22: 550000
A23: Транспорт ( аренда) | B23: =SUM(C23:N23) -> 124000 | C23: 15000 | F23: 15000 | G23: 16000 | H23: 16000 | I23: 15000 | J23: 16000 | K23: 16000 | L23: 15000
A24: Страхование ТС | B24: =SUM(C24:N24) -> 65000 | F24: 40000 | H24: 10000 | L24: 15000
A25: Техническое обслуживание ТС, ремонты, запчасти | B25: =SUM(C25:N25) -> 840000 | C25: 70000 | D25: 70000 | E25: 70000 | F25: 70000 | G25: 70000 | H25: 70000 | I25: 70000 | J25: 70000 | K25: 70000 | L25: 70000 | M25: 70000 | N25: 70000
A26: Транспортный налог | B26: =SUM(C26:N26) -> 80000 | C26: 20000 | F26: 20000 | I26: 20000 | L26: 20000
A27: Обслуживание дорог | B27: =SUM(B28:B30) -> 860000 | C27: =SUM(C28:C30) -> 80000 | D27: =SUM(D28:D30) -> 80000 | E27: =SUM(E28:E30) -> 0 | F27: =SUM(F28:F30) -> 160000 | G27: =SUM(G28:G30) -> 120000 | H27: =SUM(H28:H30) -> 0 | I27: =SUM(I28:I30) -> 0 | ... M27: =SUM(M28:M30) -> 100000
A28: Ремонт дорожных покрытий | B28: =SUM(C28:N28) -> 320000 | F28: 160000 | G28: 120000 | K28: 20000 | L28: 20000
A29: Вывоз снега, уборка , чистка | B29: =SUM(C29:N29) -> 300000 | L29: 100000 | M29: 100000 | N29: 100000
A30: Песок, гранитная крошка, реагенты | B30: =SUM(C30:N30) -> 240000 | C30: 80000 | D30: 80000 | N30: 80000
A31: Благоустройство/озеленение | B31: =SUM(C31:N31) -> 5808400 | C31: =SUM(C32:C41) -> 308200 | D31: =SUM(D32:D41) -> 308200 | E31: =SUM(E32:E41) -> 338200 | F31: =SUM(F32:F41) -> 478200 | G31: =SUM(G32:G41) -> 773200 | H31: =SUM(H32:H41) -> 473200 | I31: =SUM(I32:I41) -> 413200 | J31: =SUM(J32:J41) -> 793200 | ... N31: =SUM(N32:N41) -> 328200
A32: Устройство, ремонт детских, спортивных площадок, шатра и МАФов | B32: =SUM(C32:N32) -> 910000 | G32: 20000 | H32: 20000 | I32: 20000 | J32: 400000 | K32: 450000
A33: Восстановление цветников, газонов (в т.ч. Обслуживание) Озеленение, покос | B33: =SUM(C33:N33) -> 500000 | F33: =55000+55000 -> 110000 | G33: =65000 -> 65000 | H33: =65000 -> 65000 | I33: =65000 -> 65000 | J33: =65000 -> 65000 | K33: =65000 -> 65000 | L33: =65000 -> 65000
A34: Санитарная обработка территорий | B34: =SUM(C34:N34) -> 60000 | H34: 60000
A35: Прочие расходы по благоустройству | B35: =SUM(C35:N35) -> 360000 | C35: 30000 | D35: 30000 | E35: 30000 | F35: 30000 | G35: 30000 | H35: 30000 | I35: 30000 | J35: 30000 | K35: 30000 | L35: 30000 | M35: 30000 | N35: 30000
A36: Инвентарь, в т.ч. Обслуживание и ремонт газонокосилок | B36: =SUM(C36:N36) -> 510000 | E36: 10000 | F36: 20000 | G36: 380000 | H36: 20000 | I36: 20000 | J36: 20000 | K36: 20000 | L36: 20000
A37: Организация полива растений и газона (Договор с МОБВУ, лицензия) | B37: =SUM(C37:N37) -> 0
A38: Вывоз мусора (фиксированная часть) | B38: =SUM(C38:N38) -> 2568000 | C38: 214000 | D38: 214000 | E38: 214000 | F38: 214000 | G38: 214000 | H38: 214000 | I38: 214000 | J38: 214000 | K38: 214000 | L38: 214000 | M38: 214000 | N38: 214000
A39: Вывоз мусора (переменная часть) | B39: =SUM(C39:N39) -> 290000 | C39: 20000 | D39: 20000 | E39: 40000 | F39: 40000 | G39: 20000 | H39: 20000 | I39: 20000 | J39: 20000 | K39: 30000 | L39: 20000 | M39: 20000 | N39: 20000
A40: Покупка мусорных мешков | B40: =SUM(C40:N40) -> 560000 | C40: 40000 | D40: 40000 | E40: 40000 | F40: 60000 | G40: 40000 | H40: 40000 | I40: 40000 | J40: 40000 | K40: 60000 | L40: 60000 | M40: 40000 | N40: 60000
A41: Биокабины | B41: =SUM(C41:N41) -> 50400 | C41: 4200 | D41: 4200 | E41: 4200 | F41: 4200 | G41: 4200 | H41: 4200 | I41: 4200 | J41: 4200 | K41: 4200 | L41: 4200 | M41: 4200 | N41: 4200
A42: Содержание прибрежной полосы( аренда, лицензия, проект) | B42: =SUM(C42:N42) -> 2283115.3 | C42: =18000+30000+12500 -> 60500 | D42: =1457615.27+30000 -> 1487615.3 | E42: =30000+50000 -> 80000 | F42: =30000 -> 30000 | G42: =30000 -> 30000 | H42: =30000+150000 -> 180000 | I42: =30000+235000 -> 265000 | J42: =30000 -> 30000 | K42: =30000 -> 30000 | L42: =30000 -> 30000 | M42: =30000 -> 30000 | N42: =30000 -> 30000
A43: Договор на водопользование ( оплата по договору водопользования) | B43: =SUM(C43:N43) -> 800000 | J43: 800000
A44: Охрана ЧОП | B44: =SUM(B45:B50) -> 12168200 | C44: =SUM(C45:C50) -> 976600 | D44: =SUM(D45:D50) -> 976600 | E44: =SUM(E45:E50) -> 976600 | F44: =SUM(F45:F50) -> 1413600 | G44: =SUM(G45:G50) -> 985600 | H44: =SUM(H45:H50) -> 985600 | I44: =SUM(I45:I50) -> 985600 | ... N44: =SUM(N45:N50) -> 973600
A45: Договор на охрану поселка | B45: =SUM(C45:N45) -> 11165000 | C45: 893000 | D45: 893000 | E45: 893000 | F45: =1070000+260000 -> 1330000 | G45: =890000+12000 -> 902000 | H45: =890000+12000 -> 902000 | I45: =890000+12000 -> 902000 | J45: 890000 | K45: 890000 | L45: 890000 | M45: 890000 | N45: 890000
A46: Система контроля доступа КПП № 1, 2,3 | B46: =SUM(C46:N46) -> 132000 | C46: 11000 | D46: 11000 | E46: 11000 | F46: 11000 | G46: 11000 | H46: 11000 | I46: 11000 | J46: 11000 | K46: 11000 | L46: 11000 | M46: 11000 | N46: 11000
A47: Расходные материалы (карточки, картреджи и т.д.) | B47: =SUM(C47:N47) -> 91200 | C47: 7600 | D47: 7600 | E47: 7600 | F47: 7600 | G47: 7600 | H47: 7600 | I47: 7600 | J47: 7600 | K47: 7600 | L47: 7600 | M47: 7600 | N47: 7600
A48: Обслуживание Системы видеонаблюдения (Ремонты, ТО) | B48: =SUM(C48:N48) -> 660000 | C48: 55000 | D48: 55000 | E48: 55000 | F48: 55000 | G48: 55000 | H48: 55000 | I48: 55000 | J48: 55000 | K48: 55000 | L48: 55000 | M48: 55000 | N48: 55000
A49: Модернизация и обсл-ие СКУД (Ремонты, ТО) | B49: =SUM(C49:N49) -> 120000 | C49: 10000 | D49: 10000 | E49: 10000 | F49: 10000 | G49: 10000 | H49: 10000 | I49: 10000 | J49: 10000 | K49: 10000 | L49: 10000 | M49: 10000 | N49: 10000
A50: Обслуживание ОПС (Ремонты, ТО, документация) | B50: =SUM(C50:N50) -> 0
A51: Затраты на обслуживание сетей (работы, услуги, материалы (кроме ВЗУ)) | B51: =SUM(B52:B55) -> 570000 | C51: =SUM(C52:C55) -> 20000 | D51: =SUM(D52:D55) -> 20000 | E51: =SUM(E52:E55) -> 20000 | F51: =SUM(F52:F55) -> 20000 | G51: =SUM(G52:G55) -> 20000 | H51: =SUM(H52:H55) -> 210000 | I51: =SUM(I52:I55) -> 30000 | ... N51: =SUM(N52:N55) -> 70000
A52: Обслуживание сетей Хозяйтсвенно-бытовой канализации (Модернизация, ремонты, ТО) | B52: =SUM(C52:N52) -> 270000 | H52: 170000 | K52: 50000 | N52: 50000
A53: Обслуживание сетей пож.водопровода (Модернизация, Ремонты, ТО, документация) | B53: =SUM(C53:N53) -> 20000 | I53: 10000 | M53: 10000
A54: Расходные материалы (инструменты. Расходные материалы) | B54: =SUM(C54:N54) -> 240000 | C54: 20000 | D54: 20000 | E54: 20000 | F54: 20000 | G54: 20000 | H54: 20000 | I54: 20000 | J54: 20000 | K54: 20000 | L54: 20000 | M54: 20000 | N54: 20000
A55: Обслуживание ЛОСов (Ремонты, ТО) | B55: =SUM(C55:N55) -> 40000 | H55: 20000 | L55: 20000
A56: Электрохозяйство | B56: =SUM(B57:B60) -> 421000 | C56: =SUM(C57:C60) -> 0 | D56: =SUM(D57:D60) -> 0 | E56: =SUM(E57:E60) -> 0 | F56: =SUM(F57:F60) -> 73000 | G56: =SUM(G57:G60) -> 78000 | H56: =SUM(H57:H60) -> 45000 | I56: =SUM(I57:I60) -> 55000 | ... N56: =SUM(N57:N60) -> 25000
A57: Обслуживание сетей электропитания (Модернизация, Ремонты, ТО, документация) | B57: =SUM(C57:N57) -> 107000 | F57: 27000 | G57: 20000 | I57: 30000 | L57: 30000
A58: Электрохозяйство ( Ремонт, модернизация инженерных сооружений) | B58: =SUM(C58:N58) -> 148000 | G58: 28000 | H58: 15000 | I58: 15000 | J58: 15000 | K58: 30000 | L58: 15000 | M58: 15000 | N58: 15000
A59: Обслуживание сетей нар.освещения (Ремонты, ТО, документация) | B59: =SUM(C59:N59) -> 126000 | F59: 46000 | G59: 10000 | H59: 10000 | I59: 10000 | J59: 10000 | K59: 10000 | L59: 10000 | M59: 10000 | N59: 10000
A60: Обучение и аттестация сотрудников | B60: =SUM(C60:N60) -> 40000 | G60: 20000 | H60: 20000
A61: Имущественные налоги (земельный налог, окружающая среда) | B61: =SUM(C61:N61) -> 651048 | C61: 162762 | F61: 162762 | I61: 162762 | L61: 162762
A62: Мероприятия | B62: =SUM(C62:N62) -> 0
A63: Интернет | B63: =SUM(B64:B66) -> 1623481.6 | C63: =SUM(C64) -> 101956.8 | D63: =SUM(D64) -> 101956.8 | E63: =SUM(E64) -> 101956.8 | F63: =SUM(F64) -> 101956.8 | G63: =SUM(G64) -> 101956.8 | H63: =SUM(H64) -> 101956.8 | I63: =SUM(I64) -> 101956.8 | J63: =SUM(J64) -> 101956.8 | ... N63: =SUM(N64) -> 101956.8
A64: Обслуживание ВОЛС (в т.ч. оплата Поставщикам) | B64: =SUM(C64:N64) -> 1223481.6 | C64: =101956.8 -> 101956.8 | D64: =101956.8 -> 101956.8 | E64: =101956.8 -> 101956.8 | F64: =101956.8 -> 101956.8 | G64: =101956.8 -> 101956.8 | H64: =101956.8 -> 101956.8 | I64: =101956.8 -> 101956.8 | J64: =101956.8 -> 101956.8 | ... N64: =101956.8 -> 101956.8
A65: Расходные матенриалы, инструмент, модернизация | B65: =SUM(C65:N65) -> 250000 | G65: 80000 | H65: 50000 | I65: 20000 | J65: 20000 | K65: 20000 | L65: 20000 | M65: 20000 | N65: 20000
A66: Кондиционирование серверной | B66: =SUM(C66:N66) -> 150000 | H66: 150000
A67: ВЗУ | B67: =SUM(C67:N67) -> 424700 | C67: =SUM(C68:C71) -> 20700 | D67: =SUM(D68:D71) -> 8400 | E67: =SUM(E68:E71) -> 25200 | F67: =SUM(F68:F71) -> 20600 | G67: =SUM(G68:G71) -> 68400 | H67: =SUM(H68:H71) -> 65200 | I67: =SUM(I68:I71) -> 27300 | J67: =SUM(J68:J71) -> 48400 | ... N67: =SUM(N68:N71) -> 25200
A68: Замена приборов учета | B68: =SUM(C68:N68) -> 180000 | G68: 60000 | H68: 40000 | J68: 40000 | M68: 40000
A69: водный налог | B69: =SUM(C69:N69) -> 60900 | C69: 12300 | F69: 12200 | I69: 18900 | L69: 17500
A70: Лицензия и Штрафные санкции за нарушение условий лицензирования | B70: =SUM(C70:N70) -> 0
A71: Обслуживание сетей водоснабжения (Модернизация, Ремонты, ТО) | B71: =SUM(C71:N71) -> 183800 | C71: 8400 | D71: 8400 | E71: 25200 | F71: 8400 | G71: 8400 | H71: 25200 | I71: 8400 | J71: 8400 | K71: 41000 | L71: 8400 | M71: 8400 | N71: 25200
B73: =B67+B63+B56+B61+B62+B51+B44+B42+B31+B27+B20+B3+B43 -> 64924371 | C73: =C67+C63+C56+C61+C62+C51+C44+C42+C31+C27+C20+C3+C43 -> 5348337.6 | D73: =D67+D63+D56+D61+D62+D51+D44+D42+D31+D27+D20+D3+D43 -> 6201390.9 | E73: =E67+E63+E56+E61+E62+E51+E44+E42+E31+E27+E20+E3+E43 -> 4821575.6 | F73: =F67+F63+F56+F61+F62+F51+F44+F42+F31+F27+F20+F3+F43 -> 5953737.6 | G73: =G67+G63+G56+G61+G62+G51+G44+G42+G31+G27+G20+G3+G43 -> 5752775.6 | H73: =H67+H63+H56+H61+H62+H51+H44+H42+H31+H27+H20+H3+H43 -> 5069575.6 | I73: =I67+I63+I56+I61+I62+I51+I44+I42+I31+I27+I20+I3+I43 -> 5362437.6 | ... N73: =N67+N63+N56+N61+N62+N51+N44+N42+N31+N27+N20+N3+N43 -> 4746575.6

Sheet 2-0011
A1: Бюджет
G2: 2-0011
A4: Данная статья отражает зарплату сотрудникам НП Зеленый Мыс и выплаты физ. лицам по договорам
B6: янв | C6: фев | D6: мар | E6: апр | F6: май | G6: июн | H6: июл | I6: авг | J6: сен | K6: окт | L6: ноя | M6: дек | N6: год
B7: =SUM(B8,B22,B25,B31,B37,B56) -> 3515345 | C7: =SUM(C8,C22,C25,C31,C37,C56) -> 3295345 | D7: =SUM(D8,D22,D25,D31,D37,D56) -> 3145345 | E7: =SUM(E8,E22,E25,E31,E37,E56) -> 3115345 | F7: =SUM(F8,F22,F25,F31,F37,F56) -> 3205345 | G7: =SUM(G8,G22,G25,G31,G37,G56) -> 3189345 | H7: =SUM(H8,H22,H25,H31,H37,H56) -> 3159345 | I7: =SUM(I8,I22,I25,I31,I37,I56) -> 3159345 | ... N7: =SUM(N8,N22,N25,N31,N37,N56) -> 38426140
A8: Административный персонал (директор,бухгалтерия, юрист, секретариат, диспетчера, водители-экспедиторы, уборщицы) | B8: =SUM(B9:B21) -> 1029765 | C8: =SUM(C9:C21) -> 1029765 | D8: =SUM(D9:D21) -> 1029765 | E8: =SUM(E9:E21) -> 1029765 | F8: =SUM(F9:F21) -> 1029765 | G8: =SUM(G9:G21) -> 1029765 | H8: =SUM(H9:H21) -> 1029765 | I8: =SUM(I9:I21) -> 1029765 | ... M8: =SUM(M9:M21) -> 1029765 | N8: =SUM(B8:M8) -> 12357180
A9: исполнительный директор | B9: 220000 | C9: 220000 | D9: 220000 | E9: 220000 | F9: 220000 | G9: 220000 | H9: 220000 | I9: 220000 | J9: 220000 | K9: 220000 | L9: 220000 | M9: 220000 | N9: =SUM(B9:M9) -> 2640000
A10: юрист | B10: 125000 | C10: 125000 | D10: 125000 | E10: 125000 | F10: 125000 | G10: 125000 | H10: 125000 | I10: 125000 | J10: 125000 | K10: 125000 | L10: 125000 | M10: 125000 | N10: =SUM(B10:M10) -> 1500000
A11: инспектор по кадрам-делопроизводитель | B11: 105000 | C11: 105000 | D11: 105000 | E11: 105000 | F11: 105000 | G11: 105000 | H11: 105000 | I11: 105000 | J11: 105000 | K11: 105000 | L11: 105000 | M11: 105000 | N11: =SUM(B11:M11) -> 1260000
A12: ассистент Правления | B12: 70000 | C12: 70000 | D12: 70000 | E12: 70000 | F12: 70000 | G12: 70000 | H12: 70000 | I12: 70000 | J12: 70000 | K12: 70000 | L12: 70000 | M12: 70000 | N12: =SUM(B12:M12) -> 840000
A13: главный бухгалтер | B13: 140000 | C13: 140000 | D13: 140000 | E13: 140000 | F13: 140000 | G13: 140000 | H13: 140000 | I13: 140000 | J13: 140000 | K13: 140000 | L13: 140000 | M13: 140000 | N13: =SUM(B13:M13) -> 1680000
A14: старший бухгалтер | B14: 90000 | C14: 90000 | D14: 90000 | E14: 90000 | F14: 90000 | G14: 90000 | H14: 90000 | I14: 90000 | J14: 90000 | K14: 90000 | L14: 90000 | M14: 90000 | N14: =SUM(B14:M14) -> 1080000
A15: бухгалтер-кассир (0.25 ставки) | B15: 6405 | C15: 6405 | D15: 6405 | E15: 6405 | F15: 6405 | G15: 6405 | H15: 6405 | I15: 6405 | J15: 6405 | K15: 6405 | L15: 6405 | M15: 6405 | N15: =SUM(B15:M15) -> 76860
A16: диспетчер | B16: 42000 | C16: 42000 | D16: 42000 | E16: 42000 | F16: 42000 | G16: 42000 | H16: 42000 | I16: 42000 | J16: 42000 | K16: 42000 | L16: 42000 | M16: 42000 | N16: =SUM(B16:M16) -> 504000
A17: диспетчер | B17: 42000 | C17: 42000 | D17: 42000 | E17: 42000 | F17: 42000 | G17: 42000 | H17: 42000 | I17: 42000 | J17: 42000 | K17: 42000 | L17: 42000 | M17: 42000 | N17: =SUM(B17:M17) -> 504000
A18: кассир (0.5 ставки) | B18: 12900 | C18: 12900 | D18: 12900 | E18: 12900 | F18: 12900 | G18: 12900 | H18: 12900 | I18: 12900 | J18: 12900 | K18: 12900 | L18: 12900 | M18: 12900 | N18: =SUM(B18:M18) -> 154800
A19: водитель-экспедитор | B19: 65000 | C19: 65000 | D19: 65000 | E19: 65000 | F19: 65000 | G19: 65000 | H19: 65000 | I19: 65000 | J19: 65000 | K19: 65000 | L19: 65000 | M19: 65000 | N19: =SUM(B19:M19) -> 780000
A20: водитель-экспедитор | B20: 65000 | C20: 65000 | D20: 65000 | E20: 65000 | F20: 65000 | G20: 65000 | H20: 65000 | I20: 65000 | J20: 65000 | K20: 65000 | L20: 65000 | M20: 65000 | N20: =SUM(B20:M20) -> 780000
A21: уборщица | B21: 46460 | C21: 46460 | D21: 46460 | E21: 46460 | F21: 46460 | G21: 46460 | H21: 46460 | I21: 46460 | J21: 46460 | K21: 46460 | L21: 46460 | M21: 46460 | N21: =SUM(B21:M21) -> 557520
A22: Главный инженер, Техник по учету ресурсов | B22: =SUM(B23:B24) -> 205000 | C22: =SUM(C23:C24) -> 205000 | D22: =SUM(D23:D24) -> 205000 | E22: =SUM(E23:E24) -> 205000 | F22: =SUM(F23:F24) -> 205000 | G22: =SUM(G23:G24) -> 205000 | H22: =SUM(H23:H24) -> 205000 | I22: =SUM(I23:I24) -> 205000 | ... M22: =SUM(M23:M24) -> 205000 | N22: =SUM(B22:M22) -> 2460000
A23: главный инженер | B23: 125000 | C23: 125000 | D23: 125000 | E23: 125000 | F23: 125000 | G23: 125000 | H23: 125000 | I23: 125000 | J23: 125000 | K23: 125000 | L23: 125000 | M23: 125000 | N23: =SUM(B23:M23) -> 1500000
A24: техник по учету потребляемых ресурсов | B24: 80000 | C24: 80000 | D24: 80000 | E24: 80000 | F24: 80000 | G24: 80000 | H24: 80000 | I24: 80000 | J24: 80000 | K24: 80000 | L24: 80000 | M24: 80000 | N24: =SUM(B24:M24) -> 960000
A25: Электрики | B25: =SUM(B26:B30) -> 325000 | C25: =SUM(C26:C30) -> 325000 | D25: =SUM(D26:D30) -> 325000 | E25: =SUM(E26:E30) -> 325000 | F25: =SUM(F26:F30) -> 325000 | G25: =SUM(G26:G30) -> 325000 | H25: =SUM(H26:H30) -> 325000 | I25: =SUM(I26:I30) -> 325000 | ... M25: =SUM(M26:M30) -> 325000 | N25: =SUM(B25:M25) -> 3900000
A26: электрик | B26: 65000 | C26: 65000 | D26: 65000 | E26: 65000 | F26: 65000 | G26: 65000 | H26: 65000 | I26: 65000 | J26: 65000 | K26: 65000 | L26: 65000 | M26: 65000 | N26: =SUM(B26:M26) -> 780000
A27: электрик | B27: 65000 | C27: 65000 | D27: 65000 | E27: 65000 | F27: 65000 | G27: 65000 | H27: 65000 | I27: 65000 | J27: 65000 | K27: 65000 | L27: 65000 | M27: 65000 | N27: =SUM(B27:M27) -> 780000
A28: электрик | B28: 65000 | C28: 65000 | D28: 65000 | E28: 65000 | F28: 65000 | G28: 65000 | H28: 65000 | I28: 65000 | J28: 65000 | K28: 65000 | L28: 65000 | M28: 65000 | N28: =SUM(B28:M28) -> 780000
A29: электрик | B29: 65000 | C29: 65000 | D29: 65000 | E29: 65000 | F29: 65000 | G29: 65000 | H29: 65000 | I29: 65000 | J29: 65000 | K29: 65000 | L29: 65000 | M29: 65000 | N29: =SUM(B29:M29) -> 780000
A30: электрик | B30: 65000 | C30: 65000 | D30: 65000 | E30: 65000 | F30: 65000 | G30: 65000 | H30: 65000 | I30: 65000 | J30: 65000 | K30: 65000 | L30: 65000 | M30: 65000 | N30: =SUM(B30:M30) -> 780000
A31: Сантехники | B31: =SUM(B32:B36) -> 325000 | C31: =SUM(C32:C36) -> 325000 | D31: =SUM(D32:D36) -> 325000 | E31: =SUM(E32:E36) -> 325000 | F31: =SUM(F32:F36) -> 325000 | G31: =SUM(G32:G36) -> 325000 | H31: =SUM(H32:H36) -> 325000 | I31: =SUM(I32:I36) -> 325000 | ... M31: =SUM(M32:M36) -> 325000 | N31: =SUM(B31:M31) -> 3900000
A32: слесарь-сантехник | B32: 65000 | C32: 65000 | D32: 65000 | E32: 65000 | F32: 65000 | G32: 65000 | H32: 65000 | I32: 65000 | J32: 65000 | K32: 65000 | L32: 65000 | M32: 65000 | N32: =SUM(B32:M32) -> 780000
A33: слесарь-сантехник | B33: 65000 | C33: 65000 | D33: 65000 | E33: 65000 | F33: 65000 | G33: 65000 | H33: 65000 | I33: 65000 | J33: 65000 | K33: 65000 | L33: 65000 | M33: 65000 | N33: =SUM(B33:M33) -> 780000
A34: слесарь-сантехник | B34: 65000 | C34: 65000 | D34: 65000 | E34: 65000 | F34: 65000 | G34: 65000 | H34: 65000 | I34: 65000 | J34: 65000 | K34: 65000 | L34: 65000 | M34: 65000 | N34: =SUM(B34:M34) -> 780000
A35: слесарь-сантехник | B35: 65000 | C35: 65000 | D35: 65000 | E35: 65000 | F35: 65000 | G35: 65000 | H35: 65000 | I35: 65000 | J35: 65000 | K35: 65000 | L35: 65000 | M35: 65000 | N35: =SUM(B35:M35) -> 780000
A36: слесарь-сантехник | B36: 65000 | C36: 65000 | D36: 65000 | E36: 65000 | F36: 65000 | G36: 65000 | H36: 65000 | I36: 65000 | J36: 65000 | K36: 65000 | L36: 65000 | M36: 65000 | N36: =SUM(B36:M36) -> 780000
A37: Благоустроители( нач службы, трактористы, рабочие) | B37: =SUM(B38:B55) -> 1172000 | C37: =SUM(C38:C55) -> 1172000 | D37: =SUM(D38:D55) -> 1172000 | E37: =SUM(E38:E55) -> 1172000 | F37: =SUM(F38:F55) -> 1172000 | G37: =SUM(G38:G55) -> 1172000 | H37: =SUM(H38:H55) -> 1172000 | I37: =SUM(I38:I55) -> 1172000 | ... M37: =SUM(M38:M55) -> 1172000 | N37: =SUM(B37:M37) -> 14064000
A38: руководитель службы эксплуатации | B38: 103000 | C38: 103000 | D38: 103000 | E38: 103000 | F38: 103000 | G38: 103000 | H38: 103000 | I38: 103000 | J38: 103000 | K38: 103000 | L38: 103000 | M38: 103000 | N38: =SUM(B38:M38) -> 1236000
A39: тракторист | B39: 65000 | C39: 65000 | D39: 65000 | E39: 65000 | F39: 65000 | G39: 65000 | H39: 65000 | I39: 65000 | J39: 65000 | K39: 65000 | L39: 65000 | M39: 65000 | N39: =SUM(B39:M39) -> 780000
A40: тракторист | B40: 65000 | C40: 65000 | D40: 65000 | E40: 65000 | F40: 65000 | G40: 65000 | H40: 65000 | I40: 65000 | J40: 65000 | K40: 65000 | L40: 65000 | M40: 65000 | N40: =SUM(B40:M40) -> 780000
A41: тракторист | B41: 65000 | C41: 65000 | D41: 65000 | E41: 65000 | F41: 65000 | G41: 65000 | H41: 65000 | I41: 65000 | J41: 65000 | K41: 65000 | L41: 65000 | M41: 65000 | N41: =SUM(B41:M41) -> 780000
A42: тракторист | B42: 65000 | C42: 65000 | D42: 65000 | E42: 65000 | F42: 65000 | G42: 65000 | H42: 65000 | I42: 65000 | J42: 65000 | K42: 65000 | L42: 65000 | M42: 65000 | N42: =SUM(B42:M42) -> 780000
A43: автомеханик | B43: 65000 | C43: 65000 | D43: 65000 | E43: 65000 | F43: 65000 | G43: 65000 | H43: 65000 | I43: 65000 | J43: 65000 | K43: 65000 | L43: 65000 | M43: 65000 | N43: =SUM(B43:M43) -> 780000
A44: рабочий по благоустройству территории | B44: 62000 | C44: 62000 | D44: 62000 | E44: 62000 | F44: 62000 | G44: 62000 | H44: 62000 | I44: 62000 | J44: 62000 | K44: 62000 | L44: 62000 | M44: 62000 | N44: =SUM(B44:M44) -> 744000
A45: рабочий по благоустройству территории | B45: 62000 | C45: 62000 | D45: 62000 | E45: 62000 | F45: 62000 | G45: 62000 | H45: 62000 | I45: 62000 | J45: 62000 | K45: 62000 | L45: 62000 | M45: 62000 | N45: =SUM(B45:M45) -> 744000
A46: рабочий по благоустройству территории | B46: 62000 | C46: 62000 | D46: 62000 | E46: 62000 | F46: 62000 | G46: 62000 | H46: 62000 | I46: 62000 | J46: 62000 | K46: 62000 | L46: 62000 | M46: 62000 | N46: =SUM(B46:M46) -> 744000
A47: рабочий по благоустройству территории | B47: 62000 | C47: 62000 | D47: 62000 | E47: 62000 | F47: 62000 | G47: 62000 | H47: 62000 | I47: 62000 | J47: 62000 | K47: 62000 | L47: 62000 | M47: 62000 | N47: =SUM(B47:M47) -> 744000
A48: рабочий по благоустройству территории | B48: 62000 | C48: 62000 | D48: 62000 | E48: 62000 | F48: 62000 | G48: 62000 | H48: 62000 | I48: 62000 | J48: 62000 | K48: 62000 | L48: 62000 | M48: 62000 | N48: =SUM(B48:M48) -> 744000
A49: рабочий по благоустройству территории | B49: 62000 | C49: 62000 | D49: 62000 | E49: 62000 | F49: 62000 | G49: 62000 | H49: 62000 | I49: 62000 | J49: 62000 | K49: 62000 | L49: 62000 | M49: 62000 | N49: =SUM(B49:M49) -> 744000
... A55: рабочий по благоустройству территории | B55: 62000 | C55: 62000 | D55: 62000 | E55: 62000 | F55: 62000 | G55: 62000 | H55: 62000 | I55: 62000 | J55: 62000 | K55: 62000 | L55: 62000 | M55: 62000 | N55: =SUM(B55:M55) -> 744000
A56: Доплаты сотрудникам ( праздн. дни, премии, мат. помощь) | B56: =SUM(B57:B59) -> 458580 | C56: =SUM(C57:C59) -> 238580 | D56: =SUM(D57:D59) -> 88580 | E56: =SUM(E57:E59) -> 58580 | F56: =SUM(F57:F59) -> 148580 | G56: =SUM(G57:G59) -> 132580 | H56: =SUM(H57:H59) -> 102580 | I56: =SUM(I57:I59) -> 102580 | ... N56: =SUM(N57:N59) -> 1744960
A57: Доплаты за работу в праздн. дни, компенсация питания | B57: =54000+400000 -> 454000 | C57: =54000+30000 -> 84000 | D57: =30000+54000 -> 84000 | E57: =54000 -> 54000 | F57: =50000+54000 -> 104000 | G57: =30000+54000 -> 84000 | H57: =54000 -> 54000 | I57: =54000 -> 54000 | J57: =54000 -> 54000 | K57: =54000 -> 54000 | L57: =30000+54000 -> 84000 | M57: =54000 -> 54000 | N57: =SUM(B57:M57) -> 1218000
A58: Премии к праздникам | C58: 150000 | M58: 150000 | N58: =SUM(B58:M58) -> 300000
A59: Мат. помощь к отпуску, компенсация услуг связи | B59: 4580 | C59: 4580 | D59: 4580 | E59: 4580 | F59: =40000+4580 -> 44580 | G59: =44000+4580 -> 48580 | H59: =44000+4580 -> 48580 | I59: =44000+4580 -> 48580 | J59: 4580 | K59: 4580 | L59: 4580 | M59: 4580 | N59: =SUM(B59:M59) -> 226960
A60: Взносы в фонды с зарплаты | B60: =SUM(B8,B22,B25,B31,B37,B57,B58)*0.302 -> 1060251 | C60: =SUM(C8,C22,C25,C31,C37,C57,C58)*0.302 -> 993811.03 | D60: =SUM(D8,D22,D25,D31,D37,D57,D58)*0.302 -> 948511.03 | E60: =SUM(E8,E22,E25,E31,E37,E57,E58)*0.302 -> 939451.03 | F60: =SUM(F8,F22,F25,F31,F37,F57,F58)*0.302 -> 954551.03 | G60: =SUM(G8,G22,G25,G31,G37,G57,G58)*0.302 -> 948511.03 | H60: =SUM(H8,H22,H25,H31,H37,H57,H58)*0.302 -> 939451.03 | I60: =SUM(I8,I22,I25,I31,I37,I57,I58)*0.302 -> 939451.03 | ... N60: =SUM(N8,N22,N25,N31,N37,N57,N58)*0.302 -> 11536152

Sheet 2-0012
A1: Бюджет
F2: 2-0012
A3: Данная статья отражает взносы в ПФ, ФСС, ФОМС (30.2%), начисленные с фонда оплаты труда штатных сотрудников НП Зеленый Мыс
C5: янв | D5: фев | E5: мар | F5: апр | G5: май | H5: июн | I5: июл | J5: авг | K5: сен | L5: окт | M5: ноя | N5: дек
A6: Страховые взносы | B6: =SUM(C6:N6) -> 11536152 | C6: ='2-0011'!B60 -> 1060251 | D6: ='2-0011'!C60 -> 993811.03 | E6: ='2-0011'!D60 -> 948511.03 | F6: ='2-0011'!E60 -> 939451.03 | G6: ='2-0011'!F60 -> 954551.03 | H6: ='2-0011'!G60 -> 948511.03 | I6: ='2-0011'!H60 -> 939451.03 | J6: ='2-0011'!I60 -> 939451.03 | ... N6: ='2-0011'!M60 -> 984751.03

Sheet 2-0013
A1: Бюджет
C2: 2-0013
A3: В данной статье отражены следующие расходы:
A4: 1. ЭДО Контур-Экстерн
A5: 2. Оплата за доступ к системе Главбух
A6: 3. Правовая система Консультант Плюс ( юрист )
C7: янв | D7: фев | E7: мар | F7: апр | G7: май | H7: июн | I7: июл | J7: авг | K7: сен | L7: окт | M7: ноя | N7: дек
A8: Консультационные и информационные услуги | B8: =SUM(C8:N8) -> 242500 | C8: =SUM(C10:C12) -> 0 | D8: =SUM(D10:D12) -> 145000 | E8: =SUM(E10:E12) -> 0 | F8: =SUM(F10:F12) -> 0 | G8: =SUM(G10:G12) -> 0 | H8: =SUM(H10:H12) -> 0 | I8: =SUM(I10:I12) -> 13700 | J8: =SUM(J10:J12) -> 55000 | ... N8: =SUM(N10:N12) -> 21000
A10: Контур-Экстерн | I10: 13700 | L10: 7800 | N10: 21000
A11: Система Главбух | D11: 90000
A12: Правовая система Консультант Плюс | D12: 55000 | J12: 55000

Sheet 2-0014
A1: Бюджет | F1: 2-0014
A2: В данной статье заложены расходы на покупку расходных материалов и комплектующих для компьютерной и оргтехники, покупка новой оргтехники
C4: янв | D4: фев | E4: мар | F4: апр | G4: май | H4: июн | I4: июл | J4: авг | K4: сен | L4: окт | M4: ноя | N4: дек
A5: Обслуживание компьютерного оборудования | B5: =SUM(C5:N5) -> 672000 | C5: =SUM(C6:C7) -> 62000 | D5: =SUM(D6:D7) -> 50000 | E5: =SUM(E6:E7) -> 62000 | F5: =SUM(F6:F7) -> 50000 | G5: =SUM(G6:G7) -> 62000 | H5: =SUM(H6:H7) -> 50000 | I5: =SUM(I6:I7) -> 62000 | J5: =SUM(J6:J7) -> 50000 | ... N5: =SUM(N6:N7) -> 50000
A6: Покупка , ремонт, расх. материалы | C6: 12000 | E6: 12000 | G6: 12000 | I6: 12000 | K6: 12000 | M6: 12000
A7: Оплата сис. Администратору по договору | C7: 50000 | D7: 50000 | E7: 50000 | F7: 50000 | G7: 50000 | H7: 50000 | I7: 50000 | J7: 50000 | K7: 50000 | L7: 50000 | M7: 50000 | N7: 50000

Sheet 2-0015
A1: Бюджет | F1: 2-0015
A2: В данной статье заложены расходы на покупку канцелярских и хозяйственных товаров для нужд НП, ремонт помещений офиса, здания администрации
C4: янв | D4: фев | E4: мар | F4: апр | G4: май | H4: июн | I4: июл | J4: авг | K4: сен | L4: окт | M4: ноя | N4: дек
A5: Хозяйственные расходы (канцтовары, хозтовары, ремонт помещений) | B5: =SUM(C5:N5) -> 180000 | C5: 15000 | D5: 15000 | E5: 15000 | F5: 15000 | G5: 15000 | H5: 15000 | I5: 15000 | J5: 15000 | K5: 15000 | L5: 15000 | M5: 15000 | N5: 15000

Sheet 2-0016
A1: Бюджет | F1: 2-0016
A3: НП Зеленый Мыс арендует помещения у компаний ООО Релакс-сервис , ООО Эллинг и ООО УКН .
A4: Аренда помещений охраны , диспетчера и кассы в зданиии административно-хозяйственного комплекса у ООО "Релакс-Сервис"
A5: Аренда помещения для офиса и производственных площадок у ООО "ЭЛЛИНГ"
A6: Аренда помещения для серверной у ООО "УКН"
C8: янв | D8: фев | E8: мар | F8: апр | G8: май | H8: июн | I8: июл | J8: авг | K8: сен | L8: окт | M8: ноя | N8: дек
A9: Аренда помещений | B9: =SUM(C9:N9) -> 2676247.1 | C9: =SUM(C10:C12) -> 216924.38 | D9: =SUM(D10:D12) -> 216924.38 | E9: =SUM(E10:E12) -> 216924.38 | F9: =SUM(F10:F12) -> 216924.38 | G9: =SUM(G10:G12) -> 226068.7 | H9: =SUM(H10:H12) -> 226068.7 | I9: =SUM(I10:I12) -> 226068.7 | J9: =SUM(J10:J12) -> 226068.7 | ... N9: =SUM(N10:N12) -> 226068.7
A10: АХК | C10: 33038 | D10: 33038 | E10: 33038 | F10: 33038 | G10: 33038 | H10: 33038 | I10: 33038 | J10: 33038 | K10: 33038 | L10: 33038 | M10: 33038 | N10: 33038
A11: Эллинг КТО | C11: 182886.38 | D11: 182886.38 | E11: 182886.38 | F11: 182886.38 | G11: 192030.7 | H11: 192030.7 | I11: 192030.7 | J11: 192030.7 | K11: 192030.7 | L11: 192030.7 | M11: 192030.7 | N11: 192030.7
A12: Серверная КРК | C12: 1000 | D12: 1000 | E12: 1000 | F12: 1000 | G12: 1000 | H12: 1000 | I12: 1000 | J12: 1000 | K12: 1000 | L12: 1000 | M12: 1000 | N12: 1000

Sheet 2-0017
A1: Бюджет | F1: 2-0017
A3: Теплоснабжение и горячая вода от ООО Релакс-сервис и ТО теплового оборудования по Договору ТСН-РС/НП от 01.10.2016г. Аренда биокабин на прогулочной зоне.
C6: янв | D6: фев | E6: мар | F6: апр | G6: май | H6: июн | I6: июл | J6: авг | K6: сен | L6: окт | M6: ноя | N6: дек
A7: Коммунальные расходы | B7: =SUM(C7:N7) -> 1258772 | C7: =SUM(C8:C10) -> 155731 | D7: =SUM(D8:D10) -> 135731 | E7: =SUM(E8:E10) -> 135731 | F7: =SUM(F8:F10) -> 125731 | G7: =SUM(G8:G10) -> 95731 | H7: =SUM(H8:H10) -> 32731 | I7: =SUM(I8:I10) -> 31731 | J7: =SUM(J8:J10) -> 32731 | ... N7: =SUM(N8:N10) -> 155731
A8: Теплоснабжение и ГВС | C8: 130000 | D8: 110000 | E8: 110000 | F8: 100000 | G8: 70000 | H8: 7000 | I8: 6000 | J8: 7000 | K8: 70000 | L8: 100000 | M8: 110000 | N8: 130000
A9: Аренда биокабин | C9: 6500 | D9: 6500 | E9: 6500 | F9: 6500 | G9: 6500 | H9: 6500 | I9: 6500 | J9: 6500 | K9: 6500 | L9: 6500 | M9: 6500 | N9: 6500
A10: ТО теплового оборудования | C10: 19231 | D10: 19231 | E10: 19231 | F10: 19231 | G10: 19231 | H10: 19231 | I10: 19231 | J10: 19231 | K10: 19231 | L10: 19231 | M10: 19231 | N10: 19231

Sheet 2-0018
A1: Бюджет | F1: 2-0018
A3: Услуги связи НП Зеленый Мыс оказывает МТС ( офисная телефоны) и ОАО Вымпелком (телефон диспетчерской). Ежемесячные расходы составляют в среднем 11000-00. На почтовые услуги расходуется в среднем 3000-00 руб в месяц, интернет 1000 руб. мес.
C5: янв | D5: фев | E5: мар | F5: апр | G5: май | H5: июн | I5: июл | J5: авг | K5: сен | L5: окт | M5: ноя | N5: дек
A6: Услуги связи, интернет и почтовые услуги | B6: =SUM(C6:N6) -> 180000 | C6: 15000 | D6: 15000 | E6: 15000 | F6: 15000 | G6: 15000 | H6: 15000 | I6: 15000 | J6: 15000 | K6: 15000 | L6: 15000 | M6: 15000 | N6: 15000

Sheet 2-0019
A1: Бюджет | F1: 2-0019
A2: В данной статье собраны расходы на комиссии банку за РКО.
A3: Комиссии при оплате платежными картами через терминал диспетчера- 2.08%, через сайт НП Зеленый Мыс 1.8%, через приложение Домилэнд 1.15%
C6: янв | D6: фев | E6: мар | F6: апр | G6: май | H6: июн | I6: июл | J6: авг | K6: сен | L6: окт | M6: ноя | N6: дек
A7: Услуги банков | B7: =SUM(C7:N7) -> 840000 | C7: 70000 | D7: 70000 | E7: 70000 | F7: 70000 | G7: 70000 | H7: 70000 | I7: 70000 | J7: 70000 | K7: 70000 | L7: 70000 | M7: 70000 | N7: 70000

Sheet 2-0020
A1: Бюджет | F1: 2-0020
A3: В данной статье отражены расходы по получению выписок из ЕГРН о собственности на участки и жилье жителей поселка. Компания Контур-Фокус оказывает услугу по получению выписок. Ежегодный платеж составляет 55000-00 руб.
B6: 2020г. | C6: янв | D6: фев | E6: мар | F6: апр | G6: май | H6: июн | I6: июл | J6: авг | K6: сен | L6: окт | M6: ноя | N6: дек
A7: Кадастрирование, изыскания, выписки из ЕГРН | B7: =SUM(C7:N7) -> 55000 | K7: 55000

Sheet 2-0021
A1: Бюджет | F1: 2-0021
A3: Для учета хозяйственных операций и начисление услуг по ЖКХ используется программ 1с ЖКХ. Для получения консультаций по работе с программой заключен договор с компанией ООО ВДГБ.
A4: Для настройки программы 1с заключен договор со сторонним программистом ИП Ольховик
C7: янв | D7: фев | E7: мар | F7: апр | G7: май | H7: июн | I7: июл | J7: авг | K7: сен | L7: окт | M7: ноя | N7: дек
A8: Расходы на программное обеспечение | B8: =SUM(C8:N8) -> 331000 | C8: =SUM(C10:C15) -> 40000 | D8: =SUM(D10:D15) -> 15000 | E8: =SUM(E10:E15) -> 37000 | F8: =SUM(F10:F15) -> 15000 | G8: =SUM(G10:G15) -> 15000 | H8: =SUM(H10:H15) -> 40000 | I8: =SUM(I10:I15) -> 15000 | J8: =SUM(J10:J15) -> 15000 | ... N8: =SUM(N10:N15) -> 37000
A9: в том числе
A10: ВДГБ ( 12 мес.) | K10: 35000
A11: ИП Ольховик | C11: 15000 | D11: 15000 | E11: 15000 | F11: 15000 | G11: 15000 | H11: 15000 | I11: 15000 | J11: 15000 | K11: 15000 | L11: 15000 | M11: 15000 | N11: 15000
A12: Домилэнд (3 мес) | E12: 17000 | H12: 17000 | K12: 17000 | N12: 17000
A13: ТО и обновления кассовой техники ( 3мес.) | E13: 5000 | H13: 5000 | K13: 5000 | N13: 5000
A14: Ярус | H14: 3000
A15: Оплата домена, хостинга, | C15: 25000

Sheet 2-0022
A1: Бюджет | F1: 2-0022
C6: янв | D6: фев | E6: мар | F6: апр | G6: май | H6: июн | I6: июл | J6: авг | K6: сен | L6: окт | M6: ноя | N6: дек
A7: Юридические услуги | B7: =SUM(C7:N7) -> 150000 | C7: =SUM(C8:C9) -> 5000 | D7: =SUM(D8:D9) -> 20000 | E7: =SUM(E8:E9) -> 5000 | F7: =SUM(F8:F9) -> 20000 | G7: =SUM(G8:G9) -> 5000 | H7: =SUM(H8:H9) -> 20000 | I7: =SUM(I8:I9) -> 5000 | J7: =SUM(J8:J9) -> 20000 | ... N7: =SUM(N8:N9) -> 20000
A8: Услуги юристов по судебным искам к НП | D8: 20000 | F8: 20000 | H8: 20000 | J8: 20000 | L8: 20000 | N8: 20000
A9: Госпошлина за выдачу судебного приказа к должнику | C9: 5000 | E9: 5000 | G9: 5000 | I9: 5000 | K9: 5000 | M9: 5000

Sheet 2-0023
A1: Бюджет | F1: 2-0023
C5: янв | D5: фев | E5: мар | F5: апр | G5: май | H5: июн | I5: июл | J5: авг | K5: сен | L5: окт | M5: ноя | N5: дек
A6: Услуги сторонних контрагентов ( аутсафтинг) | B6: =SUM(C6:N6) -> 0 | C6: =SUM(C7:C7) -> 0 | D6: =SUM(D7:D7) -> 0 | E6: =SUM(E7:E7) -> 0 | F6: =SUM(F7:F7) -> 0 | G6: =SUM(G7:G7) -> 0 | H6: =SUM(H7:H7) -> 0 | I6: =SUM(I7:I7) -> 0 | J6: =SUM(J7:J7) -> 0 | ... N6: =SUM(N7:N7) -> 0

Sheet 2-0024
A1: Бюджет | F1: 2-0024
A2: НП Зеленый Мыс осуществляет коммерческую деятельность. Доход от коммерческой деятельности облагается по ставке 6% ( упрощенная система налогооблажения) и оплачивается ежеквартально
C5: янв | D5: фев | E5: мар | F5: апр | G5: май | H5: июн | I5: июл | J5: авг | K5: сен | L5: окт | M5: ноя | N5: дек
A6: Налог УСН | B6: =SUM(C6:N6) -> 800000 | E6: 200000 | F6: 200000 | I6: 200000 | L6: 200000

Sheet 2-0025
A1: Бюджет | F1: 2-0025
A3: НП Зеленый Мыс арендует земельный участок у компании ООО Эллинг для стоянки под технику. Стоимость аренды по требованию арендодателя 56857 руб в месяц.
C5: янв | D5: фев | E5: мар | F5: апр | G5: май | H5: июн | I5: июл | J5: авг | K5: сен | L5: окт | M5: ноя | N5: дек
A6: Аренда земельного участка | B6: =SUM(C6:N6) -> 740284.72 | C6: 59700.38 | D6: 59700.38 | E6: 59700.38 | F6: 59700.38 | G6: 62685.4 | H6: 62685.4 | I6: 62685.4 | J6: 62685.4 | K6: 62685.4 | L6: 62685.4 | M6: 62685.4 | N6: 62685.4

Sheet 2-0026
A1: Бюджет | F1: 2-0026
A2: Потери по электроэнергии составляют примерно 5% от общего объема потребленной электроэнергии. В данной статье они распределены равномерно по месяцам.
B6: 2020г. | C6: янв | D6: фев | E6: мар | F6: апр | G6: май | H6: июн | I6: июл | J6: авг | K6: сен | L6: окт | M6: ноя | N6: дек
A7: Потери по электроэнергии | B7: =SUM(C7:N7) -> 1200000 | C7: 100000 | D7: 100000 | E7: 100000 | F7: 100000 | G7: 100000 | H7: 100000 | I7: 100000 | J7: 100000 | K7: 100000 | L7: 100000 | M7: 100000 | N7: 100000

Sheet 2-0027
A1: Бюджет | F1: 2-0027
C3: янв | D3: фев | E3: мар | F3: апр | G3: май | H3: июн | I3: июл | J3: авг | K3: сен | L3: окт | M3: ноя | N3: дек
A4: ГСМ для ТС | B4: =SUM(C4:N4) -> 1770000 | C4: 240000 | D4: 240000 | E4: 240000 | F4: 170000 | G4: 60000 | H4: 60000 | I4: 170000 | J4: 60000 | K4: 60000 | L4: 170000 | M4: 60000 | N4: 240000

Sheet 2-0028
A1: Бюджет | F1: 2-0028
B3: НП оказывает услуги шиномонтажа жителям, сотрудникам и проч. на платной основе. 50% дохода НП выплачивает сотруднику по договору ГПХ.
C5: янв | D5: фев | E5: мар | F5: апр | G5: май | H5: июн | I5: июл | J5: авг | K5: сен | L5: окт | M5: ноя | N5: дек
A6: Шиномонтаж жителям | B6: =SUM(C6:N6) -> #REF! | C6: =SUM(C7:C7) -> #REF! | D6: =SUM(D7:D7) -> #REF! | E6: =SUM(E7:E7) -> #REF! | F6: =SUM(F7:F7) -> #REF! | G6: =SUM(G7:G7) -> #REF! | H6: =SUM(H7:H7) -> #REF! | I6: =SUM(I7:I7) -> #REF! | J6: =SUM(J7:J7) -> #REF! | ... N6: =SUM(N7:N7) -> #REF!
A7: ='2-0011'!#REF! -> #REF! | C7: ='2-0011'!#REF! -> #REF! | D7: ='2-0011'!#REF! -> #REF! | E7: ='2-0011'!#REF! -> #REF! | F7: ='2-0011'!#REF! -> #REF! | G7: ='2-0011'!#REF! -> #REF! | H7: ='2-0011'!#REF! -> #REF! | I7: ='2-0011'!#REF! -> #REF! | J7: ='2-0011'!#REF! -> #REF! | ... N7: ='2-0011'!#REF! -> #REF!

Sheet 2-0029
A1: Бюджет | F1: 2-0029
B3: 2020г. | C3: янв | D3: фев | E3: мар | F3: апр | G3: май | H3: июн | I3: июл | J3: авг | K3: сен | L3: окт | M3: ноя | N3: дек
A4: Транспорт ( аренда) | B4: =SUM(C4:N4) -> 124000 | C4: 15000 | F4: 15000 | G4: 16000 | H4: 16000 | I4: 15000 | J4: 16000 | K4: 16000 | L4: 15000

Sheet 2-0030
A1: Бюджет | F1: 2-0030
C2: янв | D2: фев | E2: мар | F2: апр | G2: май | H2: июн | I2: июл | J2: авг | K2: сен | L2: окт | M2: ноя | N2: дек
A3: Страхование ТС, транспортный налог | B3: =SUM(C3:N3) -> 106500 | C3: =SUM(C4:C5) -> 16000 | D3: =SUM(D4:D5) -> 7500 | E3: =SUM(E4:E5) -> 5000 | F3: =SUM(F4:F5) -> 26000 | G3: =SUM(G4:G5) -> 0 | H3: =SUM(H4:H5) -> 0 | I3: =SUM(I4:I5) -> 16000 | J3: =SUM(J4:J5) -> 0 | ... N3: =SUM(N4:N5) -> 0
A4: Транспортный налог | C4: 16000 | F4: 16000 | I4: 16000 | L4: 16000
A5: Страхование ТС | D5: 7500 | E5: 5000 | F5: 10000 | L5: 20000

Sheet 2-0031
A1: Бюджет | F1: 2-0031
C2: янв | D2: фев | E2: мар | F2: апр | G2: май | H2: июн | I2: июл | J2: авг | K2: сен | L2: окт | M2: ноя | N2: дек
A3: Техническое обслуживание ТС и мототехники ( ремонты, запчасти ) | B3: =SUM(C3:N3) -> 800000 | C3: 40000 | D3: 40000 | E3: 40000 | F3: 120000 | G3: 120000 | H3: 40000 | I3: 40000 | J3: 40000 | K3: 120000 | L3: 120000 | M3: 40000 | N3: 40000

Sheet 2-0032
A1: Бюджет | F1: 2-0032
C2: янв | D2: фев | E2: мар | F2: апр | G2: май | H2: июн | I2: июл | J2: авг | K2: сен | L2: окт | M2: ноя | N2: дек
A3: Покупка автомобиля | B3: =SUM(C3:N3) -> 0

Sheet 2-0033
A1: Бюджет | F1: 2-0033
C2: янв | D2: фев | E2: мар | F2: апр | G2: май | H2: июн | I2: июл | J2: авг | K2: сен | L2: окт | M2: ноя | N2: дек
A3: Ремонт дорожных покрытий | B3: =SUM(C3:N3) -> 50000 | F3: =SUM(F4:F4) -> 0 | G3: =SUM(G4:G4) -> 50000 | H3: =SUM(H4:H4) -> 0 | I3: =SUM(I4:I4) -> 0 | J3: =SUM(J4:J4) -> 0 | K3: =SUM(K4:K4) -> 0 | L3: =SUM(L4:L4) -> 0
A4: Ямочный ремонт | G4: 50000

Sheet 2-0034
A1: Бюджет | F1: 2-0034
C2: янв | D2: фев | E2: мар | F2: апр | G2: май | H2: июн | I2: июл | J2: авг | K2: сен | L2: окт | M2: ноя | N2: дек
A3: Привлечение дополнительной техники по уборке , чистке снега | B3: =SUM(C3:N3) -> 100000 | D3: 50000 | N3: 50000

Sheet 2-0035
A1: Бюджет | F1: 2-0035
C2: янв | D2: фев | E2: мар | F2: апр | G2: май | H2: июн | I2: июл | J2: авг | K2: сен | L2: окт | M2: ноя | N2: дек
A3: Песок, гранитная крошка, реагенты | B3: =SUM(C3:N3) -> 80000 | C3: 30000 | M3: 50000

Sheet 2-0036
A1: Бюджет | F1: 2-0036
C2: янв | D2: фев | E2: мар | F2: апр | G2: май | H2: июн | I2: июл | J2: авг | K2: сен | L2: окт | M2: ноя | N2: дек
A3: Устройство, ремонт детских, спортивных площадок. | B3: =SUM(C3:N3) -> 0 | C3: =SUM(C4:C6) -> 0 | D3: =SUM(D4:D6) -> 0 | E3: =SUM(E4:E6) -> 0 | F3: =SUM(F4:F6) -> 0 | G3: =SUM(G4:G6) -> 0 | H3: =SUM(H4:H6) -> 0 | I3: =SUM(I4:I6) -> 0 | J3: =SUM(J4:J6) -> 0 | ... N3: =SUM(N4:N6) -> 0
A4: Покраска детских площадок
A5: Сезонный ремонт теннисных кортов
A6: Ремонт хоккейной коробки ( замена бортиков, асфальтирование площадки)

Sheet 2-0037
A1: Бюджет | F1: 2-0037
C2: янв | D2: фев | E2: мар | F2: апр | G2: май | H2: июн | I2: июл | J2: авг | K2: сен | L2: окт | M2: ноя | N2: дек
A3: Восстановление цветников, газонов (в т.ч. обслуживание) озеленение. | B3: =SUM(C3:N3) -> 560000 | C3: =SUM(C4:C4) -> 0 | D3: =SUM(D4:D4) -> 0 | E3: =SUM(E4:E103) -> 0 | F3: =SUM(F4:F103) -> 70000 | G3: =SUM(G4:G103) -> 70000 | H3: =SUM(H4:H103) -> 70000 | I3: =SUM(I4:I103) -> 70000 | J3: =SUM(J4:J103) -> 70000 | K3: =SUM(K4:K103) -> 70000 | L3: =SUM(L4:L103) -> 70000 | ... N3: =SUM(N4:N103) -> 0
A4: Закупка посадочного материала, удобрений, инструмента, подсадка, земля, мелиорация
A5: Услуги по озеленению | F5: 70000 | G5: 70000 | H5: 70000 | I5: 70000 | J5: 70000 | K5: 70000 | L5: 70000 | M5: 70000

Sheet 2-0038
A1: Бюджет | F1: 2-0038
C2: янв | D2: фев | E2: мар | F2: апр | G2: май | H2: июн | I2: июл | J2: авг | K2: сен | L2: окт | M2: ноя | N2: дек
A3: Санитарная обработка территорий | B3: =SUM(B4) -> 0 | C3: =SUM(C4) -> 0 | D3: =SUM(D4) -> 0 | E3: =SUM(E4) -> 0 | F3: =SUM(F4) -> 0 | G3: =SUM(G4) -> 0 | H3: =SUM(H4) -> 0 | I3: =SUM(I4) -> 0 | ... N3: =SUM(N4) -> 0
A4: Санитарная обработка территорий | B4: =SUM(C4:N4) -> 0

Sheet 2-0039
A1: Бюджет | F1: 2-0039
C2: янв | D2: фев | E2: мар | F2: апр | G2: май | H2: июн | I2: июл | J2: авг | K2: сен | L2: окт | M2: ноя | N2: дек
A3: Прочие расходы по благоустройству | B3: =SUM(C3:N3) -> 210000 | C3: 35000 | E3: 35000 | G3: 35000 | I3: 35000 | K3: 35000 | M3: 35000

Sheet 2-0040
A1: Бюджет | F1: 2-0040
B2: 2020г. | C2: янв | D2: фев | E2: мар | F2: апр | G2: май | H2: июн | I2: июл | J2: авг | K2: сен | L2: окт | M2: ноя | N2: дек
A3: Инвентарь, в т.ч. Обслуживание и ремонт газонокосилок | B3: =SUM(C3:N3) -> 130000 | C3: =SUM(C4:C11) -> 0 | D3: =SUM(D4:D11) -> 0 | E3: =SUM(E4:E11) -> 10000 | F3: =SUM(F4:F11) -> 20000 | G3: =SUM(G4:G11) -> 30000 | H3: =SUM(H4:H11) -> 20000 | I3: =SUM(I4:I11) -> 20000 | J3: =SUM(J4:J11) -> 10000 | ... N3: =SUM(N4:N11) -> 0
A4: Плановое обслуживание инвентаря | E4: 10000
A5: Плановое обслуживание инвентаря, закупка расходников | F5: 20000
A6: Плановое обслуживание инвентаря, ремонт крупных косилок | G6: 30000
A7: Плановое обслуживание инвентаря, закупка расходников | H7: 20000
A8: Плановое обслуживание инвентаря, закупка расходников | I8: 20000
A9: Плановое обслуживание инвентаря, закупка расходников | J9: 10000
A10: Плановое обслуживание инвентаря, закупка расходников | K10: 10000
A11: Плановое обслуживание инвентаря, закупка расходников | L11: 10000

Sheet 2-0041
A1: Бюджет | F1: 2-0041
C2: янв | D2: фев | E2: мар | F2: апр | G2: май | H2: июн | I2: июл | J2: авг | K2: сен | L2: окт | M2: ноя | N2: дек
A3: Покупка легкового автомобился для слубы главного инженера типа Ларгус | B3: =SUM(C3:N3) -> 1800000 | D3: 1800000 | E3: 0 | G3: 0
E4: 0

Sheet 2-0042
A1: Бюджет | F1: 2-0042
C2: янв | D2: фев | E2: мар | F2: апр | G2: май | H2: июн | I2: июл | J2: авг | K2: сен | L2: окт | M2: ноя | N2: дек
A3: Вывоз мусора (фиксированная часть) | B3: =SUM(C3:N3) -> 3840000 | C3: 320000 | D3: 320000 | E3: 320000 | F3: 320000 | G3: 320000 | H3: 320000 | I3: 320000 | J3: 320000 | K3: 320000 | L3: 320000 | M3: 320000 | N3: 320000

Sheet 2-0043
A1: Бюджет | F1: 2-0043
C2: янв | D2: фев | E2: мар | F2: апр | G2: май | H2: июн | I2: июл | J2: авг | K2: сен | L2: окт | M2: ноя | N2: дек
A3: Вывоз мусора (переменная часть) | B3: =SUM(C3:N3) -> 2964000 | C3: =SUM(C4:C5) -> 100000 | D3: =SUM(D4:D5) -> 100000 | E3: =SUM(E4:E5) -> 120000 | F3: =SUM(F4:F5) -> 324000 | G3: =SUM(G4:G5) -> 324000 | H3: =SUM(H4:H5) -> 324000 | I3: =SUM(I4:I5) -> 324000 | J3: =SUM(J4:J5) -> 324000 | ... N3: =SUM(N4:N5) -> 100000
A4: Вывоз крупногабаритного мусора | E4: 120000 | F4: 324000 | G4: 324000 | H4: 324000 | I4: 324000 | J4: 324000 | K4: 324000 | L4: 300000 | M4: 300000
A5: Вывоз снега | C5: 100000 | D5: 100000 | N5: 100000

Sheet 2-0044
A1: Бюджет | F1: 2-0044
C2: янв | D2: фев | E2: мар | F2: апр | G2: май | H2: июн | I2: июл | J2: авг | K2: сен | L2: окт | M2: ноя | N2: дек
A3: Покупка мусорных мешков | B3: =SUM(C3:N3) -> 1050000 | C3: 105000 | D3: 105000 | F3: 105000 | G3: 105000 | H3: 105000 | I3: 105000 | J3: 105000 | L3: 105000 | M3: 105000 | N3: 105000

Sheet 2-0045
A1: Бюджет | F1: 2-0045
B3: 2020г. | C3: янв | D3: фев | E3: мар | F3: апр | G3: май | H3: июн | I3: июл | J3: авг | K3: сен | L3: окт | M3: ноя | N3: дек
A4: Биокабины | B4: =SUM(C4:N4) -> 50400 | C4: 4200 | D4: 4200 | E4: 4200 | F4: 4200 | G4: 4200 | H4: 4200 | I4: 4200 | J4: 4200 | K4: 4200 | L4: 4200 | M4: 4200 | N4: 4200

Sheet 2-0046
A1: Бюджет | F1: 2-0046
C2: янв | D2: фев | E2: мар | F2: апр | G2: май | H2: июн | I2: июл | J2: авг | K2: сен | L2: окт | M2: ноя | N2: дек
A3: Содержание прибрежной полосы( аренда, лицензия, проект) | B3: =SUM(C3:N3) -> 2360000 | C3: =SUM(C4:C8) -> 2030000 | D3: =SUM(D4:D8) -> 30000 | E3: =SUM(E4:E8) -> 30000 | F3: =SUM(F4:F8) -> 30000 | G3: =SUM(G4:G8) -> 30000 | H3: =SUM(H4:H8) -> 30000 | I3: =SUM(I4:I8) -> 30000 | J3: =SUM(J4:J8) -> 30000 | ... N3: =SUM(N4:N8) -> 30000
A5: Аренда лесоплосы | C5: 2000000
A6: Проект освоения лесов, Лесопатологич. Обследование, САН РУБКА
A7: Подготовка деклараций
A8: Расходы по НИКА-Стиль ( з/п директора, налоги) | C8: 30000 | D8: 30000 | E8: 30000 | F8: 30000 | G8: 30000 | H8: 30000 | I8: 30000 | J8: 30000 | K8: 30000 | L8: 30000 | M8: 30000 | N8: 30000

Sheet 2-0047
A1: Бюджет | F1: 2-0047
C2: янв | D2: фев | E2: мар | F2: апр | G2: май | H2: июн | I2: июл | J2: авг | K2: сен | L2: окт | M2: ноя | N2: дек
A3: Строительство и реконструкция объектов инфраструктуры | B3: =SUM(C3:N3) -> 0 | J3: 0
A4: Включить на 2021 год

Sheet 2-0048
A1: Бюджет | F1: 2-0048
C2: янв | D2: фев | E2: мар | F2: апр | G2: май | H2: июн | I2: июл | J2: авг | K2: сен | L2: окт | M2: ноя | N2: дек
A3: Договор на охрану поселка | B3: =SUM(C3:N3) -> 22800000 | C3: =SUM(C4:C5) -> 1900000 | D3: =SUM(D4:D5) -> 1900000 | E3: =SUM(E4:E5) -> 1900000 | F3: =SUM(F4:F5) -> 1900000 | G3: =SUM(G4:G5) -> 1900000 | H3: =SUM(H4:H5) -> 1900000 | I3: =SUM(I4:I5) -> 1900000 | J3: =SUM(J4:J5) -> 1900000 | ... N3: =SUM(N4:N5) -> 1900000
A4: Ежемесячный платеж | C4: 1900000 | D4: 1900000 | E4: 1900000 | F4: 1900000 | G4: 1900000 | H4: 1900000 | I4: 1900000 | J4: 1900000 | K4: 1900000 | L4: 1900000 | M4: 1900000 | N4: 1900000

Sheet 2-0049
A1: Бюджет | F1: 2-0049
C2: янв | D2: фев | E2: мар | F2: апр | G2: май | H2: июн | I2: июл | J2: авг | K2: сен | L2: окт | M2: ноя | N2: дек
A3: Обслуживание и ремонт КПП | B3: =SUM(C3:N3) -> 90000 | C3: =SUM(C4:C5) -> 15000 | D3: =SUM(D4:D5) -> 0 | E3: =SUM(E4:E5) -> 15000 | F3: =SUM(F4:F5) -> 0 | G3: =SUM(G4:G5) -> 15000 | H3: =SUM(H4:H5) -> 0 | I3: =SUM(I4:I5) -> 15000 | J3: =SUM(J4:J5) -> 0 | ... N3: =SUM(N4:N5) -> 0
A4: Система контроля доступа КПП ( ТО) | C4: 15000 | E4: 15000 | G4: 15000 | I4: 15000 | K4: 15000 | M4: 15000
A5: Модернизация и обсл-ие СКУД (Ремонты, ТО, покпка новых шлагбаумов, модернизация КПП-3)

Sheet 2-0050
A1: Бюджет | F1: 2-0050
C2: янв | D2: фев | E2: мар | F2: апр | G2: май | H2: июн | I2: июл | J2: авг | K2: сен | L2: окт | M2: ноя | N2: дек
A3: Расходные материалы для изготовления пропусков | B3: =SUM(C3:N3) -> 30000 | E3: 10000 | J3: 10000 | N3: 10000

Sheet 2-0051
A1: Бюджет | F1: 2-0051
C2: янв | D2: фев | E2: мар | F2: апр | G2: май | H2: июн | I2: июл | J2: авг | K2: сен | L2: окт | M2: ноя | N2: дек
A3: Обслуживание камер системы видеонаблюдения (покупка и ремонт камер, ПО и сервер, работы) | B3: =SUM(C3:N3) -> 90000 | D3: 15000 | F3: 15000 | H3: 15000 | J3: 15000 | L3: 15000 | N3: 15000

Sheet 2-0052
A1: Бюджет | F1: 2-0052
C2: янв | D2: фев | E2: мар | F2: апр | G2: май | H2: июн | I2: июл | J2: авг | K2: сен | L2: окт | M2: ноя | N2: дек
A3: Модернизация и обсл-ие СКУД (Ремонты, ТО) | B3: =SUM(C3:N3) -> 90000 | F3: 30000 | J3: 30000 | N3: 30000

Sheet 2-0053
A1: Бюджет | F1: 2-0053
C2: янв | D2: фев | E2: мар | F2: апр | G2: май | H2: июн | I2: июл | J2: авг | K2: сен | L2: окт | M2: ноя | N2: дек
A3: Обслуживание ОПС (Ремонты, ТО ) | B3: =SUM(C3:N3) -> 240000 | C3: =SUM(C4:C5) -> 20000 | D3: =SUM(D4:D5) -> 20000 | E3: =SUM(E4:E5) -> 20000 | F3: =SUM(F4:F5) -> 20000 | G3: =SUM(G4:G5) -> 20000 | H3: =SUM(H4:H5) -> 20000 | I3: =SUM(I4:I5) -> 20000 | J3: =SUM(J4:J5) -> 20000 | ... N3: =SUM(N4:N5) -> 20000
A4: Ежемесячное ТО ОПС | C4: 15000 | D4: 15000 | E4: 15000 | F4: 15000 | G4: 15000 | H4: 15000 | I4: 15000 | J4: 15000 | K4: 15000 | L4: 15000 | M4: 15000 | N4: 15000
A5: оплата тревожной кнопки | C5: 5000 | D5: 5000 | E5: 5000 | F5: 5000 | G5: 5000 | H5: 5000 | I5: 5000 | J5: 5000 | K5: 5000 | L5: 5000 | M5: 5000 | N5: 5000

Sheet 2-0054
A1: Бюджет | F1: 2-0054
C2: янв | D2: фев | E2: мар | F2: апр | G2: май | H2: июн | I2: июл | J2: авг | K2: сен | L2: окт | M2: ноя | N2: дек
A3: Обслуживание сетей Хозяйтсвенно-бытовой канализации (Модернизация, ремонты, ТО) | B3: =SUM(C3:N3) -> 380000 | C3: =SUM(C4:C7) -> 40000 | D3: =SUM(D4:D7) -> 20000 | E3: =SUM(E4:E7) -> 20000 | F3: =SUM(F4:F7) -> 20000 | G3: =SUM(G4:G7) -> 40000 | H3: =SUM(H4:H7) -> 0 | I3: =SUM(I4:I7) -> 40000 | J3: =SUM(J4:J7) -> 20000 | ... N3: =SUM(N4:N7) -> 0
A4: Услуги манипулятора для очистки корзины КНС | C4: 20000 | D4: 20000 | F4: 20000 | G4: 20000 | I4: 20000 | J4: 20000 | L4: 20000 | M4: 20000
A5: Ремонт оборудования, ТО | L5: 100000
A6: Аварийный ремонт | C6: 20000 | E6: 20000 | G6: 20000 | I6: 20000 | K6: 20000 | M6: 20000

Sheet 2-0055
A1: Бюджет | F1: 2-0055
C2: янв | D2: фев | E2: мар | F2: апр | G2: май | H2: июн | I2: июл | J2: авг | K2: сен | L2: окт | M2: ноя | N2: дек
A3: Обслуживание сетей пож.водопровода (Модернизация, Ремонты, ТО, документация) | B3: =SUM(C3:N3) -> 60000 | G3: 30000 | K3: 30000

Sheet 2-0056
A1: Бюджет | F1: 2-0056
C2: янв | D2: фев | E2: мар | F2: апр | G2: май | H2: июн | I2: июл | J2: авг | K2: сен | L2: окт | M2: ноя | N2: дек
A3: Расходные материалы (инструменты, расходные материалы) | B3: =SUM(C3:N3) -> 135000 | C3: 30000 | D3: 15000 | G3: 15000 | I3: 15000 | J3: 15000 | L3: 15000 | M3: 15000 | N3: 15000

Sheet 2-0057
A1: Бюджет | F1: 2-0057
C2: янв | D2: фев | E2: мар | F2: апр | G2: май | H2: июн | I2: июл | J2: авг | K2: сен | L2: окт | M2: ноя | N2: дек
B3: =SUM(C3:N3) -> 40000 | C3: =SUM(C4:C8) -> 0 | D3: =SUM(D4:D8) -> 0 | E3: =SUM(E4:E8) -> 0 | F3: =SUM(F4:F8) -> 40000 | G3: =SUM(G4:G8) -> 0 | H3: =SUM(H4:H8) -> 0 | I3: =SUM(I4:I8) -> 0 | J3: =SUM(J4:J8) -> 0 | ... N3: =SUM(N4:N8) -> 0
A4: Восстановление ЛОСов (Сепараторы и фильтра доочистки для очистных сооружений ливневых стоков)
A5: Услуги илососа для удаления ила | F5: 40000

Sheet 2-0058
A1: Бюджет | F1: 2-0058
C2: янв | D2: фев | E2: мар | F2: апр | G2: май | H2: июн | I2: июл | J2: авг | K2: сен | L2: окт | M2: ноя | N2: дек
A3: Электрохозяйство (Аварийный ремонт, модернизация инженерных сооружений) | B3: =SUM(C3:N3) -> 300000 | C3: =SUM(C4:C9) -> 45000 | D3: =SUM(D4:D9) -> 15000 | E3: =SUM(E4:E9) -> 15000 | F3: =SUM(F4:F9) -> 55000 | G3: =SUM(G4:G9) -> 50000 | H3: =SUM(H4:H9) -> 0 | I3: =SUM(I4:I9) -> 30000 | J3: =SUM(J4:J9) -> 15000 | ... N3: =SUM(N4:N9) -> 15000
A4: Закупка средств защиты для электроустановок | F4: 30000
A5: Сдача на Демеркуризацию ламп (утилизация ртутьсодерожащих ламп) | G5: 20000
A6: Инструменты, материалы(лампочки, узо, автоматы и т.д.) | C6: 30000 | D6: 15000 | G6: 15000 | I6: 15000 | J6: 15000 | L6: 15000 | M6: 15000 | N6: 15000
A7: Устранение аварийных ситуаций в общепоселковых сетях | C7: 15000 | E7: 15000 | G7: 15000 | I7: 15000 | K7: 15000 | M7: 15000
A8: Испытания электрических кабелей и трансформаторных подстанций
A9: Закупка краски для покраски уличных силовых щитов | F9: 25000

Sheet 2-0059
A1: Бюджет | F1: 2-0059
B2: 2020г. | C2: янв | D2: фев | E2: мар | F2: апр | G2: май | H2: июн | I2: июл | J2: авг | K2: сен | L2: окт | M2: ноя | N2: дек
A3: Электрохозяйство ( Ремонт, модернизация инженерных сооружений) | B3: =SUM(C3:N3) -> 66000 | C3: =SUM(C6:C39) -> 0 | D3: =SUM(D6:D39) -> 0 | E3: =SUM(E6:E39) -> 0 | F3: =SUM(F6:F39) -> 0 | G3: =SUM(G6:G39) -> 35000 | H3: =SUM(H6:H39) -> 8000 | I3: =SUM(I6:I39) -> 15000 | J3: =SUM(J6:J39) -> 3000 | ... N3: =SUM(N6:N39) -> 0
A6: Закупка средств защиты для электроустановок | G6: 28000 | I6: 12000
A7: Закупка информационных плакатов | G7: 3000 | H7: 3000 | I7: 3000 | J7: 3000
A8: Инструменты(Акумулятор на шуруповерт, сверла и т.д.) | G8: 4000 | H8: 5000 | K8: 5000

Sheet 2-0060
A1: Бюджет | F1: 2-0060
C2: янв | D2: фев | E2: мар | F2: апр | G2: май | H2: июн | I2: июл | J2: авг | K2: сен | L2: окт | M2: ноя | N2: дек
A3: Обслуживание сетей нар.освещения (Ремонты, ТО, документация) | B3: =SUM(C3:N3) -> 200000 | C3: =SUM(C4:C29) -> 0 | D3: =SUM(D4:D29) -> 0 | E3: =SUM(E4:E29) -> 0 | F3: =SUM(F4:F29) -> 0 | G3: =SUM(G4:G29) -> 0 | H3: =SUM(H4:H29) -> 0 | I3: =SUM(I4:I29) -> 0 | J3: =SUM(J4:J29) -> 0 | ... M3: =SUM(M4:M29) -> 0 | N3: =SUM(N7) -> 200000
A7: Подготовительные работы к Новому году | N7: 200000

Sheet 2-0061
A1: Бюджет | F1: 2-0061
C2: янв | D2: фев | E2: мар | F2: апр | G2: май | H2: июн | I2: июл | J2: авг | K2: сен | L2: окт | M2: ноя | N2: дек
A3: Мероприятия по переаттестации ( электробезопасность, работа на высоте, работник люльки) | B3: =SUM(C3:N3) -> 100000 | E3: 100000

Sheet 2-0062
A1: Бюджет | F1: 2-0062
C2: янв | D2: фев | E2: мар | F2: апр | G2: май | H2: июн | I2: июл | J2: авг | K2: сен | L2: окт | M2: ноя | N2: дек
A3: Имущественные налоги (земельный налог, окружающая среда) | B3: =SUM(C3:N3) -> 3186500 | C3: =SUM(C4:C11) -> 650000 | D3: =SUM(D4:D11) -> 107000 | E3: =SUM(E4:E11) -> 697000 | F3: =SUM(F4:F11) -> 0 | G3: =SUM(G4:G11) -> 0 | H3: =SUM(H4:H11) -> 650000 | I3: =SUM(I4:I11) -> 0 | J3: =SUM(J4:J11) -> 0 | ... N3: =SUM(N4:N11) -> 0
A4: Земельный налог | C4: 650000 | E4: 650000 | H4: 650000 | K4: 650000
A5: Разработка плана мероприятия по снижению выбрасов при наступлении неблагоприятных метерологических условий | D5: 77000
A6: Разработка нормативов допустимых выбрасов загрязняющих веществ в атмосферный воздух | L6: 180000
A7: оплата госпошлин для получения справок и заключение для согласование проекта НДВ в надзорных органах (ЦУГМС, ФБУЗ ЦГиЭ) | L7: 80000
A8: Отчет по программе экологического контроля (до 25.03.2021) | E8: 47000
A9: Замеры ПДВ замеры для организованных источников ИЗА | L9: 77500
A10: Подготовка и сдача 2ТП-отходы, расчет платы НВОС | M10: 95000
A11: Налог за негативное воздействие на окружающюю среду | D11: 30000

Sheet 2-0063
A1: Бюджет | F1: 2-0063
C2: янв | D2: фев | E2: мар | F2: апр | G2: май | H2: июн | I2: июл | J2: авг | K2: сен | L2: окт | M2: ноя | N2: дек
A3: Общепоселковые Мероприятия | B3: =SUM(C3:N3) -> 360000 | C3: =SUM(C4:C6) -> 80000 | D3: =SUM(D4:D6) -> 0 | E3: =SUM(E4:E6) -> 100000 | F3: =SUM(F4:F6) -> 0 | G3: =SUM(G4:G6) -> 100000 | H3: =SUM(H4:H6) -> 0 | I3: =SUM(I4:I6) -> 0 | J3: =SUM(J4:J6) -> 0 | ... N3: =SUM(N4:N6) -> 80000
A4: Закупка новогодних игрушек и гирлянд
A5: Проведение МЕРОПРИЯТИЙ (НГ, МАСЛЕНИЦА, 9 МАЯ) | C5: 80000 | E5: 100000 | G5: 100000 | N5: 80000

Sheet 2-0064
F1: 2-0064
C2: янв | D2: фев | E2: мар | F2: апр | G2: май | H2: июн | I2: июл | J2: авг | K2: сен | L2: окт | M2: ноя | N2: дек
A3: Обслуживание интернета | B3: =SUM(C3:N3) -> 0 | C3: =SUM(C5:C5) -> 0 | D3: =SUM(D5:D5) -> 0 | E3: =SUM(E5:E5) -> 0 | F3: =SUM(F5:F5) -> 0 | G3: =SUM(G5:G5) -> 0 | H3: =SUM(H5:H5) -> 0 | I3: =SUM(I5:I5) -> 0 | J3: =SUM(J5:J5) -> 0 | ... N3: =SUM(N5:N5) -> 0

Sheet 2-0065
A1: Бюджет | F1: 2-0065
C2: янв | D2: фев | E2: мар | F2: апр | G2: май | H2: июн | I2: июл | J2: авг | K2: сен | L2: окт | M2: ноя | N2: дек
A3: Модернизация, условия лицензирования | B3: =SUM(C3:N3) -> 0 | C3: =SUM(C5) -> 0 | D3: =SUM(D5) -> 0 | E3: =SUM(E5) -> 0 | F3: =SUM(F5) -> 0 | G3: =SUM(G5) -> 0 | H3: =SUM(H5) -> 0 | I3: =SUM(I5) -> 0 | J3: =SUM(J5) -> 0 | ... N3: =SUM(N5) -> 0
A5: Исполнение закона ФЗ-374 (приблизительно)
A7: С мая 2021г. Интернет-канал передается другому оператору

Sheet 2-0066
A1: Бюджет | F1: 2-0066
C2: янв | D2: фев | E2: мар | F2: апр | G2: май | H2: июн | I2: июл | J2: авг | K2: сен | L2: окт | M2: ноя | N2: дек
A3: Кондиционирование серверной | B3: =SUM(C3:N3) -> 0

Sheet 2-0067
A1: Бюджет | F1: 2-0067
C2: янв | D2: фев | E2: мар | F2: апр | G2: май | H2: июн | I2: июл | J2: авг | K2: сен | L2: окт | M2: ноя | N2: дек
A3: Проектирование и модернизация ВЗУ в т.ч. ТО | B3: =SUM(C3:N8) -> 820000 | C3: =SUM(C4:C8) -> 30000 | D3: =SUM(D4:D8) -> 0 | E3: =SUM(E4:E8) -> 50000 | F3: =SUM(F4:F8) -> 30000 | G3: =SUM(G4:G8) -> 50000 | H3: =SUM(H4:H8) -> 0 | I3: =SUM(I4:I8) -> 150000 | J3: =SUM(J4:J8) -> 0 | ... N3: =SUM(N4:N8) -> 20000
A4: Чистка и настройка блоков управления фильтрами, диагностика компрессоров | C4: 30000 | F4: 30000 | I4: 30000 | L4: 30000
A5: УФ лампы для замены на ВЗУ | I5: 50000
A6: Переоформление личных медицинских книжек сантехников | I6: 20000 | N6: 20000
A7: Пректирование и модернизация
A8: Локальная промывка питьевого трубопровода и полня промывка РЧВ | E8: 50000 | G8: 50000 | I8: 50000 | K8: 50000

Sheet 2-0068
A1: Бюджет | F1: 2-0068
C2: янв | D2: фев | E2: мар | F2: апр | G2: май | H2: июн | I2: июл | J2: авг | K2: сен | L2: окт | M2: ноя | N2: дек
A3: Водный налог | B3: =SUM(C3:N3) -> 100000 | C3: 25000 | F3: 25000 | I3: 25000 | L3: 25000

Sheet 2-0069
A1: Бюджет | F1: 2-0069
C2: янв | D2: фев | E2: мар | F2: апр | G2: май | H2: июн | I2: июл | J2: авг | K2: сен | L2: окт | M2: ноя | N2: дек
A3: Анализ воды | B3: =SUM(C3:N3) -> 300000 | C3: 25000 | D3: 25000 | E3: 25000 | F3: 25000 | G3: 25000 | H3: 25000 | I3: 25000 | J3: 25000 | K3: 25000 | L3: 25000 | M3: 25000 | N3: 25000

Sheet 2-0070
A1: Бюджет | F1: 2-0070
C2: янв | D2: фев | E2: мар | F2: апр | G2: май | H2: июн | I2: июл | J2: авг | K2: сен | L2: окт | M2: ноя | N2: дек
A3: Обслуживание сетей водоснабжения (материалы, инструмент, ремонт) | B3: =SUM(C3:N3) -> 210000 | C3: =SUM(C4:C5) -> 30000 | D3: =SUM(D4:D5) -> 15000 | E3: =SUM(E4:E5) -> 15000 | F3: =SUM(F4:F5) -> 0 | G3: =SUM(G4:G5) -> 30000 | H3: =SUM(H4:H5) -> 0 | I3: =SUM(I4:I5) -> 30000 | J3: =SUM(J4:J6) -> 15000 | K3: =SUM(K4:K5) -> 15000 | L3: =SUM(L4:L5) -> 15000 | M3: =SUM(M4:M5) -> 30000 | N3: =SUM(N4:N5) -> 15000
A4: Материалы и инструмент | C4: 15000 | D4: 15000 | G4: 15000 | I4: 15000 | J4: 15000 | L4: 15000 | M4: 15000 | N4: 15000
A5: Устранение аварийных ситуаций | C5: 15000 | E5: 15000 | G5: 15000 | I5: 15000 | K5: 15000 | M5: 15000

Sheet 2-0071
A1: Бюджет | F1: 2-0071
C2: янв | D2: фев | E2: мар | F2: апр | G2: май | H2: июн | I2: июл | J2: авг | K2: сен | L2: окт | M2: ноя | N2: дек
A3: Непредвиденные расходы | B3: =SUM(C3:N3) -> 600000 | C3: 50000 | D3: 50000 | E3: 50000 | F3: 50000 | G3: 50000 | H3: 50000 | I3: 50000 | J3: 50000 | K3: 50000 | L3: 50000 | M3: 50000 | N3: 50000

Sheet Лист1
